Workbook

Sheet SUMMARY
B2: Title: | D2: ='Primary Site'!B2 -> MINUTE | L2: NOTES
B3: PI: | D3: ='Primary Site'!B3 -> Mary Jo Pugh; David Tate | H3: ='Primary Site'!K9 -> Period | I3: ='Primary Site'!L9 -> Start Date | J3: ='Primary Site'!M9 -> End Date | L3: Maximum of $3.1M total costs Maximum period of performance is 4 years
B4: Type of Grant: | D4: ='Primary Site'!B1 -> DoD CDMRP Epilepsy Research Program Research Partnership Award | H4: ='Primary Site'!K10 -> 1 | I4: ='Primary Site'!L10 -> 44470 | J4: ='Primary Site'!M10 -> 44834
B5: Project Period: | D5: ='Primary Site'!B5 -> 4 | H5: ='Primary Site'!K11 -> 2 | I5: ='Primary Site'!L11 -> 44835 | J5: ='Primary Site'!M11 -> 45199
B6: Sponsor: | D6: ='Primary Site'!B6 -> DoD | H6: ='Primary Site'!K12 -> 3 | I6: ='Primary Site'!L12 -> 45200 | J6: ='Primary Site'!M12 -> 45565
B7: Due Date: | D7: ='Primary Site'!B8 -> 44033 | H7: ='Primary Site'!K13 -> 4 | I7: ='Primary Site'!L13 -> 45566 | J7: ='Primary Site'!M13 -> 45930
H8: ='Primary Site'!K14 | I8: ='Primary Site'!L14 | J8: ='Primary Site'!M14
H10: PRIMARY SITE
B13: KEY PERSONNEL | D13: ROLE | E13: 1 | F13: 2 | G13: 3 | H13: 4 | I13: 5 | J13: Total
C14: ='Primary Site'!A21 -> Mary Jo Pugh | D14: ='Primary Site'!B21 -> Co-PI | E14: ='Primary Site'!M21 -> 0.1 | F14: ='Primary Site'!S21 -> 0.15 | G14: ='Primary Site'!Y21 -> 0.15 | H14: ='Primary Site'!AE21 -> 0.15 | I14: ='Primary Site'!AK21 -> 0 | J14: ='Primary Site'!AO21 -> 162250.46
C15: ='Primary Site'!A22 -> David Tate | D15: ='Primary Site'!B22 -> Co-I | E15: ='Primary Site'!M22 -> 0.05 | F15: ='Primary Site'!S22 -> 0.15 | G15: ='Primary Site'!Y22 -> 0.2 | H15: ='Primary Site'!AE22 -> 0.2 | I15: ='Primary Site'!AK22 -> 0 | J15: ='Primary Site'!AO22 -> 131969.65
C16: ='Primary Site'!A23 -> Elizabeth Wilde | D16: ='Primary Site'!B23 -> Co-I | E16: ='Primary Site'!M23 -> 0.05 | F16: ='Primary Site'!S23 -> 0.15 | G16: ='Primary Site'!Y23 -> 0.15 | H16: ='Primary Site'!AE23 -> 0.1 | I16: ='Primary Site'!AK23 -> 0 | J16: ='Primary Site'!AO23 -> 119868.72
C17: ='Primary Site'!A24 -> Angela Peters | D17: ='Primary Site'!B24 -> Co-I | E17: ='Primary Site'!M24 -> 0.2 | F17: ='Primary Site'!S24 -> 0.2 | G17: ='Primary Site'!Y24 -> 0.2 | H17: ='Primary Site'!AE24 -> 0.2 | I17: ='Primary Site'!AK24 -> 0 | J17: ='Primary Site'!AO24 -> 0
C18: ='Primary Site'!A26 -> 0 | D18: ='Primary Site'!B26 -> 0 | E18: ='Primary Site'!M26 -> 0 | F18: ='Primary Site'!S26 -> 0 | G18: ='Primary Site'!Y26 -> 0 | H18: ='Primary Site'!AE26 -> 0 | I18: ='Primary Site'!AK26 -> 0 | J18: ='Primary Site'!AO26 -> 0
C19: ='Primary Site'!A27 -> 0 | D19: ='Primary Site'!B27 -> 0 | E19: ='Primary Site'!M27 -> 0 | F19: ='Primary Site'!S27 -> 0 | G19: ='Primary Site'!Y27 -> 0 | H19: ='Primary Site'!AE27 -> 0 | I19: ='Primary Site'!AK27 -> 0 | J19: ='Primary Site'!AO27 -> 0 | L19: Institution | M19: USU/HJF
C20: ='Primary Site'!A28 -> 0 | D20: ='Primary Site'!B28 -> 0 | E20: ='Primary Site'!M28 -> 0 | F20: ='Primary Site'!S28 -> 0 | G20: ='Primary Site'!Y28 -> 0 | H20: ='Primary Site'!AE28 -> 0 | I20: ='Primary Site'!AK28 -> 0 | J20: ='Primary Site'!AO28 -> 0 | L20: PI | M20: =HJF!B3 -> Kenney
C21: ='Primary Site'!A29 -> 0 | D21: ='Primary Site'!B29 -> 0 | E21: ='Primary Site'!M29 -> 0 | F21: ='Primary Site'!S29 -> 0 | G21: ='Primary Site'!Y29 -> 0 | H21: ='Primary Site'!AE29 -> 0 | I21: ='Primary Site'!AK29 -> 0 | J21: ='Primary Site'!AO29 -> 0 | L21: Project Period | M21: =HJF!B6 -> 4
C22: ='Primary Site'!A30 -> 0 | D22: ='Primary Site'!B30 -> 0 | E22: ='Primary Site'!M30 -> 0 | F22: ='Primary Site'!S30 -> 0 | G22: ='Primary Site'!Y30 -> 0 | H22: ='Primary Site'!AE30 -> 0 | I22: ='Primary Site'!AK30 -> 0 | J22: ='Primary Site'!AO30 -> 0 | M22: 1 | N22: 2 | O22: 3 | P22: 4 | Q22: 5 | R22: TOTAL
C23: ='Primary Site'!A31 -> 0 | D23: ='Primary Site'!B31 -> 0 | E23: ='Primary Site'!M31 -> 0 | F23: ='Primary Site'!S31 -> 0 | G23: ='Primary Site'!Y31 -> 0 | H23: ='Primary Site'!AE31 -> 0 | I23: ='Primary Site'!AK31 -> 0 | J23: ='Primary Site'!AO31 -> 0 | L23: Personnel Costs | M23: =HJF!K43 -> 15648 | N23: =HJF!Q43 -> 15960.96 | O23: =HJF!W43 -> 120600.18 | P23: =HJF!AC43 -> 123012.18 | Q23: =HJF!AI43 -> 0 | R23: =SUM(M23:Q23) -> 275221.32
C24: SUBTOTAL KEY PERSONNEL | E24: ='Primary Site'!P32 -> 52023.197 | F24: ='Primary Site'!V32 -> 115504.74 | G24: ='Primary Site'!AB32 -> 128828.51 | H24: ='Primary Site'!AH32 -> 117732.37 | I24: ='Primary Site'!AN32 -> 0 | J24: ='Primary Site'!AO32 -> 414088.83 | L24: Other Costs | M24: =HJF!K83 -> 14551 | N24: =HJF!Q83 -> 27976 | O24: =HJF!W83 -> 113476 | P24: =HJF!AC83 -> 92551 | Q24: =HJF!AI83 -> 0 | R24: =SUM(M24:Q24) -> 248554
B25: OTHER PERSONNEL | D25: ROLE | E25: 1 | F25: 2 | G25: 3 | H25: 4 | I25: 5 | J25: 6 | L25: Direct Costs | M25: =HJF!K84 -> 33199 | N25: =HJF!W84 -> 251076.18 | O25: =HJF!W84 -> 251076.18 | P25: =HJF!AC84 -> 218563.18 | Q25: =HJF!AI84 -> 0 | R25: =SUM(M25:Q25) -> 753914.54
C26: ='Primary Site'!A34 -> Eamonn | D26: ='Primary Site'!B34 -> Research Scientist | E26: ='Primary Site'!M34 -> 0.05 | F26: ='Primary Site'!S34 -> 0.2 | G26: ='Primary Site'!Y34 -> 0.2 | H26: ='Primary Site'!AE34 -> 0.2 | I26: ='Primary Site'!AK34 -> 0 | J26: ='Primary Site'!AO34 -> 87661.808 | L26: Indirect Costs | M26: =HJF!K87 -> 5828.303 | N26: =HJF!Q87 -> 8240.0952 | O26: =HJF!W87 -> 41620.505 | P26: =HJF!AC87 -> 38370.298 | Q26: =HJF!AI87 -> 0 | R26: =SUM(M26:Q26) -> 94059.201
C27: ='Primary Site'!A35 -> Megan Amuan | D27: ='Primary Site'!B35 -> Data Manager | E27: ='Primary Site'!M35 -> 0.1 | F27: ='Primary Site'!S35 -> 0 | G27: ='Primary Site'!Y35 -> 0 | H27: ='Primary Site'!AE35 -> 0 | I27: ='Primary Site'!AK35 -> 0 | J27: ='Primary Site'!AO35 -> 13260 | L27: Total Costs | M27: =HJF!K89 -> 40315.303 | N27: =HJF!Q89 -> 56998.055 | O27: =HJF!W89 -> 301895.68 | P27: =HJF!AC89 -> 265413.48 | Q27: =HJF!AI89 -> 0 | R27: =SUM(M27:Q27) -> 664622.52
C28: ='Primary Site'!A36 -> Ben Wade | D28: ='Primary Site'!B36 -> Research Scientist | E28: ='Primary Site'!M36 -> 0.05 | F28: ='Primary Site'!S36 -> 0.2 | G28: ='Primary Site'!Y36 -> 0.2 | H28: ='Primary Site'!AE36 -> 0.2 | I28: ='Primary Site'!AK36 -> 0 | J28: ='Primary Site'!AO36 -> 97102.31
C29: ='Primary Site'!A37 -> Carmen | D29: ='Primary Site'!B37 -> Research Coordinator | E29: ='Primary Site'!M37 -> 0.4 | F29: ='Primary Site'!S37 -> 1 | G29: ='Primary Site'!Y37 -> 1 | H29: ='Primary Site'!AE37 -> 0.6 | I29: ='Primary Site'!AK37 -> 0 | J29: ='Primary Site'!AO37 -> 241977.43 | L29: Institution | M29: U Penn
C30: ='Primary Site'!A38 -> Spencer Erikson | D30: ='Primary Site'!B38 -> Clinical RC | E30: ='Primary Site'!M38 -> 0.2 | F30: ='Primary Site'!S38 -> 0.5 | G30: ='Primary Site'!Y38 -> 0.5 | H30: ='Primary Site'!AE38 -> 0 | I30: ='Primary Site'!AK38 -> 0 | J30: ='Primary Site'!AO38 -> 72889.35 | L30: PI | M30: =Penn!B3 -> Diaz-Arrastia
C31: ='Primary Site'!A39 -> Silvia Padilla | D31: ='Primary Site'!B39 -> Database Analyst | E31: ='Primary Site'!M39 -> 0.1 | F31: ='Primary Site'!S39 -> 0.25 | G31: ='Primary Site'!Y39 -> 0.25 | H31: ='Primary Site'!AE39 -> 0.25 | I31: ='Primary Site'!AK39 -> 0 | J31: ='Primary Site'!AO39 -> 64207.718 | L31: Project Period | M31: =Penn!B6 -> 4
C32: ='Primary Site'!A40 -> Andrea Kalvesmaki | D32: ='Primary Site'!B40 -> Research Associate | E32: ='Primary Site'!M40 -> 0.4 | F32: ='Primary Site'!S40 -> 0.4 | G32: ='Primary Site'!Y40 -> 0.4 | H32: ='Primary Site'!AE40 -> 0.39 | I32: ='Primary Site'!AK40 -> 0 | J32: ='Primary Site'!AO40 -> 135137.57 | M32: 1 | N32: 2 | O32: 3 | P32: 4 | Q32: 5
C33: ='Primary Site'!A43 -> 0 | D33: ='Primary Site'!B43 -> 0 | E33: ='Primary Site'!M43 -> 0 | F33: ='Primary Site'!S43 -> 0 | G33: ='Primary Site'!Y43 -> 0 | H33: ='Primary Site'!AE43 -> 0 | I33: ='Primary Site'!AK43 -> 0 | J33: ='Primary Site'!AO43 -> 0 | L33: Personnel Costs | M33: =Penn!K43 -> 0 | N33: =Penn!Q43 -> 0 | O33: =Penn!W43 -> 0 | P33: =Penn!AC43 -> 0 | Q33: =Penn!AI43 -> 0
C34: ='Primary Site'!A44 -> 0 | D34: ='Primary Site'!B44 -> 0 | E34: ='Primary Site'!M44 -> 0 | F34: ='Primary Site'!S44 -> 0 | G34: ='Primary Site'!Y44 -> 0 | H34: ='Primary Site'!AE44 -> 0 | I34: ='Primary Site'!AK44 -> 0 | J34: ='Primary Site'!AO44 -> 0 | L34: Other Costs | M34: =Penn!K80 -> 0 | N34: =Penn!Q80 -> 0 | O34: =Penn!W80 -> 0 | P34: =Penn!AC80 -> 0 | Q34: =Penn!AI80 -> 0 | AE34: 0.3
C35: ='Primary Site'!A45 -> 0 | D35: ='Primary Site'!B45 -> 0 | E35: ='Primary Site'!M45 -> 0 | F35: ='Primary Site'!S45 -> 0 | G35: ='Primary Site'!Y45 -> 0 | H35: ='Primary Site'!AE45 -> 0 | I35: ='Primary Site'!AK45 -> 0 | J35: ='Primary Site'!AO45 -> 0 | L35: Direct Costs | M35: =Penn!K81 -> 0 | N35: =Penn!Q81 -> 0 | O35: =Penn!W81 -> 0 | P35: =Penn!AC81 -> 0 | Q35: =Penn!AI81 -> 0
C36: SUBTOTAL OTHER PERSONNEL | E36: ='Primary Site'!P49 -> 110354.88 | F36: ='Primary Site'!V49 -> 218062.94 | G36: ='Primary Site'!AB49 -> 222424.2 | H36: ='Primary Site'!AH49 -> 161394.16 | I36: ='Primary Site'!AN49 -> 0 | J36: ='Primary Site'!AO49 -> 712236.19 | L36: Indirect Costs | M36: =Penn!K83 -> 0 | N36: =Penn!Q83 -> 0 | O36: =Penn!W83 -> 0 | P36: =Penn!AC83 -> 0 | Q36: =Penn!AI83 -> 0
C37: TOTAL PERSONNEL BUDGET | E37: ='Primary Site'!P50 -> 162378.08 | F37: ='Primary Site'!V50 -> 333567.69 | G37: ='Primary Site'!AB50 -> 351252.72 | H37: ='Primary Site'!AH50 -> 279126.53 | I37: ='Primary Site'!AN50 -> 0 | J37: ='Primary Site'!AO50 -> 1126325 | L37: Total Costs | M37: =Penn!K84 -> 0 | N37: =Penn!Q84 -> 0 | O37: =Penn!W84 -> 0 | P37: =Penn!AC84 -> 0 | Q37: =Penn!AI84 -> 0
B38: OTHER DIRECT COSTS | E38: 1 | F38: 2 | G38: 3 | H38: 4 | I38: 5 | J38: Total
C39: Travel | E39: ='Primary Site'!P58 -> 5000 | F39: ='Primary Site'!V58 -> 8000 | G39: ='Primary Site'!AB58 -> 9500 | H39: ='Primary Site'!AH58 -> 9500 | I39: ='Primary Site'!AN58 -> 0 | J39: ='Primary Site'!AO58 -> 32000 | L39: Institution | M39: Pittsburgh VA
C40: Participant Support (Patient care costs?) | E40: ='Primary Site'!P94 -> 0 | F40: ='Primary Site'!V94 -> 0 | G40: ='Primary Site'!AB94 -> 0 | H40: ='Primary Site'!AH94 -> 0 | I40: ='Primary Site'!AN94 -> 0 | J40: ='Primary Site'!AO94 -> 0 | L40: PI | M40: ='Pitt Foundation'!B3 -> VanCott
C41: Subcontracts | E41: =M27+M37+M47 -> 49395.205 | F41: =N27+N37+N47 -> 80151.805 | G41: =O27+O37+O47 -> 325512.51 | H41: =P27+P37+P47 -> 289502.64 | I41: =Q27+Q37+Q47 -> 0 | J41: =SUM(E41:I41) -> 744562.16 | L41: Project Period | M41: ='Pitt Foundation'!B6 -> 4
C42: TOTAL OTHER | E42: ='Primary Site'!K98 -> 129025.21 | F42: ='Primary Site'!Q98 -> 163422.81 | G42: ='Primary Site'!W98 -> 415065.51 | H42: ='Primary Site'!AC98 -> 311535.64 | I42: ='Primary Site'!AI98 -> 0 | J42: ='Primary Site'!AO98 -> 1019049.2 | M42: 1 | N42: 2 | O42: 3 | P42: 4 | Q42: 5 | R42: TOTAL
L43: Personnel Costs | M43: ='Pitt Foundation'!K43 -> 6053.268 | N43: ='Pitt Foundation'!Q43 -> 15435.833 | O43: ='Pitt Foundation'!W43 -> 15744.55 | P43: ='Pitt Foundation'!AC43 -> 16059.441 | Q43: ='Pitt Foundation'!AI43 -> 0 | R43: =SUM(M43:Q43) -> 53293.093
B44: TOTAL COSTS | E44: 1 | F44: 2 | G44: 3 | H44: 4 | I44: 5 | J44: Total | L44: Other Costs | M44: ='Pitt Foundation'!K80 -> 0 | N44: ='Pitt Foundation'!Q80 -> 0 | O44: ='Pitt Foundation'!W80 -> 0 | P44: ='Pitt Foundation'!AC80 -> 0 | Q44: ='Pitt Foundation'!AI80 -> 0 | R44: =SUM(M44:Q44) -> 0
C45: DIRECT COSTS | E45: ='Primary Site'!K99 -> 404753.28 | F45: ='Primary Site'!Q99 -> 696340.49 | G45: ='Primary Site'!W99 -> 971818.23 | H45: ='Primary Site'!AC99 -> 682228.17 | I45: ='Primary Site'!AI99 -> 0 | J45: ='Primary Site'!AO99 -> 2755140.2 | L45: Direct Costs | M45: ='Pitt Foundation'!K81 -> 6053.268 | N45: ='Pitt Foundation'!Q81 -> 15435.833 | O45: ='Pitt Foundation'!W81 -> 15744.55 | P45: ='Pitt Foundation'!AC81 -> 16059.441 | Q45: ='Pitt Foundation'!AI81 -> 0 | R45: =SUM(M45:Q45) -> 53293.093
C46: INDIRECT COSTS | E46: ='Primary Site'!K101 -> 63437 | F46: ='Primary Site'!Q101 -> 104752 | G46: ='Primary Site'!W101 -> 109872 | H46: ='Primary Site'!AC101 -> 66763 | I46: ='Primary Site'!AI101 -> 0 | J46: ='Primary Site'!AO101 -> 344824 | L46: Indirect Costs | M46: ='Pitt Foundation'!K83 -> 3026.634 | N46: ='Pitt Foundation'!Q83 -> 7717.9167 | O46: ='Pitt Foundation'!W83 -> 7872.275 | P46: ='Pitt Foundation'!AC83 -> 8029.7205 | Q46: ='Pitt Foundation'!AI83 -> 0 | R46: =SUM(M46:Q46) -> 26646.546
C47: TOTAL COSTS | E47: ='Primary Site'!K102 -> 468190.28 | F47: ='Primary Site'!Q102 -> 801092.49 | G47: ='Primary Site'!W102 -> 1081690.2 | H47: ='Primary Site'!AC102 -> 748991.17 | I47: ='Primary Site'!AI102 -> 0 | J47: ='Primary Site'!AO102 -> 3099964.2 | L47: Total Costs | M47: ='Pitt Foundation'!K84 -> 9079.902 | N47: ='Pitt Foundation'!Q84 -> 23153.75 | O47: ='Pitt Foundation'!W84 -> 23616.825 | P47: ='Pitt Foundation'!AC84 -> 24089.162 | Q47: ='Pitt Foundation'!AI84 -> 0 | R47: =SUM(M47:Q47) -> 79939.639
V60: 146400
P65: 5000
P66: 500 | V66: 500 | AB66: 500 | AH66: 500
K73: Carla Dickinson

Sheet Primary Site
A1: Type of Grant: | B1: DoD CDMRP Epilepsy Research Program Research Partnership Award
A2: Title: | B2: MINUTE
A3: PI: | B3: Mary Jo Pugh; David Tate
A4: Start Date: | B4: 44470
A5: # of Years: | B5: 4
A6: Sponsor: | B6: DoD
A7: Salary Cap: | B7: None
A8: Due Date: | B8: 44033
A9: Benefit Rates | D9: F&A | K9: Period | L9: Start Date | M9: End Date
A10: Faculty | B10: 0.3 | D10: Year 1 | E10: 0.17 | K10: =IF($B$5>=1,1,"") -> 1 | L10: =IF(NOT(ISBLANK(B4)), B4, "") -> 44470 | M10: =IF(K10<>"",DATE(YEAR(L10)+1,MONTH(L10),DAY(L10)-1),"") -> 44834
A11: Grad Student | B11: 0.1 | D11: Year 2 | E11: 0.17 | K11: =IF($B$5>=2,2,"") -> 2 | L11: =IF(K11<>"",DATE(YEAR(L10)+1,MONTH(L10), DAY(L10)),"") -> 44835 | M11: =IF(K11<>"",DATE(YEAR(L11)+1,MONTH(L11),DAY(L11)-1),"") -> 45199
A12: Undergrad | B12: 0.1 | D12: Year 3 | E12: 0.17 | K12: 3 | L12: =IF(K12<>"",DATE(YEAR(L11)+1,MONTH(L11), DAY(L11)),"") -> 45200 | M12: =IF(K12<>"",DATE(YEAR(L12)+1,MONTH(L12),DAY(L12)-1),"") -> 45565
A13: Post-Doc | B13: 0.38 | D13: Year 4 | E13: 0.17 | K13: =IF($B$5>=4,4,"") -> 4 | L13: =IF(K13<>"",DATE(YEAR(L12)+1,MONTH(L12), DAY(L12)),"") -> 45566 | M13: =IF(K13<>"",DATE(YEAR(L13)+1,MONTH(L13),DAY(L13)-1),"") -> 45930
A14: Staff | B14: 0.62 | D14: Year 5 | E14: 0 | K14: =IF($B$5>=5,5,"") | L14: =IF(K14<>"",DATE(YEAR(L13)+1,MONTH(L13), DAY(L13)),"") | M14: =IF(K14<>"",DATE(YEAR(L14)+1,MONTH(L14),DAY(L14)-1),"")
D15: Check with department since PD fringe with benefts would be 52% - BMI, PHS it is 52% | P15: OUTYEARS
A16: Budget per year | K16: Year 1 | Q16: Year 2 MM/DD/YYYY | W16: Year 3 MM/DD/YYYY | AC16: Year 4 MM/DD/YYYY | AI16: Year 5 MM/DD/YYYY | AO16: Total All Years
K17: =CONCATENATE(TEXT($L10,"mm/dd/yyy")," - ",TEXT($M10,"mm/dd/yyyy")) -> 10/01/2021 - 09/30/2022 | Q17: =CONCATENATE(TEXT($L11,"mm/dd/yyy")," - ",TEXT($M11,"mm/dd/yyyy")) -> 10/01/2022 - 09/30/2023 | W17: =CONCATENATE(TEXT($L12,"mm/dd/yyy")," - ",TEXT($M12,"mm/dd/yyyy")) -> 10/01/2023 - 09/30/2024 | AC17: =CONCATENATE(TEXT($L13,"mm/dd/yyy")," - ",TEXT($M13,"mm/dd/yyyy")) -> 10/01/2024 - 09/30/2025 | AI17: =CONCATENATE(TEXT($L14,"mm/dd/yyy")," - ",TEXT($M14,"mm/dd/yyyy")) -> -
A18: Name | B18: Project Role | C18: PD Yrs Exp | D18: Benefit Rate Category | E18: Benefit Rate | F18: Appt. | I18: FTE | J18: Salary | K18: Salary or NIH cap | L18: Calendar Months | M18: Effort | N18: Requested support | O18: Benefits | P18: Total salary + benefits | Q18: Salary or NIH cap | R18: Calendar Months | S18: Effort | T18: Requested support | U18: Benefits | V18: Total salary + benefits | W18: Salary or NIH cap | X18: Calendar Months | Y18: Effort | Z18: Requested support | AA18: Benefits | AB18: Total salary + benefits | AC18: Salary or NIH cap | AD18: Calendar Months | AE18: Effort | AF18: Requested support | AG18: Benefits | AH18: Total salary + benefits | AI18: Salary or NIH cap | AJ18: Calendar Months | AK18: Effort | AL18: Requested support | AM18: Benefits | AN18: Total salary + benefits
F19: Cal. | G19: Acad. | H19: Summ.
A20: Key Personnel
A21: Mary Jo Pugh | B21: Co-PI | D21: Faculty | E21: 0.23 | F21: 12 | I21: 1 | J21: 232139 | K21: =IF(AND($B$7="DHHS",J21>'Stipends & Salary Caps'!$B$22),'Stipends & Salary Caps'!$B$22,IF(AND($B$7="PCORI",J21>'Stipends & Salary Caps'!$B$23),'Stipends & Salary Caps'!$B$23,J21)) -> 232139 | L21: =$F21*$I21*M21 -> 1.2 | M21: 0.1 | N21: =K21*(L21/12) -> 23213.9 | O21: =N21*E21 -> 5339.197 | P21: =N21+O21 -> 28553.097 | Q21: =K21*1.02 -> 236781.78 | R21: =$F21*$I21*S21 -> 1.8 | S21: =1.8/12 -> 0.15 | T21: =Q21*(R21/12) -> 35517.267 | U21: =T21*E21 -> 8168.9714 | V21: =T21+U21 -> 43686.238 | W21: =Q21*1.02 -> 241517.42 | X21: =$F21*$I21*Y21 -> 1.8 | Y21: 0.15 | Z21: =W21*(X21/12) -> 36227.612 | AA21: =Z21*E21 -> 8332.3508 | AB21: =Z21+AA21 -> 44559.963 | AC21: =W21*1.02 -> 246347.76 | AD21: =$F21*$I21*AE21 -> 1.8 | AE21: 0.15 | AF21: =AC21*(AD21/12) -> 36952.165 | AG21: =AF21*E21 -> 8498.9979 | AH21: =AF21+AG21 -> 45451.162 | AJ21: =$F21*$I21*AK21 -> 0 | AK21: 0 | AL21: =AI21*(AJ21/12) -> 0 | AM21: =AL21*E21 -> 0 | AN21: =AL21+AM21 -> 0 | AO21: =P21+V21+AB21+AH21+AN21 -> 162250.46
A22: David Tate | B22: Co-I | D22: Faculty | E22: 0.34 | F22: 12 | I22: 1 | J22: 158000 | K22: =IF(AND($B$7="DHHS",J22>'Stipends & Salary Caps'!$B$22),'Stipends & Salary Caps'!$B$22,IF(AND($B$7="PCORI",J22>'Stipends & Salary Caps'!$B$23),'Stipends & Salary Caps'!$B$23,J22)) -> 158000 | L22: =$F22*$I22*M22 -> 0.6 | M22: 0.05 | N22: =K22*(L22/12) -> 7900 | O22: =N22*E22 -> 2686 | P22: =N22+O22 -> 10586 | Q22: =K22*1.02 -> 161160 | R22: =$F22*$I22*S22 -> 1.8 | S22: 0.15 | T22: =Q22*(R22/12) -> 24174 | U22: =T22*E22 -> 8219.16 | V22: =T22+U22 -> 32393.16 | W22: =Q22*1.02 -> 164383.2 | X22: =$F22*$I22*Y22 -> 2.4 | Y22: 0.2 | Z22: =W22*(X22/12) -> 32876.64 | AA22: =Z22*E22 -> 11178.058 | AB22: =Z22+AA22 -> 44054.698 | AC22: =W22*1.02 -> 167670.86 | AD22: =$F22*$I22*AE22 -> 2.4 | AE22: 0.2 | AF22: =AC22*(AD22/12) -> 33534.173 | AG22: =AF22*E22 -> 11401.619 | AH22: =AF22+AG22 -> 44935.792 | AJ22: =$F22*$I22*AK22 -> 0 | AK22: 0 | AL22: =AI22*(AJ22/12) -> 0 | AM22: =AL22*E22 -> 0 | AN22: =AL22+AM22 -> 0 | AO22: =P22+V22+AB22+AH22+AN22 -> 131969.65
A23: Elizabeth Wilde | B23: Co-I | D23: Faculty | E23: 0.34 | F23: 12 | I23: 1 | J23: 192300 | K23: =IF(AND($B$7="DHHS",J23>'Stipends & Salary Caps'!$B$22),'Stipends & Salary Caps'!$B$22,IF(AND($B$7="PCORI",J23>'Stipends & Salary Caps'!$B$23),'Stipends & Salary Caps'!$B$23,J23)) -> 192300 | L23: =$F23*$I23*M23 -> 0.6 | M23: 0.05 | N23: =K23*(L23/12) -> 9615 | O23: =N23*E23 -> 3269.1 | P23: =N23+O23 -> 12884.1 | Q23: =K23*1.02 -> 196146 | R23: =$F23*$I23*S23 -> 1.8 | S23: 0.15 | T23: =Q23*(R23/12) -> 29421.9 | U23: =T23*E23 -> 10003.446 | V23: =T23+U23 -> 39425.346 | W23: =Q23*1.02 -> 200068.92 | X23: =$F23*$I23*Y23 -> 1.8 | Y23: 0.15 | Z23: =W23*(X23/12) -> 30010.338 | AA23: =Z23*E23 -> 10203.515 | AB23: =Z23+AA23 -> 40213.853 | AC23: =W23*1.02 -> 204070.3 | AD23: =$F23*$I23*AE23 -> 1.2 | AE23: 0.1 | AF23: =AC23*(AD23/12) -> 20407.03 | AG23: =AF23*E23 -> 6938.3901 | AH23: =AF23+AG23 -> 27345.42 | AJ23: =$F23*$I23*AK23 -> 0 | AK23: 0 | AL23: =AI23*(AJ23/12) -> 0 | AM23: =AL23*E23 -> 0 | AN23: =AL23+AM23 -> 0 | AO23: =P23+V23+AB23+AH23+AN23 -> 119868.72
A24: Angela Peters | B24: Co-I | D24: Faculty | E24: =VLOOKUP(D24,$A$10:$B$14,2,0) -> 0.3 | F24: 12 | I24: 1 | J24: 200000 | K24: 0 | L24: =$F24*$I24*M24 -> 2.4 | M24: 0.2 | N24: =K24*(L24/12) -> 0 | O24: =N24*E24 -> 0 | P24: =N24+O24 -> 0 | Q24: =(K24)*1.02 -> 0 | R24: =$F24*$I24*S24 -> 2.4 | S24: 0.2 | T24: =Q24*(R24/12) -> 0 | U24: =T24*E24 -> 0 | V24: =T24+U24 -> 0 | W24: =Q24*1.02 -> 0 | X24: 2.4 | Y24: 0.2 | Z24: =W24*(X24/12) -> 0 | AA24: =Z24*E24 -> 0 | AB24: =Z24+AA24 -> 0 | AC24: =W24*1.02 -> 0 | AD24: =$F24*$I24*AE24 -> 2.4 | AE24: 0.2 | AF24: =AC24*(AD24/12) -> 0 | AG24: =AF24*E24 -> 0 | AH24: =AF24+AG24 -> 0 | AJ24: =$F24*$I24*AK24 -> 0 | AK24: 0 | AL24: =AI24*(AJ24/12) -> 0 | AM24: =AL24*E24 -> 0 | AN24: =AL24+AM24 -> 0 | AO24: =P24+V24+AB24+AH24+AN24 -> 0
D25: Faculty | E25: =VLOOKUP(D25,$A$10:$B$14,2,0) -> 0.3 | F25: 12 | I25: 1 | K25: =IF(AND($B$7="DHHS",J25>'Stipends & Salary Caps'!$B$22),'Stipends & Salary Caps'!$B$22,IF(AND($B$7="PCORI",J25>'Stipends & Salary Caps'!$B$23),'Stipends & Salary Caps'!$B$23,J25)) -> 0 | L25: =$F25*$I25*M25 -> 0 | N25: =K25*(L25/12) -> 0 | O25: =N25*E25 -> 0 | P25: =N25+O25 -> 0 | Q25: =K25 -> 0 | R25: =$F25*$I25*S25 -> 0 | S25: =M25 -> 0 | T25: =Q25*(R25/12) -> 0 | U25: =T25*E25 -> 0 | V25: =T25+U25 -> 0 | W25: =K25 -> 0 | X25: =$F25*$I25*Y25 -> 0 | Y25: 0 | Z25: =W25*(X25/12) -> 0 | AA25: =Z25*E25 -> 0 | AB25: =Z25+AA25 -> 0 | AC25: =K25 -> 0 | AD25: =$F25*$I25*AE25 -> 0 | AE25: =Y25 -> 0 | AF25: =AC25*(AD25/12) -> 0 | AG25: =AF25*E25 -> 0 | AH25: =AF25+AG25 -> 0 | AJ25: =$F25*$I25*AK25 -> 0 | AK25: =AE25 -> 0 | AL25: =AI25*(AJ25/12) -> 0 | AM25: =AL25*E25 -> 0 | AN25: =AL25+AM25 -> 0 | AO25: =P25+V25+AB25+AH25+AN25 -> 0
D26: Faculty | E26: =VLOOKUP(D26,$A$10:$B$14,2,0) -> 0.3 | F26: 12 | I26: 1 | K26: =IF(AND($B$7="DHHS",J26>'Stipends & Salary Caps'!$B$22),'Stipends & Salary Caps'!$B$22,IF(AND($B$7="PCORI",J26>'Stipends & Salary Caps'!$B$23),'Stipends & Salary Caps'!$B$23,J26)) -> 0 | L26: =$F26*$I26*M26 -> 0 | N26: =K26*(L26/12) -> 0 | O26: =N26*E26 -> 0 | P26: =N26+O26 -> 0 | Q26: =K26 -> 0 | R26: =$F26*$I26*S26 -> 0 | S26: =M26 -> 0 | T26: =Q26*(R26/12) -> 0 | U26: =T26*E26 -> 0 | V26: =T26+U26 -> 0 | W26: =K26 -> 0 | X26: =$F26*$I26*Y26 -> 0 | Y26: =S26 -> 0 | Z26: =W26*(X26/12) -> 0 | AA26: =Z26*E26 -> 0 | AB26: =Z26+AA26 -> 0 | AC26: =K26 -> 0 | AD26: =$F26*$I26*AE26 -> 0 | AE26: =Y26 -> 0 | AF26: =AC26*(AD26/12) -> 0 | AG26: =AF26*E26 -> 0 | AH26: =AF26+AG26 -> 0 | AJ26: =$F26*$I26*AK26 -> 0 | AK26: =AE26 -> 0 | AL26: =AI26*(AJ26/12) -> 0 | AM26: =AL26*E26 -> 0 | AN26: =AL26+AM26 -> 0 | AO26: =P26+V26+AB26+AH26+AN26 -> 0
D27: Faculty | E27: =VLOOKUP(D27,$A$10:$B$14,2,0) -> 0.3 | F27: 12 | I27: 1 | K27: =IF(AND($B$7="DHHS",J27>'Stipends & Salary Caps'!$B$22),'Stipends & Salary Caps'!$B$22,IF(AND($B$7="PCORI",J27>'Stipends & Salary Caps'!$B$23),'Stipends & Salary Caps'!$B$23,J27)) -> 0 | L27: =$F27*$I27*M27 -> 0 | N27: =K27*(L27/12) -> 0 | O27: =N27*E27 -> 0 | P27: =N27+O27 -> 0 | Q27: =K27 -> 0 | R27: =$F27*$I27*S27 -> 0 | S27: =M27 -> 0 | T27: =Q27*(R27/12) -> 0 | U27: =T27*E27 -> 0 | V27: =T27+U27 -> 0 | W27: =K27 -> 0 | X27: =$F27*$I27*Y27 -> 0 | Y27: =S27 -> 0 | Z27: =W27*(X27/12) -> 0 | AA27: =Z27*E27 -> 0 | AB27: =Z27+AA27 -> 0 | AC27: =K27 -> 0 | AD27: =$F27*$I27*AE27 -> 0 | AE27: =Y27 -> 0 | AF27: =AC27*(AD27/12) -> 0 | AG27: =AF27*E27 -> 0 | AH27: =AF27+AG27 -> 0 | AJ27: =$F27*$I27*AK27 -> 0 | AK27: =AE27 -> 0 | AL27: =AI27*(AJ27/12) -> 0 | AM27: =AL27*E27 -> 0 | AN27: =AL27+AM27 -> 0 | AO27: =P27+V27+AB27+AH27+AN27 -> 0
D28: Faculty | E28: =VLOOKUP(D28,$A$10:$B$14,2,0) -> 0.3 | F28: 12 | I28: 1 | K28: =IF(AND($B$7="DHHS",J28>'Stipends & Salary Caps'!$B$22),'Stipends & Salary Caps'!$B$22,IF(AND($B$7="PCORI",J28>'Stipends & Salary Caps'!$B$23),'Stipends & Salary Caps'!$B$23,J28)) -> 0 | L28: =$F28*$I28*M28 -> 0 | N28: =K28*(L28/12) -> 0 | O28: =N28*E28 -> 0 | P28: =N28+O28 -> 0 | Q28: =K28 -> 0 | R28: =$F28*$I28*S28 -> 0 | S28: =M28 -> 0 | T28: =Q28*(R28/12) -> 0 | U28: =T28*E28 -> 0 | V28: =T28+U28 -> 0 | W28: =K28 -> 0 | X28: =$F28*$I28*Y28 -> 0 | Y28: =S28 -> 0 | Z28: =W28*(X28/12) -> 0 | AA28: =Z28*E28 -> 0 | AB28: =Z28+AA28 -> 0 | AC28: =K28 -> 0 | AD28: =$F28*$I28*AE28 -> 0 | AE28: =Y28 -> 0 | AF28: =AC28*(AD28/12) -> 0 | AG28: =AF28*E28 -> 0 | AH28: =AF28+AG28 -> 0 | AJ28: =$F28*$I28*AK28 -> 0 | AK28: =AE28 -> 0 | AL28: =AI28*(AJ28/12) -> 0 | AM28: =AL28*E28 -> 0 | AN28: =AL28+AM28 -> 0 | AO28: =P28+V28+AB28+AH28+AN28 -> 0
D29: Faculty | E29: =VLOOKUP(D29,$A$10:$B$14,2,0) -> 0.3 | F29: 12 | I29: 1 | K29: =IF(AND($B$7="DHHS",J29>'Stipends & Salary Caps'!$B$22),'Stipends & Salary Caps'!$B$22,IF(AND($B$7="PCORI",J29>'Stipends & Salary Caps'!$B$23),'Stipends & Salary Caps'!$B$23,J29)) -> 0 | L29: =$F29*$I29*M29 -> 0 | N29: =K29*(L29/12) -> 0 | O29: =N29*E29 -> 0 | P29: =N29+O29 -> 0 | Q29: =K29 -> 0 | R29: =$F29*$I29*S29 -> 0 | S29: =M29 -> 0 | T29: =Q29*(R29/12) -> 0 | U29: =T29*E29 -> 0 | V29: =T29+U29 -> 0 | W29: =K29 -> 0 | X29: =$F29*$I29*Y29 -> 0 | Y29: =S29 -> 0 | Z29: =W29*(X29/12) -> 0 | AA29: =Z29*E29 -> 0 | AB29: =Z29+AA29 -> 0 | AC29: =K29 -> 0 | AD29: =$F29*$I29*AE29 -> 0 | AE29: =Y29 -> 0 | AF29: =AC29*(AD29/12) -> 0 | AG29: =AF29*E29 -> 0 | AH29: =AF29+AG29 -> 0 | AJ29: =$F29*$I29*AK29 -> 0 | AK29: =AE29 -> 0 | AL29: =AI29*(AJ29/12) -> 0 | AM29: =AL29*E29 -> 0 | AN29: =AL29+AM29 -> 0 | AO29: =P29+V29+AB29+AH29+AN29 -> 0
D30: Faculty | E30: =VLOOKUP(D30,$A$10:$B$14,2,0) -> 0.3 | F30: 12 | I30: 1 | K30: =IF(AND($B$7="DHHS",J30>'Stipends & Salary Caps'!$B$22),'Stipends & Salary Caps'!$B$22,IF(AND($B$7="PCORI",J30>'Stipends & Salary Caps'!$B$23),'Stipends & Salary Caps'!$B$23,J30)) -> 0 | L30: =$F30*$I30*M30 -> 0 | N30: =K30*(L30/12) -> 0 | O30: =N30*E30 -> 0 | P30: =N30+O30 -> 0 | Q30: =K30 -> 0 | R30: =$F30*$I30*S30 -> 0 | S30: =M30 -> 0 | T30: =Q30*(R30/12) -> 0 | U30: =T30*E30 -> 0 | V30: =T30+U30 -> 0 | W30: =K30 -> 0 | X30: =$F30*$I30*Y30 -> 0 | Y30: =S30 -> 0 | Z30: =W30*(X30/12) -> 0 | AA30: =Z30*E30 -> 0 | AB30: =Z30+AA30 -> 0 | AC30: =K30 -> 0 | AD30: =$F30*$I30*AE30 -> 0 | AE30: =Y30 -> 0 | AF30: =AC30*(AD30/12) -> 0 | AG30: =AF30*E30 -> 0 | AH30: =AF30+AG30 -> 0 | AJ30: =$F30*$I30*AK30 -> 0 | AK30: =AE30 -> 0 | AL30: =AI30*(AJ30/12) -> 0 | AM30: =AL30*E30 -> 0 | AN30: =AL30+AM30 -> 0 | AO30: =P30+V30+AB30+AH30+AN30 -> 0
D31: Faculty | E31: =VLOOKUP(D31,$A$10:$B$14,2,0) -> 0.3 | F31: 12 | I31: 1 | K31: =IF(AND($B$7="DHHS",J31>'Stipends & Salary Caps'!$B$22),'Stipends & Salary Caps'!$B$22,IF(AND($B$7="PCORI",J31>'Stipends & Salary Caps'!$B$23),'Stipends & Salary Caps'!$B$23,J31)) -> 0 | L31: =$F31*$I31*M31 -> 0 | N31: =K31*(L31/12) -> 0 | O31: =N31*E31 -> 0 | P31: =N31+O31 -> 0 | Q31: =K31 -> 0 | R31: =$F31*$I31*S31 -> 0 | S31: =M31 -> 0 | T31: =Q31*(R31/12) -> 0 | U31: =T31*E31 -> 0 | V31: =T31+U31 -> 0 | W31: =K31 -> 0 | X31: =$F31*$I31*Y31 -> 0 | Y31: =S31 -> 0 | Z31: =W31*(X31/12) -> 0 | AA31: =Z31*E31 -> 0 | AB31: =Z31+AA31 -> 0 | AC31: =K31 -> 0 | AD31: =$F31*$I31*AE31 -> 0 | AE31: =Y31 -> 0 | AF31: =AC31*(AD31/12) -> 0 | AG31: =AF31*E31 -> 0 | AH31: =AF31+AG31 -> 0 | AJ31: =$F31*$I31*AK31 -> 0 | AK31: =AE31 -> 0 | AL31: =AI31*(AJ31/12) -> 0 | AM31: =AL31*E31 -> 0 | AN31: =AL31+AM31 -> 0 | AO31: =P31+V31+AB31+AH31+AN31 -> 0
A32: Total Key Personnel | N32: =SUM(N21:N31) -> 40728.9 | O32: =SUM(O21:O31) -> 11294.297 | P32: =SUM(P21:P31) -> 52023.197 | T32: =SUM(T21:T31) -> 89113.167 | U32: =SUM(U21:U31) -> 26391.577 | V32: =SUM(V21:V31) -> 115504.74 | Z32: =SUM(Z21:Z31) -> 99114.59 | AA32: =SUM(AA21:AA31) -> 29713.923 | AB32: =SUM(AB21:AB31) -> 128828.51 | AF32: =SUM(AF21:AF31) -> 90893.367 | AG32: =SUM(AG21:AG31) -> 26839.007 | AH32: =SUM(AH21:AH31) -> 117732.37 | AL32: =SUM(AL21:AL31) -> 0 | AM32: =SUM(AM21:AM31) -> 0 | AN32: =SUM(AN21:AN31) -> 0 | AO32: =SUM(AO21:AO31) -> 414088.83
A33: Other Personnel
A34: Eamonn | B34: Research Scientist | D34: Staff | E34: 0.3 | F34: 12 | I34: 1 | J34: 100000 | K34: =IF(D34="Grad Student",56000,IF(D34="Post-Doc",VLOOKUP(C34,'Stipends & Salary Caps'!$A$2:$B$10,2,1),'Primary Site'!J34)) -> 100000 | L34: =$F34*$I34*M34 -> 0.6 | M34: 0.05 | N34: =K34*(L34/12) -> 5000 | O34: =N34*E34 -> 1500 | P34: =N34+O34 -> 6500 | Q34: =K34*1.02 -> 102000 | R34: =$F34*$I34*S34 -> 2.4 | S34: 0.2 | T34: =Q34*(R34/12) -> 20400 | U34: =T34*E34 -> 6120 | V34: =T34+U34 -> 26520 | W34: =Q34*1.02 -> 104040 | X34: =$F34*$I34*Y34 -> 2.4 | Y34: 0.2 | Z34: =W34*(X34/12) -> 20808 | AA34: =Z34*E34 -> 6242.4 | AB34: =Z34+AA34 -> 27050.4 | AC34: =W34*1.02 -> 106120.8 | AD34: =$F34*$I34*AE34 -> 2.4 | AE34: 0.2 | AF34: =AC34*(AD34/12) -> 21224.16 | AG34: =AF34*E34 -> 6367.248 | AH34: =AF34+AG34 -> 27591.408 | AJ34: =$F34*$I34*AK34 -> 0 | AK34: 0 | AL34: =AI34*(AJ34/12) -> 0 | AM34: =AL34*E34 -> 0 | AN34: =AL34+AM34 -> 0 | AO34: =P34+V34+AB34+AH34+AN34 -> 87661.808
A35: Megan Amuan | B35: Data Manager | D35: Staff | E35: 0.3 | F35: 12 | I35: 1 | J35: 102000 | K35: =IF(D35="Grad Student",56000,IF(D35="Post-Doc",VLOOKUP(C35,'Stipends & Salary Caps'!$A$2:$B$10,2,1),'Primary Site'!J35)) -> 102000 | L35: =$F35*$I35*M35 -> 1.2 | M35: 0.1 | N35: =K35*(L35/12) -> 10200 | O35: =N35*E35 -> 3060 | P35: =N35+O35 -> 13260 | Q35: =K35*1.02 -> 104040 | R35: =$F35*$I35*S35 -> 0 | S35: 0 | T35: =Q35*(R35/12) -> 0 | U35: =T35*E35 -> 0 | V35: =T35+U35 -> 0 | W35: =Q35*1.02 -> 106120.8 | X35: =$F35*$I35*Y35 -> 0 | Y35: 0 | Z35: =W35*(X35/12) -> 0 | AA35: =Z35*E35 -> 0 | AB35: =Z35+AA35 -> 0 | AC35: =W35*1.02 -> 108243.22 | AD35: =$F35*$I35*AE35 -> 0 | AE35: 0 | AF35: =AC35*(AD35/12) -> 0 | AG35: =AF35*E35 -> 0 | AH35: =AF35+AG35 -> 0 | AJ35: =$F35*$I35*AK35 -> 0 | AK35: 0 | AL35: =AI35*(AJ35/12) -> 0 | AM35: =AL35*E35 -> 0 | AN35: =AL35+AM35 -> 0 | AO35: =P35+V35+AB35+AH35+AN35 -> 13260
A36: Ben Wade | B36: Research Scientist | D36: Staff | E36: 0.44 | F36: 12 | I36: 1 | J36: 100000 | K36: =IF(D36="Grad Student",56000,IF(D36="Post-Doc",VLOOKUP(C36,'Stipends & Salary Caps'!$A$2:$B$10,2,1),'Primary Site'!J36)) -> 100000 | L36: =$F36*$I36*M36 -> 0.6 | M36: 0.05 | N36: =K36*(L36/12) -> 5000 | O36: =N36*E36 -> 2200 | P36: =N36+O36 -> 7200 | Q36: =K36*1.02 -> 102000 | R36: =$F36*$I36*S36 -> 2.4 | S36: 0.2 | T36: =Q36*(R36/12) -> 20400 | U36: =T36*E36 -> 8976 | V36: =T36+U36 -> 29376 | W36: =Q36*1.02 -> 104040 | X36: =$F36*$I36*Y36 -> 2.4 | Y36: 0.2 | Z36: =W36*(X36/12) -> 20808 | AA36: =Z36*E36 -> 9155.52 | AB36: =Z36+AA36 -> 29963.52 | AC36: =W36*1.02 -> 106120.8 | AD36: =$F36*$I36*AE36 -> 2.4 | AE36: 0.2 | AF36: =AC36*(AD36/12) -> 21224.16 | AG36: =AF36*E36 -> 9338.6304 | AH36: =AF36+AG36 -> 30562.79 | AJ36: 0 | AK36: 0 | AL36: =AI36*(AJ36/12) -> 0 | AM36: =AL36*E36 -> 0 | AN36: =AL36+AM36 -> 0 | AO36: =P36+V36+AB36+AH36+AN36 -> 97102.31
A37: Carmen | B37: Research Coordinator | D37: Staff | E37: 0.1 | F37: 12 | I37: 1 | J37: 71027 | K37: =IF(D37="Grad Student",56000,IF(D37="Post-Doc",VLOOKUP(C37,'Stipends & Salary Caps'!$A$2:$B$10,2,1),'Primary Site'!J37)) -> 71027 | L37: =$F37*$I37*M37 -> 4.8 | M37: 0.4 | N37: =K37*(L37/12) -> 28410.8 | O37: =N37*E37 -> 2841.08 | P37: =N37+O37 -> 31251.88 | Q37: =K37*1.02 -> 72447.54 | R37: =$F37*$I37*S37 -> 12 | S37: 1 | T37: =Q37*(R37/12) -> 72447.54 | U37: =T37*E37 -> 7244.754 | V37: =T37+U37 -> 79692.294 | W37: =Q37*1.02 -> 73896.491 | X37: =$F37*$I37*Y37 -> 12 | Y37: =S37 -> 1 | Z37: =W37*(X37/12) -> 73896.491 | AA37: =Z37*E37 -> 7389.6491 | AB37: =Z37+AA37 -> 81286.14 | AC37: =W37*1.02 -> 75374.421 | AD37: =$F37*$I37*AE37 -> 7.2 | AE37: 0.6 | AF37: =AC37*(AD37/12) -> 45224.652 | AG37: =AF37*E37 -> 4522.4652 | AH37: =AF37+AG37 -> 49747.118 | AJ37: =$F37*$I37*AK37 -> 0 | AK37: 0 | AL37: =AI37*(AJ37/12) -> 0 | AM37: =AL37*E37 -> 0 | AN37: =AL37+AM37 -> 0 | AO37: =P37+V37+AB37+AH37+AN37 -> 241977.43
A38: Spencer Erikson | B38: Clinical RC | D38: Staff | E38: 0.58 | F38: 12 | I38: 1 | J38: 37500 | K38: =IF(D38="Grad Student",56000,IF(D38="Post-Doc",VLOOKUP(C38,'Stipends & Salary Caps'!$A$2:$B$10,2,1),'Primary Site'!J38)) -> 37500 | L38: =$F38*$I38*M38 -> 2.4 | M38: 0.2 | N38: =K38*(L38/12) -> 7500 | O38: =N38*E38 -> 4350 | P38: =N38+O38 -> 11850 | Q38: =K38*1.02 -> 38250 | R38: =12*S38 -> 6 | S38: 0.5 | T38: =Q38*(R38/12) -> 19125 | U38: =T38*E38 -> 11092.5 | V38: =T38+U38 -> 30217.5 | W38: =Q38*1.02 -> 39015 | X38: =12*Y38 -> 6 | Y38: =S38 -> 0.5 | Z38: =W38*(X38/12) -> 19507.5 | AA38: =Z38*E38 -> 11314.35 | AB38: =Z38+AA38 -> 30821.85 | AC38: =W38*1.02 -> 39795.3 | AD38: =$F38*$I38*AE38 -> 0 | AE38: 0 | AF38: =AC38*(AD38/12) -> 0 | AG38: =AF38*E38 -> 0 | AH38: =AF38+AG38 -> 0 | AJ38: =$F38*$I38*AK38 -> 0 | AK38: 0 | AL38: =AI38*(AJ38/12) -> 0 | AM38: =AL38*E38 -> 0 | AN38: =AL38+AM38 -> 0 | AO38: =P38+V38+AB38+AH38+AN38 -> 72889.35
A39: Silvia Padilla | B39: Database Analyst | D39: Staff | E39: 0.3 | F39: 12 | I39: 1 | J39: 56100 | K39: =55000*1.02 -> 56100 | L39: =$F39*$I39*M39 -> 1.2 | M39: 0.1 | N39: =K39*(L39/12) -> 5610 | O39: =N39*E39 -> 1683 | P39: =N39+O39 -> 7293 | Q39: =K39*1.02 -> 57222 | R39: =12*S39 -> 3 | S39: 0.25 | T39: =Q39*(R39/12) -> 14305.5 | U39: =T39*E39 -> 4291.65 | V39: =T39+U39 -> 18597.15 | W39: =Q39*1.02 -> 58366.44 | X39: =12*Y39 -> 3 | Y39: =S39 -> 0.25 | Z39: =W39*(X39/12) -> 14591.61 | AA39: =Z39*E39 -> 4377.483 | AB39: =Z39+AA39 -> 18969.093 | AC39: =W39*1.02 -> 59533.769 | AD39: =$F39*$I39*AE39 -> 3 | AE39: =Y39 -> 0.25 | AF39: =AC39*(AD39/12) -> 14883.442 | AG39: =AF39*E39 -> 4465.0327 | AH39: =AF39+AG39 -> 19348.475 | AO39: =P39+V39+AB39+AH39+AN39 -> 64207.718
A40: Andrea Kalvesmaki | B40: Research Associate | D40: Staff | E40: 0.1 | F40: 12 | I40: 1 | J40: =75000 -> 75000 | K40: 75000 | L40: =$F40*$I40*M40 -> 4.8 | M40: 0.4 | N40: =K40*(L40/12) -> 30000 | O40: =N40*E40 -> 3000 | P40: =N40+O40 -> 33000 | Q40: =K40*1.02 -> 76500 | R40: =$F40*$I40*S40 -> 4.8 | S40: 0.4 | T40: =Q40*(R40/12) -> 30600 | U40: =T40*E40 -> 3060 | V40: =T40+U40 -> 33660 | W40: =Q40*1.02 -> 78030 | X40: =$F40*$I40*Y40 -> 4.8 | Y40: =S40 -> 0.4 | Z40: =W40*(X40/12) -> 31212 | AA40: =Z40*E40 -> 3121.2 | AB40: =Z40+AA40 -> 34333.2 | AC40: =W40*1.02 -> 79590.6 | AD40: =$F40*$I40*AE40 -> 4.68 | AE40: 0.39 | AF40: =AC40*(AD40/12) -> 31040.334 | AG40: =AF40*E40 -> 3104.0334 | AH40: =AF40+AG40 -> 34144.367 | AJ40: =$F40*$I40*AK40 -> 0 | AK40: 0 | AL40: =AI40*(AJ40/12) -> 0 | AM40: =AL40*E40 -> 0 | AN40: =AL40+AM40 -> 0 | AO40: =P40+V40+AB40+AH40+AN40 -> 135137.57
D41: Staff | E41: =VLOOKUP(D41,$A$10:$B$14,2,0) -> 0.62 | F41: 12 | I41: 1 | J41: =IF(D41="Grad Student",56000,IF(D41="Post-Doc",VLOOKUP(C41,'Stipends & Salary Caps'!$A$2:$B$10,2,1),0)) -> 0 | K41: =IF(D41="Grad Student",56000,IF(D41="Post-Doc",VLOOKUP(C41,'Stipends & Salary Caps'!$A$2:$B$10,2,1),'Primary Site'!J41)) -> 0 | L41: =$F41*$I41*M41 -> 0 | M41: =IF(D41="Grad Student",0.5,0) -> 0 | N41: =K41*(L41/12) -> 0 | O41: =N41*E41 -> 0 | P41: =N41+O41 -> 0 | Q41: =IF(D41="Post-Doc",VLOOKUP(C41+1,'Stipends & Salary Caps'!$A$2:$B$10,2,1),'Primary Site'!K41) -> 0 | R41: =$F41*$I41*S41 -> 0 | S41: =M41 -> 0 | T41: =Q41*(R41/12) -> 0 | U41: =T41*E41 -> 0 | V41: =T41+U41 -> 0 | W41: =Q41*1.02 -> 0 | X41: =$F41*$I41*Y41 -> 0 | Y41: =S41 -> 0 | Z41: =W41*(X41/12) -> 0 | AA41: =Z41*E41 -> 0 | AB41: =Z41+AA41 -> 0 | AC41: =IF(D41="Post-Doc",VLOOKUP(C41+3,'Stipends & Salary Caps'!$A$2:$B$10,2,1),'Primary Site'!W41) -> 0 | AD41: =$F41*$I41*AE41 -> 0 | AE41: =Y41 -> 0 | AF41: =AC41*(AD41/12) -> 0 | AG41: =AF41*E41 -> 0 | AH41: =AF41+AG41 -> 0 | AJ41: =$F41*$I41*AK41 -> 0 | AK41: =AE41 -> 0 | AL41: =AI41*(AJ41/12) -> 0 | AM41: =AL41*E41 -> 0 | AN41: =AL41+AM41 -> 0 | AO41: =P41+V41+AB41+AH41+AN41 -> 0
D42: Staff | E42: =VLOOKUP(D42,$A$10:$B$14,2,0) -> 0.62 | F42: 12 | I42: 1 | J42: =IF(D42="Grad Student",56000,IF(D42="Post-Doc",VLOOKUP(C42,'Stipends & Salary Caps'!$A$2:$B$10,2,1),0)) -> 0 | K42: =IF(D42="Grad Student",56000,IF(D42="Post-Doc",VLOOKUP(C42,'Stipends & Salary Caps'!$A$2:$B$10,2,1),'Primary Site'!J42)) -> 0 | L42: =$F42*$I42*M42 -> 0 | M42: =IF(D42="Grad Student",0.5,0) -> 0 | N42: =K42*(L42/12) -> 0 | O42: =N42*E42 -> 0 | P42: =N42+O42 -> 0 | Q42: =IF(D42="Post-Doc",VLOOKUP(C42+1,'Stipends & Salary Caps'!$A$2:$B$10,2,1),'Primary Site'!K42) -> 0 | R42: =$F42*$I42*S42 -> 0 | S42: =M42 -> 0 | T42: =Q42*(R42/12) -> 0 | U42: =T42*E42 -> 0 | V42: =T42+U42 -> 0 | W42: =Q42*1.02 -> 0 | X42: =$F42*$I42*Y42 -> 0 | Y42: =S42 -> 0 | Z42: =W42*(X42/12) -> 0 | AA42: =Z42*E42 -> 0 | AB42: =Z42+AA42 -> 0 | AC42: =IF(D42="Post-Doc",VLOOKUP(C42+3,'Stipends & Salary Caps'!$A$2:$B$10,2,1),'Primary Site'!W42) -> 0 | AD42: =$F42*$I42*AE42 -> 0 | AE42: =Y42 -> 0 | AF42: =AC42*(AD42/12) -> 0 | AG42: =AF42*E42 -> 0 | AH42: =AF42+AG42 -> 0 | AJ42: =$F42*$I42*AK42 -> 0 | AK42: =AE42 -> 0 | AL42: =AI42*(AJ42/12) -> 0 | AM42: =AL42*E42 -> 0 | AN42: =AL42+AM42 -> 0 | AO42: =P42+V42+AB42+AH42+AN42 -> 0
D43: Staff | E43: =VLOOKUP(D43,$A$10:$B$14,2,0) -> 0.62 | F43: 12 | I43: 1 | J43: =IF(D43="Grad Student",56000,IF(D43="Post-Doc",VLOOKUP(C43,'Stipends & Salary Caps'!$A$2:$B$10,2,1),0)) -> 0 | K43: =IF(D43="Grad Student",56000,IF(D43="Post-Doc",VLOOKUP(C43,'Stipends & Salary Caps'!$A$2:$B$10,2,1),'Primary Site'!J43)) -> 0 | L43: =$F43*$I43*M43 -> 0 | M43: =IF(D43="Grad Student",0.5,0) -> 0 | N43: =K43*(L43/12) -> 0 | O43: =N43*E43 -> 0 | P43: =N43+O43 -> 0 | Q43: =IF(D43="Post-Doc",VLOOKUP(C43+1,'Stipends & Salary Caps'!$A$2:$B$10,2,1),'Primary Site'!K43) -> 0 | R43: =$F43*$I43*S43 -> 0 | S43: =M43 -> 0 | T43: =Q43*(R43/12) -> 0 | U43: =T43*E43 -> 0 | V43: =T43+U43 -> 0 | W43: =Q43*1.02 -> 0 | X43: =$F43*$I43*Y43 -> 0 | Y43: =S43 -> 0 | Z43: =W43*(X43/12) -> 0 | AA43: =Z43*E43 -> 0 | AB43: =Z43+AA43 -> 0 | AC43: =IF(D43="Post-Doc",VLOOKUP(C43+3,'Stipends & Salary Caps'!$A$2:$B$10,2,1),'Primary Site'!W43) -> 0 | AD43: =$F43*$I43*AE43 -> 0 | AE43: =Y43 -> 0 | AF43: =AC43*(AD43/12) -> 0 | AG43: =AF43*E43 -> 0 | AH43: =AF43+AG43 -> 0 | AJ43: =$F43*$I43*AK43 -> 0 | AK43: =AE43 -> 0 | AL43: =AI43*(AJ43/12) -> 0 | AM43: =AL43*E43 -> 0 | AN43: =AL43+AM43 -> 0 | AO43: =P43+V43+AB43+AH43+AN43 -> 0
D44: Staff | E44: =VLOOKUP(D44,$A$10:$B$14,2,0) -> 0.62 | F44: 12 | I44: 1 | J44: =IF(D44="Grad Student",56000,IF(D44="Post-Doc",VLOOKUP(C44,'Stipends & Salary Caps'!$A$2:$B$10,2,1),0)) -> 0 | K44: =IF(D44="Grad Student",56000,IF(D44="Post-Doc",VLOOKUP(C44,'Stipends & Salary Caps'!$A$2:$B$10,2,1),'Primary Site'!J44)) -> 0 | L44: =$F44*$I44*M44 -> 0 | M44: =IF(D44="Grad Student",0.5,0) -> 0 | N44: =K44*(L44/12) -> 0 | O44: =N44*E44 -> 0 | P44: =N44+O44 -> 0 | Q44: =IF(D44="Post-Doc",VLOOKUP(C44+1,'Stipends & Salary Caps'!$A$2:$B$10,2,1),'Primary Site'!K44) -> 0 | R44: =$F44*$I44*S44 -> 0 | S44: =M44 -> 0 | T44: =Q44*(R44/12) -> 0 | U44: =T44*E44 -> 0 | V44: =T44+U44 -> 0 | W44: =Q44*1.02 -> 0 | X44: =$F44*$I44*Y44 -> 0 | Y44: =S44 -> 0 | Z44: =W44*(X44/12) -> 0 | AA44: =Z44*E44 -> 0 | AB44: =Z44+AA44 -> 0 | AC44: =IF(D44="Post-Doc",VLOOKUP(C44+3,'Stipends & Salary Caps'!$A$2:$B$10,2,1),'Primary Site'!W44) -> 0 | AD44: =$F44*$I44*AE44 -> 0 | AE44: =Y44 -> 0 | AF44: =AC44*(AD44/12) -> 0 | AG44: =AF44*E44 -> 0 | AH44: =AF44+AG44 -> 0 | AJ44: =$F44*$I44*AK44 -> 0 | AK44: =AE44 -> 0 | AL44: =AI44*(AJ44/12) -> 0 | AM44: =AL44*E44 -> 0 | AN44: =AL44+AM44 -> 0 | AO44: =P44+V44+AB44+AH44+AN44 -> 0
D45: Staff | E45: =VLOOKUP(D45,$A$10:$B$14,2,0) -> 0.62 | F45: 12 | I45: 1 | J45: =IF(D45="Grad Student",56000,IF(D45="Post-Doc",VLOOKUP(C45,'Stipends & Salary Caps'!$A$2:$B$10,2,1),0)) -> 0 | K45: =IF(D45="Grad Student",56000,IF(D45="Post-Doc",VLOOKUP(C45,'Stipends & Salary Caps'!$A$2:$B$10,2,1),'Primary Site'!J45)) -> 0 | L45: =$F45*$I45*M45 -> 0 | M45: =IF(D45="Grad Student",0.5,0) -> 0 | N45: =K45*(L45/12) -> 0 | O45: =N45*E45 -> 0 | P45: =N45+O45 -> 0 | Q45: =IF(D45="Post-Doc",VLOOKUP(C45+1,'Stipends & Salary Caps'!$A$2:$B$10,2,1),'Primary Site'!K45) -> 0 | R45: =$F45*$I45*S45 -> 0 | S45: =M45 -> 0 | T45: =Q45*(R45/12) -> 0 | U45: =T45*E45 -> 0 | V45: =T45+U45 -> 0 | W45: =Q45*1.02 -> 0 | X45: =$F45*$I45*Y45 -> 0 | Y45: =S45 -> 0 | Z45: =W45*(X45/12) -> 0 | AA45: =Z45*E45 -> 0 | AB45: =Z45+AA45 -> 0 | AC45: =IF(D45="Post-Doc",VLOOKUP(C45+3,'Stipends & Salary Caps'!$A$2:$B$10,2,1),'Primary Site'!W45) -> 0 | AD45: =$F45*$I45*AE45 -> 0 | AE45: =Y45 -> 0 | AF45: =AC45*(AD45/12) -> 0 | AG45: =AF45*E45 -> 0 | AH45: =AF45+AG45 -> 0 | AJ45: =$F45*$I45*AK45 -> 0 | AK45: =AE45 -> 0 | AL45: =AI45*(AJ45/12) -> 0 | AM45: =AL45*E45 -> 0 | AN45: =AL45+AM45 -> 0 | AO45: =P45+V45+AB45+AH45+AN45 -> 0
A46: Post Docs | B46: =COUNTIF(D34:D45,"Post-Doc") -> 0 | L46: =$F46*$I46*M46 -> 0 | N46: =SUMIF($D$34:$D$45,"Post-Doc",N34:N45) -> 0 | O46: =SUMIF($D$34:$D$45,"Post-Doc",O34:O45) -> 0 | P46: =N46+O46 -> 0 | R46: =SUMIF($D$34:$D$45,"Post-Doc",$R$34:$R$45) -> 0 | T46: =SUMIF($D$34:$D$45,"Post-Doc",T34:T45) -> 0 | U46: =SUMIF($D$34:$D$45,"Post-Doc",U34:U45) -> 0 | V46: =T46+U46 -> 0 | W46: =Q46*1.02 -> 0 | X46: =SUMIF($D$34:$D$45,"Post-Doc",$X$34:$X$45) -> 0 | Z46: =SUMIF($D$34:$D$45,"Post-Doc",Z34:Z45) -> 0 | AA46: =SUMIF($D$34:$D$45,"Post-Doc",AA34:AA45) -> 0 | AB46: =Z46+AA46 -> 0 | AD46: =SUMIF($D$34:$D$45,"Post-Doc",$AD$34:$AD$45) -> 0 | AF46: =SUMIF($D$34:$D$45,"Post-Doc",AF34:AF45) -> 0 | AG46: =SUMIF($D$34:$D$45,"Post-Doc",AG34:AG45) -> 0 | AH46: =AF46+AG46 -> 0 | AJ46: =SUMIF($D$34:$D$45,"Post-Doc",$AJ$34:$AJ$45) -> 0 | AL46: =SUMIF($D$34:$D$45,"Post-Doc",AL34:AL45) -> 0 | AM46: =SUMIF($D$34:$D$45,"Post-Doc",AM34:AM45) -> 0 | AN46: =AL46+AM46 -> 0 | AO46: =P46+V46+AB46+AH46+AN46 -> 0
A47: Graduate Students | B47: =COUNTIF(D34:D45,"Grad Student") -> 0 | L47: =$F47*$I47*M47 -> 0 | N47: =SUMIF($D$34:$D$45,"Grad Student",N34:N45) -> 0 | O47: =SUMIF($D$34:$D$45,"Grad Student",O34:O45) -> 0 | P47: =N47+O47 -> 0 | R47: =SUMIF($D$34:$D$45,"Grad Student",$R$34:$R$45) -> 0 | T47: =SUMIF($D$34:$D$45,"Grad Student",T34:T45) -> 0 | U47: =SUMIF($D$34:$D$45,"Grad Student",U34:U45) -> 0 | V47: =T47+U47 -> 0 | W47: =Q47*1.02 -> 0 | X47: =SUMIF($D$34:$D$45,"Grad Student",$X$34:$X$45) -> 0 | Z47: =SUMIF($D$34:$D$45,"Grad Student",Z34:Z45) -> 0 | AA47: =SUMIF($D$34:$D$45,"Grad Student",AA34:AA45) -> 0 | AB47: =Z47+AA47 -> 0 | AD47: =SUMIF($D$34:$D$45,"Grad Student",$AD$34:$AD$45) -> 0 | AF47: =SUMIF($D$34:$D$45,"Grad Student",AF34:AF45) -> 0 | AG47: =SUMIF($D$34:$D$45,"Grad Student",AG34:AG45) -> 0 | AH47: =AF47+AG47 -> 0 | AJ47: =SUMIF($D$34:$D$45,"Grad Student",$AJ$34:$AJ$45) -> 0 | AL47: =SUMIF($D$34:$D$45,"Grad Student",AL34:AL45) -> 0 | AM47: =SUMIF($D$34:$D$45,"Grad Student",AM34:AM45) -> 0 | AN47: =AL47+AM47 -> 0 | AO47: =P47+V47+AB47+AH47+AN47 -> 0
A48: Undergraduate | B48: =COUNTIF(D34:D45,"Undergrad") -> 0 | L48: =$F48*$I48*M48 -> 0 | N48: =SUMIF($D$34:$D$45,"Undergrad",N34:N45) -> 0 | O48: =SUMIF($D$34:$D$45,"Undergrad",O34:O45) -> 0 | P48: =N48+O48 -> 0 | R48: =SUMIF($D$34:$D$45,"Undergrad",$R$34:$R$45) -> 0 | T48: =SUMIF($D$34:$D$45,"Undergrad",T34:T45) -> 0 | U48: =SUMIF($D$34:$D$45,"Undergrad",U34:U45) -> 0 | V48: =T48+U48 -> 0 | W48: =Q48*1.02 -> 0 | X48: =SUMIF($D$34:$D$45,"Undergrad",$X$34:$X$45) -> 0 | Z48: =SUMIF($D$34:$D$45,"Undergrad",Z26:Z45) -> 0 | AA48: =SUMIF($D$34:$D$45,"Undergrad",AA34:AA45) -> 0 | AB48: =Z48+AA48 -> 0 | AD48: =SUMIF($D$34:$D$45,"Undergrad",$AD$34:$AD$45) -> 0 | AF48: =SUMIF($D$34:$D$45,"Undergrad",AF34:AF45) -> 0 | AG48: =SUMIF($D$34:$D$45,"Undergrad",AG34:AG45) -> 0 | AH48: =AF48+AG48 -> 0 | AJ48: =SUMIF($D$34:$D$45,"Undergrad",$AJ$34:$AJ$45) -> 0 | AL48: =SUMIF($D$34:$D$45,"Undergrad",AL34:AL45) -> 0 | AM48: =SUMIF($D$34:$D$45,"Undergrad",AM34:AM45) -> 0 | AN48: =AL48+AM48 -> 0 | AO48: =P48+V48+AB48+AH48+AN48 -> 0
A49: Total Other Personnel | N49: =SUM(N34:N45) -> 91720.8 | O49: =SUM(O34:O45) -> 18634.08 | P49: =SUM(P34:P45) -> 110354.88 | T49: =SUM(T34:T45) -> 177278.04 | U49: =SUM(U34:U45) -> 40784.904 | V49: =SUM(V34:V45) -> 218062.94 | Z49: =SUM(Z34:Z45) -> 180823.6 | AA49: =SUM(AA34:AA45) -> 41600.602 | AB49: =SUM(AB34:AB45) -> 222424.2 | AF49: =SUM(AF34:AF45) -> 133596.75 | AG49: =SUM(AG34:AG45) -> 27797.41 | AH49: =SUM(AH34:AH45) -> 161394.16 | AL49: =SUM(AL34:AL45) -> 0 | AM49: =SUM(AM34:AM45) -> 0 | AN49: =SUM(AN34:AN45) -> 0 | AO49: =SUM(AO34:AO45) -> 712236.19
A50: Total Salary, Wages and Fringe Benefits | N50: =N32+N49 -> 132449.7 | O50: =O32+O49 -> 29928.377 | P50: =P32+P49 -> 162378.08 | T50: =T32+T49 -> 266391.21 | U50: =U32+U49 -> 67176.481 | V50: =V32+V49 -> 333567.69 | Z50: =Z32+Z49 -> 279938.19 | AA50: =AA32+AA49 -> 71314.525 | AB50: =AB32+AB49 -> 351252.72 | AF50: =AF32+AF49 -> 224490.12 | AG50: =AG32+AG49 -> 54636.416 | AH50: =AH32+AH49 -> 279126.53 | AL50: =AL32+AL49 -> 0 | AM50: =AM32+AM49 -> 0 | AN50: =AN32+AN49 -> 0 | AO50: =SUM(AO32,AO49) -> 1126325
A51: Equipment Description ($5,000 or more)
A52: Research Specific Equipment | AO52: =SUM(P52:AN52) -> 0
A53: Mac Pro Desktop Computer | P53: 7200 | AO53: =SUM(P53:AN53) -> 7200
A54: Total Equipment | P54: =SUM(P52:P53) -> 7200 | V54: =SUM(V52:V53) -> 0 | AB54: =SUM(AB52:AB53) -> 0 | AH54: =SUM(AH52:AH53) -> 0 | AN54: =SUM(AN52:AN53) -> 0 | AO54: =SUM(AO52:AO53) -> 7200
A55: Travel
A56: 1. Domestic Travel Costs (incl. Canada, Mexico, and U.S. Possessions | K56: Research meeting *1 for both PI (2*1500=3000) + PI collaboration meeting | P56: 5000 | Q56: Research meeting *1 ($1500)+ IPR (1500)+collaboration Pugh (2000 to USU); research meeting *2 Tate (3000) | V56: 8000 | W56: Research meeting *2 ($3000)+ IPR (1500)+collaboration Pugh (2000 to USU); research meeting *1 Tate (3000) | AB56: 9500 | AC56: Research meeting *2 ($5000)+ IPR (1500)+collaboration Pugh (2500 to USU); research meeting *2 Tate (5000) | AH56: 9500 | AO56: =SUM(P56:AN56) -> 32000
A57: 2. Foreign Travel Costs | V57: =P57 -> 0 | AB57: =V57 -> 0 | AH57: =AB57 -> 0 | AN57: =AH57 -> 0 | AO57: =SUM(P57:AN57) -> 0
A58: Total Travel | P58: =SUM(P56:P57) -> 5000 | V58: =SUM(V56:V57) -> 8000 | AB58: =SUM(AB56:AB57) -> 9500 | AH58: =SUM(AH56:AH57) -> 9500 | AN58: =SUM(AN56:AN57) -> 0 | AO58: =SUM(AO56:AO57) -> 32000
A59: Participant/Trainee Support Costs | AO59: =SUM(P59:AN59) -> 0
A60: 1. incentive | AH60: 0 | AN60: 0 | AO60: =SUM(P60:AN60) -> 0
AN61: 0 | AO61: =SUM(P61:AN61) -> 0
A62: 1b survey | J62: 600 returns=$25000 | K62: $25 per return plus drawing for 3 $500 gift cards and 10 $100 gift cards | P62: 17500 | AH62: =AB73 -> 66 | AN62: 0 | AO62: =SUM(P62:AN62) -> 17566
A63: 1c EMA | K63: EMA 600*$120/month | P63: =600*120 -> 72000 | AO63: =SUM(P63:AN63) -> 72000
A64: 1d EMA longitudinal | Q64: EMA drawings quarterly: 5@$500; 10@100 | V64: 14000 | W64: EMA drawings quarterly: 5@$500; 10@100 | AB64: 14000 | AC64: EMA drawings quarterly X2: 10@$500; 20@100 | AH64: 7000 | AO64: =SUM(P64:AN64) -> 35000
A65: 1e In Person Visit | K65: 250*13 epilepsy | P65: 2750 | Q65: 250*37= 9250; 200*80=16000 | V65: 25250 | W65: 250*40=10000; 200*80=16000 | AB65: 26000 | AC65: 200*50=10,000 | AH65: 10000 | AO65: =SUM(P65:AN65) -> 64000
A66: Participant Travel | K66: 1300*13 (10 in utah* $500) | P66: 8900 | Q66: 1300*117 | V66: =1300*117 -> 152100 | W66: 1400*120 | AB66: 156000 | AC66: 1300*50 | AH66: 65000 | AO66: =SUM(P66:AN66) -> 382000
A67: Total Participant/Trainee Support Costs | P67: =SUM(P59:P66) -> 101150 | V67: =SUM(V59:V66) -> 191350 | AB67: =SUM(AB59:AB66) -> 196000 | AH67: =SUM(AH59:AH66) -> 82066 | AN67: =SUM(AN60:AN64) -> 0 | AO67: =SUM(AO59:AO66) -> 570566
A68: Other Direct Costs
A69: 1. Materials and Supplies (list by type)
A70: 2a. Ipads for neuropsych testing | K70: 2@$600 | P70: =2*600 -> 1200 | V70: 0 | AB70: 0 | AH70: 0 | AO70: =SUM(P70:AN70) -> 1200
A71: 2. Laptop for RA + PI | P71: 5000 | V71: 0 | AB71: 0 | AH71: =AB71 -> 0 | AN71: =AH71 -> 0 | AO71: =SUM(P71:AN71) -> 5000
A72: 3. consumabale supplies | P72: 800 | V72: 800 | AB72: 775 | AH72: 500 | AN72: =AH60 -> 0 | AO72: =SUM(P72:AN72) -> 2875
A73: 4. Mailing | J73: 400*6=2400 mailing | K73: 8 per SESE and mailing * 2400 | P73: =2400*8 -> 19200 | Q73: Mail 600+ 120 @.55 incentive + drawing incentive | V73: 396 | W73: 120 each@.55 drawing incentive | AB73: =120*0.55 -> 66 | AC73: 60*.55 | AH73: =60*0.55 -> 33 | AO73: =SUM(P73:AN73) -> 19695
A74: 5. Printing | I74: VA only | J74: Surveys | K74: $1 @1000 | P74: 1000 | V74: 0 | AB74: 0 | AH74: 0 | AO74: =SUM(P74:AN74) -> 1000
A75: Scanning | B75: (120 years 2, 3; 60 year 4; $150 @ | K75: 13*150 | P75: =13*150 -> 1950 | Q75: 117*150 | V75: =117*150 -> 17550 | W75: 120*150 | AB75: =120*150 -> 18000 | AC75: 50*150 | AH75: =50*150 -> 7500 | AO75: =SUM(P75:AN75) -> 45000
A76: EEG+lab fee | K76: 1325*13 | P76: =1325*13 -> 17225 | Q76: $1275*37=47175 | R76: 117*50=5850 | V76: =(1275*37)+(117*50) -> 53025 | W76: 1275*40 | X76: 120*50=6000 | AB76: =(1275*40)+(120*50) -> 57000 | AC76: 50*50 | AH76: =50*50 -> 2500 | AO76: =SUM(P76:AN76) -> 129750
A77: Licensing Fee | K77: Tate $500 | P77: 500 | Q77: Tate 500; Pugh 1000 | V77: =500+1000 -> 1500 | W77: Tate 500; Pugh 1000 | AB77: =500+1000 -> 1500 | AC77: Tate 500; Pugh 1000 | AH77: =1000+500 -> 1500 | AO77: =SUM(P77:AN77) -> 5000
A78: 6. Neuropsych Testing Supplies | P78: 4655 | V78: 0 | AB78: 0 | AH78: =AB78 -> 0 | AO78: =SUM(P78:AN78) -> 4655
A79: 7. EMA/survey platform | K79: 9600 for 3 years of ema | M79: $5500 for Qualtrics | P79: =9600+5500 -> 15100 | V79: 0 | AB79: 0 | AH79: 0 | AO79: =SUM(P79:AN79) -> 15100
A80: Total Materials and Supplies | P80: =SUM(P70:P79) -> 66630 | V80: =SUM(V70:V79) -> 73271 | AB80: =SUM(AB70:AB79) -> 77341 | AH80: =SUM(AH70:AH79) -> 12033 | AN80: =SUM(AN71:AN79) -> 0 | AO80: =SUM(AO70:AO79) -> 229275
A81: 2. Publication Costs | P81: 0 | V81: =P81 -> 0 | AB81: 2212 | AH81: 0 | AN81: =AH81 -> 0 | AO81: =AH81+AB81+V81+P81 -> 2212
A82: 3. Consultant Services | P82: 10000 | V82: 10000 | AB82: 10000 | AH82: 10000 | AN82: 0 | AO82: =AH82+AB82+V82+P82 -> 40000
A83: 4. ADP/Computer Services | K83: Disk Space | P83: 3000 | V83: 0 | AB83: =V83 -> 0 | AH83: =AB83 -> 0 | AN83: =AH83 -> 0 | AO83: =AH83+AB83+V83+P83 -> 3000
A84: Total Consultant/Publication/Computer Svc | P84: =SUM(P81:P83) -> 13000 | V84: =SUM(V81:V83) -> 10000 | AB84: =SUM(AB81:AB83) -> 12212 | AH84: =SUM(AH81:AH83) -> 10000 | AO84: =SUM(AO81:AO83) -> 45212
A85: 5. Subawards/Consortium/Contractual Costs(Costs should be entered in subcontract tab)
A86: Direct Costs | P86: =SUM(HJF!K84,Penn!K81,'Pitt Foundation'!K81) -> 39252.268 | V86: =SUM(HJF!Q84,Penn!Q81,'Pitt Foundation'!Q81) -> 62372.793 | AB86: =HJF!W84+'Pitt Foundation'!W81 -> 266820.73 | AH86: =SUM(HJF!AC84,Penn!AC81,'Pitt Foundation'!AC81) -> 234622.62 | AN86: =SUM(HJF!AI84,Penn!AI81,'Pitt Foundation'!AI81) -> 0 | AO86: =SUM(P86:AN86) -> 603068.41
A87: Indirect Costs | P87: =SUM(HJF!K88,Penn!K83,'Pitt Foundation'!K83) -> 10142.937 | V87: =SUM(HJF!Q88,Penn!Q83,'Pitt Foundation'!Q83) -> 17779.012 | AB87: =HJF!W88+'Pitt Foundation'!W83 -> 58691.78 | AH87: =SUM(HJF!AC88,Penn!AC83,'Pitt Foundation'!AC83) -> 54880.018 | AN87: =SUM(HJF!AI87,Penn!AI83,'Pitt Foundation'!AI83) -> 0 | AO87: =SUM(P87:AN87) -> 141493.75
A88: Total Subawards/Consortium/Contractual Costs | P88: =SUM(P86:P87) -> 49395.205 | V88: =SUM(V86:V87) -> 80151.805 | AB88: =SUM(AB86:AB87) -> 325512.51 | AH88: =SUM(AH86:AH87) -> 289502.64 | AN88: =SUM(AN86:AN87) -> 0 | AO88: =SUM(AO86:AO87) -> 744562.16
A89: 6. Equipment of Facility Rental/User Fees | P89: 0 | V89: =P89 -> 0 | AB89: =V89 -> 0 | AH89: =AB89 -> 0 | AN89: =AH89 -> 0 | AO89: =SUM(P89:AN89) -> 0
A90: 7. Alterations and Renovations | P90: 0 | V90: =P90 -> 0 | AB90: =V90 -> 0 | AH90: =AB90 -> 0 | AN90: =AH90 -> 0 | AO90: =SUM(P90:AN90) -> 0
A91: 8. Patient Care Costs
A92: 1. Inpatient | P92: 0 | V92: =P92 -> 0 | AB92: =V92 -> 0 | AH92: =AB92 -> 0 | AN92: =AH92 -> 0 | AO92: =SUM(P92:AN92) -> 0
A93: 2. Outpatient | P93: 0 | V93: =P93 -> 0 | AB93: =V93 -> 0 | AH93: =AB93 -> 0 | AN93: =AH93 -> 0 | AO93: =SUM(P93:AN93) -> 0
A94: Total Patient Care Costs | P94: =SUM(P92:P93) -> 0 | V94: =SUM(V92:V93) -> 0 | AB94: =SUM(AB92:AB93) -> 0 | AH94: =SUM(AH92:AH93) -> 0 | AN94: =SUM(AN92:AN93) -> 0 | AO94: =SUM(AO92:AO93) -> 0
A95: 9. Other Costs | P95: 0 | V95: =P95 -> 0 | AB95: 0 | AH95: =AB95 -> 0 | AN95: =AH95 -> 0 | AO95: =SUM(P95:AN95) -> 0
A96: 10. Other Costs | P96: 0 | V96: =P96 -> 0 | AB96: =V96 -> 0 | AH96: =AB96 -> 0 | AN96: =AH96 -> 0 | AO96: =SUM(P96:AN96) -> 0
A97: 11. Other Costs | P97: 0 | V97: =P97 -> 0 | AB97: =V97 -> 0 | AH97: =AB97 -> 0 | AN97: =AH97 -> 0 | AO97: =SUM(P97:AN97) -> 0
A98: Total Other Direct Costs | K98: =P80+P84+P88 -> 129025.21 | Q98: =V80+V84+V88 -> 163422.81 | W98: =AB80+AB84+AB88 -> 415065.51 | AC98: =AH80+AH84+AH88 -> 311535.64 | AI98: =AN80+AN84+AN88 -> 0 | AO98: =SUM(K98:AN98) -> 1019049.2
A99: Total Direct Costs | K99: =P50+P54+P58+P67+K98 -> 404753.28 | Q99: =V50+V54+V58+V67+Q98 -> 696340.49 | W99: =AB50+AB54+AB58+AB67+W98 -> 971818.23 | AC99: =AH50+AH54+AH58+AH67+AC98 -> 682228.17 | AI99: =AN50+AN54+AN58+AN67+AI98 -> 0 | AO99: =SUM(K99:AN99) -> 2755140.2
A100: Modified Total Direct Costs | K100: =IF(P88>0,K99-P94-P88-P54+ SUM(HJF!K91,Penn!K86,'Pitt Foundation'!K86),K99-P94-P54) -> 373158.08 | Q100: =IF(V88>0,Q99-V94-V88-V54+ SUM(HJF!Q91,Penn!Q86,'Pitt Foundation'!Q86),Q99-V94-V54) -> 616188.69 | W100: =IF(AB88>0,W99-AB94-AB88-AB54+ SUM(HJF!W91,Penn!W86,'Pitt Foundation'!W86),W99-AB94-AB54) -> 646305.72 | AC100: =IF(AH88>0,AC99-AH94-AH88-AH54+ SUM(HJF!AC91,Penn!AC86,'Pitt Foundation'!AC86),AC99-AH94-AH54) -> 392725.53 | AI100: =IF(AN88>0,AI99-AN94-AN88-AN60-AN54+ SUM(HJF!AI91,Penn!AI86,'Pitt Foundation'!AI86),AI99-AN94-AN60-AN54) -> 0 | AO100: =SUM(K100:AN100) -> 2028378
...

Sheet HJF
A1: Type of Grant: | B1: ='Primary Site'!$B$1 -> DoD CDMRP Epilepsy Research Program Research Partnership Award
A2: Title: | B2: ='Primary Site'!$B$2 -> MINUTE
A3: Consortium PI: | B3: Kenney
A4: Consortium Institution: | B4: USU/HJF
A5: Start Date: | B5: 44470
A6: # of Years: | B6: 4
A7: Sponsor: | B7: ='Primary Site'!$B$6 -> DoD
A8: Salary Cap: | B8: ='Primary Site'!$B$7 -> None
A9: Due Date: | B9: ='Primary Site'!$B$8 -> 44033
A10: Benefit Rates | D10: F&A | F10: Period | G10: Start Date | H10: End Date
A11: Faculty | C11: 0.26 | D11: Year 1 | F11: =IF($B$6>=1,1,"") -> 1 | G11: =IF(NOT(ISBLANK(B5)), B5, "") -> 44470 | H11: =IF(F11<>"",DATE(YEAR(G11)+1,MONTH(G11),DAY(G11)-1),"") -> 44834
A12: Grad Student | D12: Year 2 | F12: =IF($B$6>=2,2,"") -> 2 | G12: =IF(F12<>"",DATE(YEAR(G11)+1,MONTH(G11), DAY(G11)),"") -> 44835 | H12: =IF(F12<>"",DATE(YEAR(G12)+1,MONTH(G12),DAY(G12)-1),"") -> 45199
A13: Undergrad | D13: Year 3 | F13: =IF($B$6>=3,3,"") -> 3 | G13: =IF(F13<>"",DATE(YEAR(G12)+1,MONTH(G12), DAY(G12)),"") -> 45200 | H13: =IF(F13<>"",DATE(YEAR(G13)+1,MONTH(G13),DAY(G13)-1),"") -> 45565
A14: Post-Doc | D14: Year 4 | F14: =IF($B$6>=4,4,"") -> 4 | G14: =IF(F14<>"",DATE(YEAR(G13)+1,MONTH(G13), DAY(G13)),"") -> 45566 | H14: =IF(F14<>"",DATE(YEAR(G14)+1,MONTH(G14),DAY(G14)-1),"") -> 45930
A15: Staff | C15: 0.3 | D15: Year 5 | F15: =IF($B$6>=5,5,"") | G15: =IF(F15<>"",DATE(YEAR(G14)+1,MONTH(G14), DAY(G14)),"") | H15: =IF(F15<>"",DATE(YEAR(G15)+1,MONTH(G15),DAY(G15)-1),"")
A17: Budget per year | F17: Year 1 | L17: Year 2 | R17: Year 3 | X17: Year 4 | AD17: Year 5 | AJ17: Total All Years
F18: =CONCATENATE(TEXT($G11,"mm/dd/yyy")," - ",TEXT($H11,"mm/dd/yyyy")) -> 10/01/2021 - 09/30/2022 | L18: =CONCATENATE(TEXT($G12,"mm/dd/yyy")," - ",TEXT($H12,"mm/dd/yyyy")) -> 10/01/2022 - 09/30/2023 | R18: =CONCATENATE(TEXT($G13,"mm/dd/yyy")," - ",TEXT($H13,"mm/dd/yyyy")) -> 10/01/2023 - 09/30/2024 | X18: =CONCATENATE(TEXT($G14,"mm/dd/yyy")," - ",TEXT($H14,"mm/dd/yyyy")) -> 10/01/2024 - 09/30/2025 | AD18: =CONCATENATE(TEXT($G15,"mm/dd/yyy")," - ",TEXT($H15,"mm/dd/yyyy")) -> -
A19: Name | B19: Project Role | C19: Benefit Rate Category | D19: Benefit Rate | E19: Salary | F19: Salary or NIH salary cap | G19: Calendar Months | H19: Effort | I19: Requested support | J19: Benefits | K19: Total salary + benefits | L19: Salary or NIH salary cap | M19: Calendar Months | N19: Effort | O19: Requested support | P19: Benefits | Q19: Total salary + benefits | R19: Salary or NIH salary cap | S19: Calendar Months | T19: Effort | U19: Requested support | V19: Benefits | W19: Total salary + benefits | X19: Salary or NIH salary cap | Y19: Calendar Months | Z19: Effort | AA19: Requested support | AB19: Benefits | AC19: Total salary + benefits | AD19: Salary or NIH salary cap | AE19: Calendar Months | AF19: Effort | AG19: Requested support | AH19: Benefits | AI19: Total salary + benefits
A20: Key Personnel
A21: Kim Kenney | B21: Site PI | C21: Faculty | D21: 0.26 | E21: 0 | F21: =IF(AND($E$8="DHHS",E21>'Stipends & Salary Caps'!$B$22),'Stipends & Salary Caps'!$B$22,IF(AND($F$9="PCORI",E21>'Stipends & Salary Caps'!$B$23),'Stipends & Salary Caps'!$B$23,E21)) -> 0 | G21: =12*H21 -> 0.6 | H21: 0.05 | I21: =$E$21*H21 -> 0 | J21: =I21*D21 -> 0 | K21: =I21+J21 -> 0 | L21: =F21 -> 0 | M21: =12*N21 -> 1.2 | N21: 0.1 | O21: =$L$21*N21 -> 0 | P21: =O21*D21 -> 0 | Q21: =O21+P21 -> 0 | R21: =L21 -> 0 | S21: =12*T21 -> 1.2 | T21: 0.1 | U21: =$E$21*T21 -> 0 | V21: =U21*D21 -> 0 | W21: =U21+V21 -> 0 | X21: =R21 -> 0 | Y21: =12*Z21 -> 1.2 | Z21: 0.1 | AA21: =$E$21*Z21 -> 0 | AB21: =AA21*D21 -> 0 | AC21: =AA21+AB21 -> 0 | AD21: =X21 -> 0 | AE21: =12*AF21 -> 0 | AG21: =$E$21*AF21 -> 0 | AH21: =AG21*D21 -> 0 | AI21: =AG21+AH21 -> 0 | AJ21: =K21+Q21+W21+AC21+AI21 -> 0
A22: Jessica Gill | B22: Co-I | C22: Faculty | D22: 0.26 | E22: 0 | F22: =IF(AND($E$8="DHHS",E22>'Stipends & Salary Caps'!$B$22),'Stipends & Salary Caps'!$B$22,IF(AND($F$9="PCORI",E22>'Stipends & Salary Caps'!$B$23),'Stipends & Salary Caps'!$B$23,E22)) -> 0 | G22: =12*H22 -> 0.6 | H22: 0.05 | I22: =$E22*H22 -> 0 | J22: =I22*D22 -> 0 | K22: =I22+J22 -> 0 | L22: =F22 -> 0 | M22: =12*N22 -> 0.6 | N22: 0.05 | O22: =$L22*N22 -> 0 | P22: =O22*D22 -> 0 | Q22: =O22+P22 -> 0 | R22: =L22 -> 0 | S22: =12*T22 -> 0.6 | T22: 0.05 | U22: =$E22*T22 -> 0 | V22: =U22*D22 -> 0 | W22: =U22+V22 -> 0 | X22: =R22 -> 0 | Y22: =12*Z22 -> 0.6 | Z22: 0.05 | AA22: =$E22*Z22 -> 0 | AB22: =AA22*D22 -> 0 | AC22: =AA22+AB22 -> 0 | AD22: =X22 -> 0 | AE22: =12*AF22 -> 0 | AG22: =$E22*AF22 -> 0 | AH22: =AG22*D22 -> 0 | AI22: =AG22+AH22 -> 0 | AJ22: =K22+Q22+W22+AC22+AI22 -> 0
AJ23: =K23+Q23+W23+AC23+AI23 -> 0
C24: Faculty | D24: =LOOKUP(C24,$A$9:$A$12,$B$9:$B$12) -> 0 | F24: =IF(AND($E$8="DHHS",E24>'Stipends & Salary Caps'!$B$22),'Stipends & Salary Caps'!$B$22,IF(AND($F$9="PCORI",E24>'Stipends & Salary Caps'!$B$23),'Stipends & Salary Caps'!$B$23,E24)) -> 0 | G24: =12*H24 -> 0 | I24: =$E24*H24 -> 0 | J24: =I24*D24 -> 0 | K24: =I24+J24 -> 0 | L24: =F24 -> 0 | M24: =12*N24 -> 0 | O24: =$E24*N24 -> 0 | P24: =O24*D24 -> 0 | Q24: =O24+P24 -> 0 | R24: =L24 -> 0 | S24: =12*T24 -> 0 | U24: =$E24*T24 -> 0 | V24: =U24*D24 -> 0 | W24: =U24+V24 -> 0 | X24: =R24 -> 0 | Y24: =12*Z24 -> 0 | AA24: =$E24*Z24 -> 0 | AB24: =AA24*D24 -> 0 | AC24: =AA24+AB24 -> 0 | AD24: =X24 -> 0 | AE24: =12*AF24 -> 0 | AG24: =$E24*AF24 -> 0 | AH24: =AG24*D24 -> 0 | AI24: =AG24+AH24 -> 0 | AJ24: =K24+Q24+W24+AC24+AI24 -> 0
C25: Faculty | D25: =LOOKUP(C25,$A$9:$A$12,$B$9:$B$12) -> 0 | F25: =IF(AND($E$8="DHHS",E25>'Stipends & Salary Caps'!$B$22),'Stipends & Salary Caps'!$B$22,IF(AND($F$9="PCORI",E25>'Stipends & Salary Caps'!$B$23),'Stipends & Salary Caps'!$B$23,E25)) -> 0 | G25: =12*H25 -> 0 | I25: =$E25*H25 -> 0 | J25: =I25*D25 -> 0 | K25: =I25+J25 -> 0 | L25: =F25 -> 0 | M25: =12*N25 -> 0 | O25: =$E25*N25 -> 0 | P25: =O25*D25 -> 0 | Q25: =O25+P25 -> 0 | R25: =L25 -> 0 | S25: =12*T25 -> 0 | U25: =$E25*T25 -> 0 | V25: =U25*D25 -> 0 | W25: =U25+V25 -> 0 | X25: =R25 -> 0 | Y25: =12*Z25 -> 0 | AA25: =$E25*Z25 -> 0 | AB25: =AA25*D25 -> 0 | AC25: =AA25+AB25 -> 0 | AD25: =X25 -> 0 | AE25: =12*AF25 -> 0 | AG25: =$E25*AF25 -> 0 | AH25: =AG25*D25 -> 0 | AI25: =AG25+AH25 -> 0 | AJ25: =K25+Q25+W25+AC25+AI25 -> 0
C26: Faculty | D26: =LOOKUP(C26,$A$9:$A$12,$B$9:$B$12) -> 0 | F26: =IF(AND($E$8="DHHS",E26>'Stipends & Salary Caps'!$B$22),'Stipends & Salary Caps'!$B$22,IF(AND($F$9="PCORI",E26>'Stipends & Salary Caps'!$B$23),'Stipends & Salary Caps'!$B$23,E26)) -> 0 | G26: =12*H26 -> 0 | I26: =$E26*H26 -> 0 | J26: =I26*D26 -> 0 | K26: =I26+J26 -> 0 | L26: =F26 -> 0 | M26: =12*N26 -> 0 | O26: =$E26*N26 -> 0 | P26: =O26*D26 -> 0 | Q26: =O26+P26 -> 0 | R26: =L26 -> 0 | S26: =12*T26 -> 0 | U26: =$E26*T26 -> 0 | V26: =U26*D26 -> 0 | W26: =U26+V26 -> 0 | X26: =R26 -> 0 | Y26: =12*Z26 -> 0 | AA26: =$E26*Z26 -> 0 | AB26: =AA26*D26 -> 0 | AC26: =AA26+AB26 -> 0 | AD26: =X26 -> 0 | AE26: =12*AF26 -> 0 | AG26: =$E26*AF26 -> 0 | AH26: =AG26*D26 -> 0 | AI26: =AG26+AH26 -> 0 | AJ26: =K26+Q26+W26+AC26+AI26 -> 0
C27: Faculty | D27: =LOOKUP(C27,$A$9:$A$12,$B$9:$B$12) -> 0 | F27: =IF(AND($E$8="DHHS",E27>'Stipends & Salary Caps'!$B$22),'Stipends & Salary Caps'!$B$22,IF(AND($F$9="PCORI",E27>'Stipends & Salary Caps'!$B$23),'Stipends & Salary Caps'!$B$23,E27)) -> 0 | G27: =12*H27 -> 0 | I27: =$E27*H27 -> 0 | J27: =I27*D27 -> 0 | K27: =I27+J27 -> 0 | L27: =F27 -> 0 | M27: =12*N27 -> 0 | O27: =$E27*N27 -> 0 | P27: =O27*D27 -> 0 | Q27: =O27+P27 -> 0 | R27: =L27 -> 0 | S27: =12*T27 -> 0 | U27: =$E27*T27 -> 0 | V27: =U27*D27 -> 0 | W27: =U27+V27 -> 0 | X27: =R27 -> 0 | Y27: =12*Z27 -> 0 | AA27: =$E27*Z27 -> 0 | AB27: =AA27*D27 -> 0 | AC27: =AA27+AB27 -> 0 | AD27: =X27 -> 0 | AE27: =12*AF27 -> 0 | AG27: =$E27*AF27 -> 0 | AH27: =AG27*D27 -> 0 | AI27: =AG27+AH27 -> 0 | AJ27: =K27+Q27+W27+AC27+AI27 -> 0
C28: Faculty | D28: =LOOKUP(C28,$A$9:$A$12,$B$9:$B$12) -> 0 | F28: =IF(AND($E$8="DHHS",E28>'Stipends & Salary Caps'!$B$22),'Stipends & Salary Caps'!$B$22,IF(AND($F$9="PCORI",E28>'Stipends & Salary Caps'!$B$23),'Stipends & Salary Caps'!$B$23,E28)) -> 0 | G28: =12*H28 -> 0 | I28: =$E28*H28 -> 0 | J28: =I28*D28 -> 0 | K28: =I28+J28 -> 0 | L28: =F28 -> 0 | M28: =12*N28 -> 0 | O28: =$E28*N28 -> 0 | P28: =O28*D28 -> 0 | Q28: =O28+P28 -> 0 | R28: =L28 -> 0 | S28: =12*T28 -> 0 | U28: =$E28*T28 -> 0 | V28: =U28*D28 -> 0 | W28: =U28+V28 -> 0 | X28: =R28 -> 0 | Y28: =12*Z28 -> 0 | AA28: =$E28*Z28 -> 0 | AB28: =AA28*D28 -> 0 | AC28: =AA28+AB28 -> 0 | AD28: =X28 -> 0 | AE28: =12*AF28 -> 0 | AG28: =$E28*AF28 -> 0 | AH28: =AG28*D28 -> 0 | AI28: =AG28+AH28 -> 0 | AJ28: =K28+Q28+W28+AC28+AI28 -> 0
C29: Faculty | D29: =LOOKUP(C29,$A$9:$A$12,$B$9:$B$12) -> 0 | F29: =IF(AND($E$8="DHHS",E29>'Stipends & Salary Caps'!$B$22),'Stipends & Salary Caps'!$B$22,IF(AND($F$9="PCORI",E29>'Stipends & Salary Caps'!$B$23),'Stipends & Salary Caps'!$B$23,E29)) -> 0 | G29: =12*H29 -> 0 | I29: =$E29*H29 -> 0 | J29: =I29*D29 -> 0 | K29: =I29+J29 -> 0 | L29: =F29 -> 0 | M29: =12*N29 -> 0 | O29: =$E29*N29 -> 0 | P29: =O29*D29 -> 0 | Q29: =O29+P29 -> 0 | R29: =L29 -> 0 | S29: =12*T29 -> 0 | U29: =$E29*T29 -> 0 | V29: =U29*D29 -> 0 | W29: =U29+V29 -> 0 | X29: =R29 -> 0 | Y29: =12*Z29 -> 0 | AA29: =$E29*Z29 -> 0 | AB29: =AA29*D29 -> 0 | AC29: =AA29+AB29 -> 0 | AD29: =X29 -> 0 | AE29: =12*AF29 -> 0 | AG29: =$E29*AF29 -> 0 | AH29: =AG29*D29 -> 0 | AI29: =AG29+AH29 -> 0 | AJ29: =K29+Q29+W29+AC29+AI29 -> 0
C30: Faculty | D30: =LOOKUP(C30,$A$9:$A$12,$B$9:$B$12) -> 0 | F30: =IF(AND($E$8="DHHS",E30>'Stipends & Salary Caps'!$B$22),'Stipends & Salary Caps'!$B$22,IF(AND($F$9="PCORI",E30>'Stipends & Salary Caps'!$B$23),'Stipends & Salary Caps'!$B$23,E30)) -> 0 | G30: =12*H30 -> 0 | I30: =$E30*H30 -> 0 | J30: =I30*D30 -> 0 | K30: =I30+J30 -> 0 | L30: =F30 -> 0 | M30: =12*N30 -> 0 | O30: =$E30*N30 -> 0 | P30: =O30*D30 -> 0 | Q30: =O30+P30 -> 0 | R30: =L30 -> 0 | S30: =12*T30 -> 0 | U30: =$E30*T30 -> 0 | V30: =U30*D30 -> 0 | W30: =U30+V30 -> 0 | X30: =R30 -> 0 | Y30: =12*Z30 -> 0 | AA30: =$E30*Z30 -> 0 | AB30: =AA30*D30 -> 0 | AC30: =AA30+AB30 -> 0 | AD30: =X30 -> 0 | AE30: =12*AF30 -> 0 | AG30: =$E30*AF30 -> 0 | AH30: =AG30*D30 -> 0 | AI30: =AG30+AH30 -> 0 | AJ30: =K30+Q30+W30+AC30+AI30 -> 0
C31: Faculty | D31: =LOOKUP(C31,$A$9:$A$12,$B$9:$B$12) -> 0 | F31: =IF(AND($E$8="DHHS",E31>'Stipends & Salary Caps'!$B$22),'Stipends & Salary Caps'!$B$22,IF(AND($F$9="PCORI",E31>'Stipends & Salary Caps'!$B$23),'Stipends & Salary Caps'!$B$23,E31)) -> 0 | G31: =12*H31 -> 0 | I31: =$E31*H31 -> 0 | J31: =I31*D31 -> 0 | K31: =I31+J31 -> 0 | L31: =F31 -> 0 | M31: =12*N31 -> 0 | O31: =$E31*N31 -> 0 | P31: =O31*D31 -> 0 | Q31: =O31+P31 -> 0 | R31: =L31 -> 0 | S31: =12*T31 -> 0 | U31: =$E31*T31 -> 0 | V31: =U31*D31 -> 0 | W31: =U31+V31 -> 0 | X31: =R31 -> 0 | Y31: =12*Z31 -> 0 | AA31: =$E31*Z31 -> 0 | AB31: =AA31*D31 -> 0 | AC31: =AA31+AB31 -> 0 | AD31: =X31 -> 0 | AE31: =12*AF31 -> 0 | AG31: =$E31*AF31 -> 0 | AH31: =AG31*D31 -> 0 | AI31: =AG31+AH31 -> 0 | AJ31: =K31+Q31+W31+AC31+AI31 -> 0
A32: Other Personnel | AJ32: =K32+Q32+W32+AC32+AI32 -> 0
A33: Post-doc | C33: Staff | D33: 0.304 | E33: 80000 | F33: 0 | G33: =12*H33 -> 0 | H33: 0 | I33: =$E33*H33 -> 0 | J33: =I33*D33 -> 0 | K33: =I33+J33 -> 0 | L33: =F33*1.02 -> 0 | M33: =12*N33 -> 0 | N33: 0 | O33: =N33*L33 -> 0 | P33: =O33*D33 -> 0 | Q33: =O33+P33 -> 0 | R33: 80000 | S33: =12*T33 -> 12 | T33: 1 | U33: =$R33*T33 -> 80000 | V33: =U33*D33 -> 24320 | W33: =U33+V33 -> 104320 | X33: =R33*1.02 -> 81600 | Y33: =12*Z33 -> 12 | Z33: 1 | AA33: =$X33*Z33 -> 81600 | AB33: =AA33*D33 -> 24806.4 | AC33: =AA33+AB33 -> 106406.4 | AD33: =X33 -> 81600 | AE33: =12*AF33 -> 0 | AG33: =$E33*AF33 -> 0 | AH33: =AG33*D33 -> 0 | AI33: =AG33+AH33 -> 0 | AJ33: =K33+Q33+W33+AC33+AI33 -> 210726.4
A34: Technician | C34: Staff | D34: 0.304 | E34: 48000 | F34: =IF(E34>187000,187000,E34) -> 48000 | G34: =12*H34 -> 3 | H34: 0.25 | I34: =$E34*H34 -> 12000 | J34: =I34*D34 -> 3648 | K34: =I34+J34 -> 15648 | L34: =F34*1.02 -> 48960 | M34: =12*N34 -> 3 | N34: 0.25 | O34: =$L34*N34 -> 12240 | P34: =O34*D34 -> 3720.96 | Q34: =O34+P34 -> 15960.96 | R34: =L34*1.02 -> 49939.2 | S34: =12*T34 -> 3 | T34: 0.25 | U34: =T34*R34 -> 12484.8 | V34: =U34*D34 -> 3795.3792 | W34: =U34+V34 -> 16280.179 | X34: =R34*1.02 -> 50937.984 | Y34: =12*Z34 -> 3 | Z34: 0.25 | AA34: =$X34*Z34 -> 12734.496 | AB34: =AA34*D34 -> 3871.2868 | AC34: =AA34+AB34 -> 16605.783 | AD34: =X34*1.02 -> 51956.744 | AE34: =12*AF34 -> 0 | AG34: =$E34*AF34 -> 0 | AH34: =AG34*D34 -> 0 | AI34: =AG34+AH34 -> 0 | AJ34: =K34+Q34+W34+AC34+AI34 -> 64494.922
AJ35: =K35+Q35+W35+AC35+AI35 -> 0
C36: Staff | D36: =LOOKUP(C36,$A$9:$A$12,$B$9:$B$12) -> 0 | F36: =IF(E36>187000,187000,E36) -> 0 | G36: =12*H36 -> 0 | I36: =$E36*H36 -> 0 | J36: =I36*D36 -> 0 | K36: =I36+J36 -> 0 | L36: =F36 -> 0 | M36: =12*N36 -> 0 | O36: =$E36*N36 -> 0 | P36: =O36*D36 -> 0 | Q36: =O36+P36 -> 0 | R36: =L36 -> 0 | S36: =12*T36 -> 0 | U36: =$E36*T36 -> 0 | V36: =U36*D36 -> 0 | W36: =U36+V36 -> 0 | X36: =R36 -> 0 | Y36: =12*Z36 -> 0 | AA36: =$E36*Z36 -> 0 | AB36: =AA36*D36 -> 0 | AC36: =AA36+AB36 -> 0 | AD36: =X36 -> 0 | AE36: =12*AF36 -> 0 | AG36: =$E36*AF36 -> 0 | AH36: =AG36*D36 -> 0 | AI36: =AG36+AH36 -> 0 | AJ36: =K36+Q36+W36+AC36+AI36 -> 0
C37: Staff | D37: =LOOKUP(C37,$A$9:$A$12,$B$9:$B$12) -> 0 | F37: =IF(E37>187000,187000,E37) -> 0 | G37: =12*H37 -> 0 | I37: =$E37*H37 -> 0 | J37: =I37*D37 -> 0 | K37: =I37+J37 -> 0 | L37: =F37 -> 0 | M37: =12*N37 -> 0 | O37: =$E37*N37 -> 0 | P37: =O37*D37 -> 0 | Q37: =O37+P37 -> 0 | R37: =L37 -> 0 | S37: =12*T37 -> 0 | U37: =$E37*T37 -> 0 | V37: =U37*D37 -> 0 | W37: =U37+V37 -> 0 | X37: =R37 -> 0 | Y37: =12*Z37 -> 0 | AA37: =$E37*Z37 -> 0 | AB37: =AA37*D37 -> 0 | AC37: =AA37+AB37 -> 0 | AD37: =X37 -> 0 | AE37: =12*AF37 -> 0 | AG37: =$E37*AF37 -> 0 | AH37: =AG37*D37 -> 0 | AI37: =AG37+AH37 -> 0 | AJ37: =K37+Q37+W37+AC37+AI37 -> 0
C38: Staff | D38: =LOOKUP(C38,$A$9:$A$12,$B$9:$B$12) -> 0 | F38: =IF(E38>187000,187000,E38) -> 0 | G38: =12*H38 -> 0 | I38: =$E38*H38 -> 0 | J38: =I38*D38 -> 0 | K38: =I38+J38 -> 0 | L38: =F38 -> 0 | M38: =12*N38 -> 0 | O38: =$E38*N38 -> 0 | P38: =O38*D38 -> 0 | Q38: =O38+P38 -> 0 | R38: =L38 -> 0 | S38: =12*T38 -> 0 | U38: =$E38*T38 -> 0 | V38: =U38*D38 -> 0 | W38: =U38+V38 -> 0 | X38: =R38 -> 0 | Y38: =12*Z38 -> 0 | AA38: =$E38*Z38 -> 0 | AB38: =AA38*D38 -> 0 | AC38: =AA38+AB38 -> 0 | AD38: =X38 -> 0 | AE38: =12*AF38 -> 0 | AG38: =$E38*AF38 -> 0 | AH38: =AG38*D38 -> 0 | AI38: =AG38+AH38 -> 0 | AJ38: =K38+Q38+W38+AC38+AI38 -> 0
C39: Staff | D39: =LOOKUP(C39,$A$9:$A$12,$B$9:$B$12) -> 0 | F39: =IF(E39>187000,187000,E39) -> 0 | G39: =12*H39 -> 0 | I39: =$E39*H39 -> 0 | J39: =I39*D39 -> 0 | K39: =I39+J39 -> 0 | L39: =F39 -> 0 | M39: =12*N39 -> 0 | O39: =$E39*N39 -> 0 | P39: =O39*D39 -> 0 | Q39: =O39+P39 -> 0 | R39: =L39 -> 0 | S39: =12*T39 -> 0 | U39: =$E39*T39 -> 0 | V39: =U39*D39 -> 0 | W39: =U39+V39 -> 0 | X39: =R39 -> 0 | Y39: =12*Z39 -> 0 | AA39: =$E39*Z39 -> 0 | AB39: =AA39*D39 -> 0 | AC39: =AA39+AB39 -> 0 | AD39: =X39 -> 0 | AE39: =12*AF39 -> 0 | AG39: =$E39*AF39 -> 0 | AH39: =AG39*D39 -> 0 | AI39: =AG39+AH39 -> 0 | AJ39: =K39+Q39+W39+AC39+AI39 -> 0
C40: Staff | D40: =LOOKUP(C40,$A$9:$A$12,$B$9:$B$12) -> 0 | F40: =IF(E40>187000,187000,E40) -> 0 | G40: =12*H40 -> 0 | I40: =$E40*H40 -> 0 | J40: =I40*D40 -> 0 | K40: =I40+J40 -> 0 | L40: =F40 -> 0 | M40: =12*N40 -> 0 | O40: =$E40*N40 -> 0 | P40: =O40*D40 -> 0 | Q40: =O40+P40 -> 0 | R40: =L40 -> 0 | S40: =12*T40 -> 0 | U40: =$E40*T40 -> 0 | V40: =U40*D40 -> 0 | W40: =U40+V40 -> 0 | X40: =R40 -> 0 | Y40: =12*Z40 -> 0 | AA40: =$E40*Z40 -> 0 | AB40: =AA40*D40 -> 0 | AC40: =AA40+AB40 -> 0 | AD40: =X40 -> 0 | AE40: =12*AF40 -> 0 | AG40: =$E40*AF40 -> 0 | AH40: =AG40*D40 -> 0 | AI40: =AG40+AH40 -> 0 | AJ40: =K40+Q40+W40+AC40+AI40 -> 0
C41: Staff | D41: =LOOKUP(C41,$A$9:$A$12,$B$9:$B$12) -> 0 | F41: =IF(E41>187000,187000,E41) -> 0 | G41: =12*H41 -> 0 | I41: =$E41*H41 -> 0 | J41: =I41*D41 -> 0 | K41: =I41+J41 -> 0 | L41: =F41 -> 0 | M41: =12*N41 -> 0 | O41: =$E41*N41 -> 0 | P41: =O41*D41 -> 0 | Q41: =O41+P41 -> 0 | R41: =L41 -> 0 | S41: =12*T41 -> 0 | U41: =$E41*T41 -> 0 | V41: =U41*D41 -> 0 | W41: =U41+V41 -> 0 | X41: =R41 -> 0 | Y41: =12*Z41 -> 0 | AA41: =$E41*Z41 -> 0 | AB41: =AA41*D41 -> 0 | AC41: =AA41+AB41 -> 0 | AD41: =X41 -> 0 | AE41: =12*AF41 -> 0 | AG41: =$E41*AF41 -> 0 | AH41: =AG41*D41 -> 0 | AI41: =AG41+AH41 -> 0 | AJ41: =K41+Q41+W41+AC41+AI41 -> 0
C42: Staff | D42: =LOOKUP(C42,$A$9:$A$12,$B$9:$B$12) -> 0 | F42: =IF(E42>187000,187000,E42) -> 0 | G42: =12*H42 -> 0 | I42: =$E42*H42 -> 0 | J42: =I42*D42 -> 0 | K42: =I42+J42 -> 0 | L42: =F42 -> 0 | M42: =12*N42 -> 0 | O42: =$E42*N42 -> 0 | P42: =O42*D42 -> 0 | Q42: =O42+P42 -> 0 | R42: =L42 -> 0 | S42: =12*T42 -> 0 | U42: =$E42*T42 -> 0 | V42: =U42*D42 -> 0 | W42: =U42+V42 -> 0 | X42: =R42 -> 0 | Y42: =12*Z42 -> 0 | AA42: =$E42*Z42 -> 0 | AB42: =AA42*D42 -> 0 | AC42: =AA42+AB42 -> 0 | AD42: =X42 -> 0 | AE42: =12*AF42 -> 0 | AG42: =$E42*AF42 -> 0 | AH42: =AG42*D42 -> 0 | AI42: =AG42+AH42 -> 0 | AJ42: =K42+Q42+W42+AC42+AI42 -> 0
A43: Total Salary, Wages and Fringe Benefits | I43: =SUM(I21:I42) -> 12000 | J43: =SUM(J21:J42) -> 3648 | K43: =SUM(K21:K42) -> 15648 | O43: =SUM(O21:O42) -> 12240 | P43: =SUM(P21:P42) -> 3720.96 | Q43: =SUM(Q21:Q42) -> 15960.96 | U43: =SUM(U21:U42) -> 92484.8 | V43: =SUM(V21:V42) -> 28115.379 | W43: =SUM(W21:W42) -> 120600.18 | AA43: =SUM(AA21:AA42) -> 94334.496 | AB43: =SUM(AB21:AB42) -> 28677.687 | AC43: =SUM(AC21:AC42) -> 123012.18 | AG43: =SUM(AG21:AG42) -> 0 | AH43: =SUM(AH21:AH42) -> 0 | AI43: =SUM(AI21:AI42) -> 0 | AJ43: =SUM(AJ21:AJ42) -> 275221.32
A44: Equipment Description ($5,000 or more)
A45: Research Specific Equipment
A46: Equipment Description ($5,000 or more) | R46: Freezer + Installation | W46: 14000 | AJ46: =SUM(G46:AC46) -> 14000
A47: Total Equipment | K47: =SUM(K45:K46) -> 0 | Q47: =SUM(Q45:Q46) -> 0 | W47: =SUM(W45:W46) -> 14000 | AC47: =SUM(AC45:AC46) -> 0 | AI47: =SUM(AI45:AI46) -> 0 | AJ47: =SUM(AJ45:AJ46) -> 14000
A48: Travel
A49: 1. Domestic Travel Costs (incl. Canada, Mexico, and U.S. Possessions | F49: Research/scientific | K49: 3000 | Q49: 3000 | W49: 3000 | AC49: 3000 | AJ49: =K49+Q49+W49+AC49+AI49 -> 12000
A50: 2. Foreign Travel Costs | AJ50: =K50+Q50+W50+AC50+AI50 -> 0
A51: Total Travel | K51: =SUM(K48:K50) -> 3000 | Q51: =SUM(Q48:Q50) -> 3000 | W51: =SUM(W48:W50) -> 3000 | AC51: =SUM(AC48:AC50) -> 3000 | AI51: =SUM(AI49:AI50) -> 0 | AJ51: =SUM(AJ49:AJ50) -> 12000
A52: Participant/Trainee Support Costs
A53: 1. Tuition/Fees/Health Insurance | AJ53: =K53+Q53+W53+AC53+AI53 -> 0
A54: 2. Stipends | AJ54: =K54+Q54+W54+AC54+AI54 -> 0
A55: 3. Travel | AJ55: =K55+Q55+W55+AC55+AI55 -> 0
A56: 4. Subsistence | AJ56: =K56+Q56+W56+AC56+AI56 -> 0
A57: 5. Other | AJ57: =K57+Q57+W57+AC57+AI57 -> 0
A58: 6. Scholarships | AJ58: =K58+Q58+W58+AC58+AI58 -> 0
A59: Total Participant/Trainee Support Costs | K59: =SUM(K53:K58) -> 0 | Q59: =SUM(Q53:Q58) -> 0 | W59: =SUM(W53:W58) -> 0 | AC59: =SUM(AC53:AC58) -> 0 | AI59: =SUM(AI53:AI58) -> 0 | AJ59: =SUM(AJ53:AJ58) -> 0
A60: Other Direct Costs
A61: 1. Materials and Supplies (list by type)
A62: Research Supplies | K62: 0 | Q62: 0 | W62: 0
A63: 1 Laptop for RA | K63: 0 | Q63: 0 | W63: 0 | AJ63: =K63+Q63+W63+AC63+AI63 -> 0
A64: Lab supplies/ consumable supplies | K64: 4551 | Q64: 4551 | W64: 4551 | AC64: 4551 | AJ64: =K64+Q64+W64+AC64+AI64 -> 18204
A65: Shipping and Storage Containers | K65: 2500 | Q65: 2500 | W65: 2500 | AC65: 2500 | AJ65: =K65+Q65+W65+AC65+AI65 -> 10000
A66: DoD Serum Biorepository sample fee ($50/sample for 150 total) | K66: =150*50 -> 7500 | Q66: 0 | W66: 6750 | AC66: 6750 | AJ66: =K66+Q66+W66+AC66+AI66 -> 21000
A67: plasma and exosomal proteomics for 450 samples (4-plex, cytokine, VEGF, ptau231) | K67: 0 | Q67: 0 | W67: 78750 | AC67: 78750 | AJ67: =K67+Q67+W67+AC67+AI67 -> 157500
A68: CNS-dervied exosome extractn for 225 samples @ 1 mL each and $93/sample | K68: 0 | Q68: =225*93 -> 20925 | W68: =225*93 -> 20925 | AC68: 0 | AJ68: =K68+Q68+W68+AC68+AI68 -> 41850
A69: Total Materials and Supplies | K69: =SUM(K62:K68) -> 14551 | Q69: =SUM(Q62:Q68) -> 27976 | W69: =SUM(W62:W68) -> 113476 | AC69: =SUM(AC62:AC68) -> 92551 | AI69: =SUM(AI62:AI68) -> 0 | AJ69: =K69+Q69+W69+AC69+AI69 -> 248554
A70: 2. Publication Costs | AJ70: =K70+Q70+W70+AC70+AI70 -> 0
A71: 3. Consultant Services | AJ71: =K71+Q71+W71+AC71+AI71 -> 0
A72: 4. ADP/Computer Services | AJ72: =K72+Q72+W72+AC72+AI72 -> 0
A73: 5. Subawards/Consortium/Contractual Costs
A74: Direct Costs | AJ74: =K74+Q74+W74+AC74+AI74 -> 0
A75: Indirect Costs | AJ75: =K75+Q75+W75+AC75+AI75 -> 0
A76: Total Subawards/Consortium/Contractual Costs | K76: =SUM(K74:K75) -> 0 | Q76: =SUM(Q74:Q75) -> 0 | W76: =SUM(W74:W75) -> 0 | AC76: =SUM(AC74:AC75) -> 0 | AI76: =SUM(AI74:AI75) -> 0 | AJ76: =K76+Q76+W76+AC76+AI76 -> 0
A77: 6. Equipment of Facility Rental/User Fees | AJ77: =K77+Q77+W77+AC77+AI77 -> 0
A78: 7. Alterations and Renovations | AJ78: =K78+Q78+W78+AC78+AI78 -> 0
A79: 8. Patient Care Costs
A80: 1. Inpatient | AJ80: =K80+Q80+W80+AC80+AI80 -> 0
A81: 2. Outpatient | AJ81: =K81+Q81+W81+AC81+AI81 -> 0
A82: Total Patient Care Costs | K82: =SUM(K80:K81) -> 0 | Q82: =SUM(Q80:Q81) -> 0 | W82: =SUM(W80:W81) -> 0 | AC82: =SUM(AC80:AC81) -> 0 | AI82: =SUM(AI80:AI81) -> 0 | AJ82: =K82+Q82+W82+AC82+AI82 -> 0
A83: Total Other Direct Costs | K83: =K69+K70+K71+K72+K76+K77+K78+K82 -> 14551 | Q83: =Q69+Q70+Q71+Q72+Q76+Q77+Q78+Q82 -> 27976 | W83: =W69+W70+W71+W72+W76+W77+W78+W82 -> 113476 | AC83: =AC69+AC70+AC71+AC72+AC76+AC77+AC78+AC82 -> 92551 | AI83: =AI69+AI70+AI71+AI72+AI76+AI77+AI78+AI82 -> 0 | AJ83: =K83+Q83+W83+AC83+AI83 -> 248554
A84: Total Direct Costs | K84: =K43+K47+K51+K59+K83 -> 33199 | Q84: =Q43+Q47+Q51+Q59+Q83 -> 46936.96 | W84: =W43+W47+W51+W59+W83 -> 251076.18 | AC84: =AC43+AC47+AC51+AC59+AC83 -> 218563.18 | AI84: =AI43+AI47+AI51+AI59+AI83 -> 0 | AJ84: =K84+Q84+W84+AC84+AI84 -> 549775.32
A85: Modified Total Direct Costs | K85: =K84-K82-K53-K47 -> 33199 | Q85: =Q84-Q82-Q53-Q47 -> 46936.96 | W85: =W84-W82-W53-W47 -> 237076.18 | AC85: =AC84-AC82-AC53-AC47 -> 218563.18 | AI85: =AI84-AI82-AI53-AI47 -> 0 | AJ85: =K85+Q85+W85+AC85+AI85 -> 535775.32
A86: USU offsite 3.88% | K86: =ROUND(K85*0.0388,0) -> 1288 | Q86: =ROUND(Q85*0.0388,0) -> 1821 | W86: =ROUND(W85*0.0388,0) -> 9199 | AC86: =ROUND(AC85*0.0388,0) -> 8480 | AJ86: =K86+Q86+W86+AC86+AI86 -> 20788
A87: Companywide G&A HFG. 16.9% | K87: =SUM(K85+K86)*0.169 -> 5828.303 | Q87: =SUM(Q85+Q86)*0.169 -> 8240.0952 | W87: =SUM(W85+W86)*0.169 -> 41620.505 | AC87: =SUM(AC85+AC86)*0.169 -> 38370.298 | AI87: =AI85*$E$15 -> 0 | AJ87: =K87+Q87+W87+AC87+AI87 -> 94059.201
A88: Total Indirects | K88: =K86+K87 -> 7116.303 | Q88: =Q86+Q87 -> 10061.095 | W88: =W86+W87 -> 50819.505 | AC88: =AC86+AC87 -> 46850.298 | AJ88: =K88+Q88+W88+AC88+AI88 -> 114847.2
A89: Total Costs | K89: =K88+K84 -> 40315.303 | Q89: =Q88+Q84 -> 56998.055 | W89: =W84+W88 -> 301895.68 | AC89: =AC84+AC88 -> 265413.48 | AI89: =AI84+AI87 -> 0 | AJ89: =AJ84+AJ88 -> 664622.52
A91: Included in U of U IDC Base | K91: =IF(K89<25000,K89,25000) -> 25000 | Q91: =IF(+K91=25000,0,IF(+K89+Q89<25000,Q89,25000-K91)) -> 0 | W91: =IF(K91+Q91=25000,0,IF(K89+Q89+W89<25000,W89,25000-K91-Q91)) -> 0 | AC91: =IF(K91+Q91+W91=25000,0,IF(K89+Q89+W89+AC89<25000,AC89,25000-K91-Q91-W91)) -> 0 | AI91: =IF(K91+Q91+W91+AC91=25000,0,IF(K89+Q89+W89+AC89+AI89<25000,AI89,25000-K91-Q91-W91-AC91)) -> 0
K93: =K89-25000 -> 15315.303 | Q93: =Q89 -> 56998.055 | W93: =W89 -> 301895.68 | AC93: =AC89 -> 265413.48 | AD93: =AD89-25000 -> -25000 | AE93: =AE89-25000 -> -25000 | AF93: =AF89-25000 -> -25000 | AG93: =AG89-25000 -> -25000 | AH93: =AH89-25000 -> -25000 | AI93: =AI89-25000 -> -25000

Sheet Pitt Foundation
A1: Type of Grant: | B1: ='Primary Site'!$B$1 -> DoD CDMRP Epilepsy Research Program Research Partnership Award
A2: Title: | B2: ='Primary Site'!$B$2 -> MINUTE
A3: Consortium PI: | B3: VanCott
A4: Consortium Institution: | B4: Pittsburgh VA foundation
A5: Start Date: | B5: 44105
A6: # of Years: | B6: 4
A7: Sponsor: | B7: ='Primary Site'!$B$6 -> DoD
A8: Salary Cap: | B8: ='Primary Site'!$B$7 -> None
A9: Due Date: | B9: ='Primary Site'!$B$8 -> 44033
A10: Benefit Rates | D10: F&A | F10: Period | G10: Start Date | H10: End Date
A11: Faculty | B11: 0.18 | D11: Year 1 | E11: 0.5 | F11: =IF($B$6>=1,1,"") -> 1 | G11: =IF(NOT(ISBLANK(B5)), B5, "") -> 44105 | H11: =IF(F11<>"",DATE(YEAR(G11)+1,MONTH(G11),DAY(G11)-1),"") -> 44469
A12: Grad Student | B12: 0.1 | D12: Year 2 | E12: 0.5 | F12: =IF($B$6>=2,2,"") -> 2 | G12: =IF(F12<>"",DATE(YEAR(G11)+1,MONTH(G11), DAY(G11)),"") -> 44470 | H12: =IF(F12<>"",DATE(YEAR(G12)+1,MONTH(G12),DAY(G12)-1),"") -> 44834
A13: Undergrad | D13: Year 3 | E13: 0.5 | F13: =IF($B$6>=3,3,"") -> 3 | G13: =IF(F13<>"",DATE(YEAR(G12)+1,MONTH(G12), DAY(G12)),"") -> 44835 | H13: =IF(F13<>"",DATE(YEAR(G13)+1,MONTH(G13),DAY(G13)-1),"") -> 45199
A14: Post-Doc | D14: Year 4 | E14: 0.5 | F14: =IF($B$6>=4,4,"") -> 4 | G14: =IF(F14<>"",DATE(YEAR(G13)+1,MONTH(G13), DAY(G13)),"") -> 45200 | H14: =IF(F14<>"",DATE(YEAR(G14)+1,MONTH(G14),DAY(G14)-1),"") -> 45565
A15: Staff | D15: Year 5 | F15: =IF($B$6>=5,5,"") | G15: =IF(F15<>"",DATE(YEAR(G14)+1,MONTH(G14), DAY(G14)),"") | H15: =IF(F15<>"",DATE(YEAR(G15)+1,MONTH(G15),DAY(G15)-1),"")
A17: Budget per year | F17: Year 1 | L17: Year 2 | R17: Year 3 | X17: Year 4 | AD17: Year 5 | AJ17: Total All Years
F18: =CONCATENATE(TEXT($G11,"mm/dd/yyy")," - ",TEXT($H11,"mm/dd/yyyy")) -> 10/01/2020 - 09/30/2021 | L18: =CONCATENATE(TEXT($G12,"mm/dd/yyy")," - ",TEXT($H12,"mm/dd/yyyy")) -> 10/01/2021 - 09/30/2022 | R18: =CONCATENATE(TEXT($G13,"mm/dd/yyy")," - ",TEXT($H13,"mm/dd/yyyy")) -> 10/01/2022 - 09/30/2023 | X18: =CONCATENATE(TEXT($G14,"mm/dd/yyy")," - ",TEXT($H14,"mm/dd/yyyy")) -> 10/01/2023 - 09/30/2024 | AD18: =CONCATENATE(TEXT($G15,"mm/dd/yyy")," - ",TEXT($H15,"mm/dd/yyyy")) -> -
A19: Name | B19: Project Role | C19: Benefit Rate Category | D19: Benefit Rate | E19: Salary | F19: Salary or NIH salary cap | G19: Calendar Months | H19: Effort | I19: Requested support | J19: Benefits | K19: Total salary + benefits | L19: Salary or NIH salary cap | M19: Calendar Months | N19: Effort | O19: Requested support | P19: Benefits | Q19: Total salary + benefits | R19: Salary or NIH salary cap | S19: Calendar Months | T19: Effort | U19: Requested support | V19: Benefits | W19: Total salary + benefits | X19: Salary or NIH salary cap | Y19: Calendar Months | Z19: Effort | AA19: Requested support | AB19: Benefits | AC19: Total salary + benefits | AD19: Salary or NIH salary cap | AE19: Calendar Months | AF19: Effort | AG19: Requested support | AH19: Benefits | AI19: Total salary + benefits
A20: Key Personnel
A21: Anne VanCott | B21: Co-I | C21: Faculty | D21: 0.3 | E21: 232818 | F21: =IF(AND($E$8="DHHS",E21>'Stipends & Salary Caps'!$B$22),'Stipends & Salary Caps'!$B$22,IF(AND($F$9="PCORI",E21>'Stipends & Salary Caps'!$B$23),'Stipends & Salary Caps'!$B$23,E21)) -> 232818 | G21: =12*H21 -> 0.24 | H21: 0.02 | I21: =H21*F21 -> 4656.36 | J21: =D21*I21 -> 1396.908 | K21: =I21+J21 -> 6053.268 | L21: =F21*1.02 -> 237474.36 | M21: =N21*12 -> 0.6 | N21: 0.05 | O21: =L21*N21 -> 11873.718 | P21: =D21*O21 -> 3562.1154 | Q21: =O21+P21 -> 15435.833 | R21: =L21*1.02 -> 242223.85 | S21: =12*T21 -> 0.6 | T21: 0.05 | U21: =R21*T21 -> 12111.192 | V21: =U21*D21 -> 3633.3577 | W21: =U21+V21 -> 15744.55 | X21: =R21*1.02 -> 247068.32 | Y21: =12*Z21 -> 0.6 | Z21: 0.05 | AA21: =X21*Z21 -> 12353.416 | AB21: =AA21*D21 -> 3706.0249 | AC21: =AA21+AB21 -> 16059.441 | AD21: =X21 -> 247068.32 | AE21: =12*AF21 -> 0 | AG21: =$E$21*AF21 -> 0 | AH21: =AG21*D21 -> 0 | AI21: =AG21+AH21 -> 0 | AJ21: =K21+Q21+W21+AC21+AI21 -> 53293.093
C22: Faculty | D22: =LOOKUP(C22,$A$9:$A$12,$B$9:$B$12) -> 0.18 | F22: =IF(AND($E$8="DHHS",E22>'Stipends & Salary Caps'!$B$22),'Stipends & Salary Caps'!$B$22,IF(AND($F$9="PCORI",E22>'Stipends & Salary Caps'!$B$23),'Stipends & Salary Caps'!$B$23,E22)) -> 0 | G22: =12*H22 -> 0 | I22: =$E22*H22 -> 0 | J22: =I22*D22 -> 0 | K22: =I22+J22 -> 0 | L22: =F22 -> 0 | M22: =12*N22 -> 0 | O22: =$L22*N22 -> 0 | P22: =O22*D22 -> 0 | Q22: =O22+P22 -> 0 | R22: =L22 -> 0 | S22: =12*T22 -> 0 | U22: =$E22*T22 -> 0 | V22: =U22*D22 -> 0 | W22: =U22+V22 -> 0 | X22: =R22 -> 0 | Y22: =12*Z22 -> 0 | AA22: =$E22*Z22 -> 0 | AB22: =AA22*D22 -> 0 | AC22: =AA22+AB22 -> 0 | AD22: =X22 -> 0 | AE22: =12*AF22 -> 0 | AG22: =$E22*AF22 -> 0 | AH22: =AG22*D22 -> 0 | AI22: =AG22+AH22 -> 0 | AJ22: =K22+Q22+W22+AC22+AI22 -> 0
C23: Faculty | D23: =LOOKUP(C23,$A$9:$A$12,$B$9:$B$12) -> 0.18 | F23: =IF(AND($E$8="DHHS",E23>'Stipends & Salary Caps'!$B$22),'Stipends & Salary Caps'!$B$22,IF(AND($F$9="PCORI",E23>'Stipends & Salary Caps'!$B$23),'Stipends & Salary Caps'!$B$23,E23)) -> 0 | G23: =12*H23 -> 0 | I23: =$E23*H23 -> 0 | J23: =I23*D23 -> 0 | K23: =I23+J23 -> 0 | L23: =F23 -> 0 | M23: =12*N23 -> 0 | O23: =$E23*N23 -> 0 | P23: =O23*D23 -> 0 | Q23: =O23+P23 -> 0 | R23: =L23 -> 0 | S23: =12*T23 -> 0 | U23: =$E23*T23 -> 0 | V23: =U23*D23 -> 0 | W23: =U23+V23 -> 0 | X23: =R23 -> 0 | Y23: =12*Z23 -> 0 | AA23: =$E23*Z23 -> 0 | AB23: =AA23*D23 -> 0 | AC23: =AA23+AB23 -> 0 | AD23: =X23 -> 0 | AE23: =12*AF23 -> 0 | AG23: =$E23*AF23 -> 0 | AH23: =AG23*D23 -> 0 | AI23: =AG23+AH23 -> 0 | AJ23: =K23+Q23+W23+AC23+AI23 -> 0
C24: Faculty | D24: =LOOKUP(C24,$A$9:$A$12,$B$9:$B$12) -> 0.18 | F24: =IF(AND($E$8="DHHS",E24>'Stipends & Salary Caps'!$B$22),'Stipends & Salary Caps'!$B$22,IF(AND($F$9="PCORI",E24>'Stipends & Salary Caps'!$B$23),'Stipends & Salary Caps'!$B$23,E24)) -> 0 | G24: =12*H24 -> 0 | I24: =$E24*H24 -> 0 | J24: =I24*D24 -> 0 | K24: =I24+J24 -> 0 | L24: =F24 -> 0 | M24: =12*N24 -> 0 | O24: =$E24*N24 -> 0 | P24: =O24*D24 -> 0 | Q24: =O24+P24 -> 0 | R24: =L24 -> 0 | S24: =12*T24 -> 0 | U24: =$E24*T24 -> 0 | V24: =U24*D24 -> 0 | W24: =U24+V24 -> 0 | X24: =R24 -> 0 | Y24: =12*Z24 -> 0 | AA24: =$E24*Z24 -> 0 | AB24: =AA24*D24 -> 0 | AC24: =AA24+AB24 -> 0 | AD24: =X24 -> 0 | AE24: =12*AF24 -> 0 | AG24: =$E24*AF24 -> 0 | AH24: =AG24*D24 -> 0 | AI24: =AG24+AH24 -> 0 | AJ24: =K24+Q24+W24+AC24+AI24 -> 0
C25: Faculty | D25: =LOOKUP(C25,$A$9:$A$12,$B$9:$B$12) -> 0.18 | F25: =IF(AND($E$8="DHHS",E25>'Stipends & Salary Caps'!$B$22),'Stipends & Salary Caps'!$B$22,IF(AND($F$9="PCORI",E25>'Stipends & Salary Caps'!$B$23),'Stipends & Salary Caps'!$B$23,E25)) -> 0 | G25: =12*H25 -> 0 | I25: =$E25*H25 -> 0 | J25: =I25*D25 -> 0 | K25: =I25+J25 -> 0 | L25: =F25 -> 0 | M25: =12*N25 -> 0 | O25: =$E25*N25 -> 0 | P25: =O25*D25 -> 0 | Q25: =O25+P25 -> 0 | R25: =L25 -> 0 | S25: =12*T25 -> 0 | U25: =$E25*T25 -> 0 | V25: =U25*D25 -> 0 | W25: =U25+V25 -> 0 | X25: =R25 -> 0 | Y25: =12*Z25 -> 0 | AA25: =$E25*Z25 -> 0 | AB25: =AA25*D25 -> 0 | AC25: =AA25+AB25 -> 0 | AD25: =X25 -> 0 | AE25: =12*AF25 -> 0 | AG25: =$E25*AF25 -> 0 | AH25: =AG25*D25 -> 0 | AI25: =AG25+AH25 -> 0 | AJ25: =K25+Q25+W25+AC25+AI25 -> 0
C26: Faculty | D26: =LOOKUP(C26,$A$9:$A$12,$B$9:$B$12) -> 0.18 | F26: =IF(AND($E$8="DHHS",E26>'Stipends & Salary Caps'!$B$22),'Stipends & Salary Caps'!$B$22,IF(AND($F$9="PCORI",E26>'Stipends & Salary Caps'!$B$23),'Stipends & Salary Caps'!$B$23,E26)) -> 0 | G26: =12*H26 -> 0 | I26: =$E26*H26 -> 0 | J26: =I26*D26 -> 0 | K26: =I26+J26 -> 0 | L26: =F26 -> 0 | M26: =12*N26 -> 0 | O26: =$E26*N26 -> 0 | P26: =O26*D26 -> 0 | Q26: =O26+P26 -> 0 | R26: =L26 -> 0 | S26: =12*T26 -> 0 | U26: =$E26*T26 -> 0 | V26: =U26*D26 -> 0 | W26: =U26+V26 -> 0 | X26: =R26 -> 0 | Y26: =12*Z26 -> 0 | AA26: =$E26*Z26 -> 0 | AB26: =AA26*D26 -> 0 | AC26: =AA26+AB26 -> 0 | AD26: =X26 -> 0 | AE26: =12*AF26 -> 0 | AG26: =$E26*AF26 -> 0 | AH26: =AG26*D26 -> 0 | AI26: =AG26+AH26 -> 0 | AJ26: =K26+Q26+W26+AC26+AI26 -> 0
C27: Faculty | D27: =LOOKUP(C27,$A$9:$A$12,$B$9:$B$12) -> 0.18 | F27: =IF(AND($E$8="DHHS",E27>'Stipends & Salary Caps'!$B$22),'Stipends & Salary Caps'!$B$22,IF(AND($F$9="PCORI",E27>'Stipends & Salary Caps'!$B$23),'Stipends & Salary Caps'!$B$23,E27)) -> 0 | G27: =12*H27 -> 0 | I27: =$E27*H27 -> 0 | J27: =I27*D27 -> 0 | K27: =I27+J27 -> 0 | L27: =F27 -> 0 | M27: =12*N27 -> 0 | O27: =$E27*N27 -> 0 | P27: =O27*D27 -> 0 | Q27: =O27+P27 -> 0 | R27: =L27 -> 0 | S27: =12*T27 -> 0 | U27: =$E27*T27 -> 0 | V27: =U27*D27 -> 0 | W27: =U27+V27 -> 0 | X27: =R27 -> 0 | Y27: =12*Z27 -> 0 | AA27: =$E27*Z27 -> 0 | AB27: =AA27*D27 -> 0 | AC27: =AA27+AB27 -> 0 | AD27: =X27 -> 0 | AE27: =12*AF27 -> 0 | AG27: =$E27*AF27 -> 0 | AH27: =AG27*D27 -> 0 | AI27: =AG27+AH27 -> 0 | AJ27: =K27+Q27+W27+AC27+AI27 -> 0
C28: Faculty | D28: =LOOKUP(C28,$A$9:$A$12,$B$9:$B$12) -> 0.18 | F28: =IF(AND($E$8="DHHS",E28>'Stipends & Salary Caps'!$B$22),'Stipends & Salary Caps'!$B$22,IF(AND($F$9="PCORI",E28>'Stipends & Salary Caps'!$B$23),'Stipends & Salary Caps'!$B$23,E28)) -> 0 | G28: =12*H28 -> 0 | I28: =$E28*H28 -> 0 | J28: =I28*D28 -> 0 | K28: =I28+J28 -> 0 | L28: =F28 -> 0 | M28: =12*N28 -> 0 | O28: =$E28*N28 -> 0 | P28: =O28*D28 -> 0 | Q28: =O28+P28 -> 0 | R28: =L28 -> 0 | S28: =12*T28 -> 0 | U28: =$E28*T28 -> 0 | V28: =U28*D28 -> 0 | W28: =U28+V28 -> 0 | X28: =R28 -> 0 | Y28: =12*Z28 -> 0 | AA28: =$E28*Z28 -> 0 | AB28: =AA28*D28 -> 0 | AC28: =AA28+AB28 -> 0 | AD28: =X28 -> 0 | AE28: =12*AF28 -> 0 | AG28: =$E28*AF28 -> 0 | AH28: =AG28*D28 -> 0 | AI28: =AG28+AH28 -> 0 | AJ28: =K28+Q28+W28+AC28+AI28 -> 0
C29: Faculty | D29: =LOOKUP(C29,$A$9:$A$12,$B$9:$B$12) -> 0.18 | F29: =IF(AND($E$8="DHHS",E29>'Stipends & Salary Caps'!$B$22),'Stipends & Salary Caps'!$B$22,IF(AND($F$9="PCORI",E29>'Stipends & Salary Caps'!$B$23),'Stipends & Salary Caps'!$B$23,E29)) -> 0 | G29: =12*H29 -> 0 | I29: =$E29*H29 -> 0 | J29: =I29*D29 -> 0 | K29: =I29+J29 -> 0 | L29: =F29 -> 0 | M29: =12*N29 -> 0 | O29: =$E29*N29 -> 0 | P29: =O29*D29 -> 0 | Q29: =O29+P29 -> 0 | R29: =L29 -> 0 | S29: =12*T29 -> 0 | U29: =$E29*T29 -> 0 | V29: =U29*D29 -> 0 | W29: =U29+V29 -> 0 | X29: =R29 -> 0 | Y29: =12*Z29 -> 0 | AA29: =$E29*Z29 -> 0 | AB29: =AA29*D29 -> 0 | AC29: =AA29+AB29 -> 0 | AD29: =X29 -> 0 | AE29: =12*AF29 -> 0 | AG29: =$E29*AF29 -> 0 | AH29: =AG29*D29 -> 0 | AI29: =AG29+AH29 -> 0 | AJ29: =K29+Q29+W29+AC29+AI29 -> 0
C30: Faculty | D30: =LOOKUP(C30,$A$9:$A$12,$B$9:$B$12) -> 0.18 | F30: =IF(AND($E$8="DHHS",E30>'Stipends & Salary Caps'!$B$22),'Stipends & Salary Caps'!$B$22,IF(AND($F$9="PCORI",E30>'Stipends & Salary Caps'!$B$23),'Stipends & Salary Caps'!$B$23,E30)) -> 0 | G30: =12*H30 -> 0 | I30: =$E30*H30 -> 0 | J30: =I30*D30 -> 0 | K30: =I30+J30 -> 0 | L30: =F30 -> 0 | M30: =12*N30 -> 0 | O30: =$E30*N30 -> 0 | P30: =O30*D30 -> 0 | Q30: =O30+P30 -> 0 | R30: =L30 -> 0 | S30: =12*T30 -> 0 | U30: =$E30*T30 -> 0 | V30: =U30*D30 -> 0 | W30: =U30+V30 -> 0 | X30: =R30 -> 0 | Y30: =12*Z30 -> 0 | AA30: =$E30*Z30 -> 0 | AB30: =AA30*D30 -> 0 | AC30: =AA30+AB30 -> 0 | AD30: =X30 -> 0 | AE30: =12*AF30 -> 0 | AG30: =$E30*AF30 -> 0 | AH30: =AG30*D30 -> 0 | AI30: =AG30+AH30 -> 0 | AJ30: =K30+Q30+W30+AC30+AI30 -> 0
C31: Faculty | D31: =LOOKUP(C31,$A$9:$A$12,$B$9:$B$12) -> 0.18 | F31: =IF(AND($E$8="DHHS",E31>'Stipends & Salary Caps'!$B$22),'Stipends & Salary Caps'!$B$22,IF(AND($F$9="PCORI",E31>'Stipends & Salary Caps'!$B$23),'Stipends & Salary Caps'!$B$23,E31)) -> 0 | G31: =12*H31 -> 0 | I31: =$E31*H31 -> 0 | J31: =I31*D31 -> 0 | K31: =I31+J31 -> 0 | L31: =F31 -> 0 | M31: =12*N31 -> 0 | O31: =$E31*N31 -> 0 | P31: =O31*D31 -> 0 | Q31: =O31+P31 -> 0 | R31: =L31 -> 0 | S31: =12*T31 -> 0 | U31: =$E31*T31 -> 0 | V31: =U31*D31 -> 0 | W31: =U31+V31 -> 0 | X31: =R31 -> 0 | Y31: =12*Z31 -> 0 | AA31: =$E31*Z31 -> 0 | AB31: =AA31*D31 -> 0 | AC31: =AA31+AB31 -> 0 | AD31: =X31 -> 0 | AE31: =12*AF31 -> 0 | AG31: =$E31*AF31 -> 0 | AH31: =AG31*D31 -> 0 | AI31: =AG31+AH31 -> 0 | AJ31: =K31+Q31+W31+AC31+AI31 -> 0
A32: Other Personnel
C33: Staff | D33: =LOOKUP(C33,$A$9:$A$12,$B$9:$B$12) -> 0.1 | E33: 0 | F33: 0 | G33: =12*H33 -> 0 | I33: =$E33*H33 -> 0 | J33: =I33*D33 -> 0 | K33: =I33+J33 -> 0 | L33: =F33 -> 0 | M33: =12*N33 -> 0 | O33: =$E33*N33 -> 0 | P33: =O33*D33 -> 0 | Q33: =O33+P33 -> 0 | R33: =L33 -> 0 | S33: =12*T33 -> 0 | U33: =$E33*T33 -> 0 | V33: =U33*D33 -> 0 | W33: =U33+V33 -> 0 | X33: =R33 -> 0 | Y33: =12*Z33 -> 0 | AA33: =$E33*Z33 -> 0 | AB33: =AA33*D33 -> 0 | AC33: =AA33+AB33 -> 0 | AD33: =X33 -> 0 | AE33: =12*AF33 -> 0 | AG33: =$E33*AF33 -> 0 | AH33: =AG33*D33 -> 0 | AI33: =AG33+AH33 -> 0 | AJ33: =K33+Q33+W33+AC33+AI33 -> 0
C34: Staff | D34: =LOOKUP(C34,$A$9:$A$12,$B$9:$B$12) -> 0.1 | F34: =IF(E34>187000,187000,E34) -> 0 | G34: =12*H34 -> 0 | I34: =$E34*H34 -> 0 | J34: =I34*D34 -> 0 | K34: =I34+J34 -> 0 | L34: =F34 -> 0 | M34: =12*N34 -> 0 | O34: =$E34*N34 -> 0 | P34: =O34*D34 -> 0 | Q34: =O34+P34 -> 0 | R34: =L34 -> 0 | S34: =12*T34 -> 0 | U34: =$E34*T34 -> 0 | V34: =U34*D34 -> 0 | W34: =U34+V34 -> 0 | X34: =R34 -> 0 | Y34: =12*Z34 -> 0 | AA34: =$E34*Z34 -> 0 | AB34: =AA34*D34 -> 0 | AC34: =AA34+AB34 -> 0 | AD34: =X34 -> 0 | AE34: =12*AF34 -> 0 | AG34: =$E34*AF34 -> 0 | AH34: =AG34*D34 -> 0 | AI34: =AG34+AH34 -> 0 | AJ34: =K34+Q34+W34+AC34+AI34 -> 0
C35: Staff | D35: =LOOKUP(C35,$A$9:$A$12,$B$9:$B$12) -> 0.1 | F35: =IF(E35>187000,187000,E35) -> 0 | G35: =12*H35 -> 0 | I35: =$E35*H35 -> 0 | J35: =I35*D35 -> 0 | K35: =I35+J35 -> 0 | L35: =F35 -> 0 | M35: =12*N35 -> 0 | O35: =$E35*N35 -> 0 | P35: =O35*D35 -> 0 | Q35: =O35+P35 -> 0 | R35: =L35 -> 0 | S35: =12*T35 -> 0 | U35: =$E35*T35 -> 0 | V35: =U35*D35 -> 0 | W35: =U35+V35 -> 0 | X35: =R35 -> 0 | Y35: =12*Z35 -> 0 | AA35: =$E35*Z35 -> 0 | AB35: =AA35*D35 -> 0 | AC35: =AA35+AB35 -> 0 | AD35: =X35 -> 0 | AE35: =12*AF35 -> 0 | AG35: =$E35*AF35 -> 0 | AH35: =AG35*D35 -> 0 | AI35: =AG35+AH35 -> 0 | AJ35: =K35+Q35+W35+AC35+AI35 -> 0
C36: Staff | D36: =LOOKUP(C36,$A$9:$A$12,$B$9:$B$12) -> 0.1 | F36: =IF(E36>187000,187000,E36) -> 0 | G36: =12*H36 -> 0 | I36: =$E36*H36 -> 0 | J36: =I36*D36 -> 0 | K36: =I36+J36 -> 0 | L36: =F36 -> 0 | M36: =12*N36 -> 0 | O36: =$E36*N36 -> 0 | P36: =O36*D36 -> 0 | Q36: =O36+P36 -> 0 | R36: =L36 -> 0 | S36: =12*T36 -> 0 | U36: =$E36*T36 -> 0 | V36: =U36*D36 -> 0 | W36: =U36+V36 -> 0 | X36: =R36 -> 0 | Y36: =12*Z36 -> 0 | AA36: =$E36*Z36 -> 0 | AB36: =AA36*D36 -> 0 | AC36: =AA36+AB36 -> 0 | AD36: =X36 -> 0 | AE36: =12*AF36 -> 0 | AG36: =$E36*AF36 -> 0 | AH36: =AG36*D36 -> 0 | AI36: =AG36+AH36 -> 0 | AJ36: =K36+Q36+W36+AC36+AI36 -> 0
C37: Staff | D37: =LOOKUP(C37,$A$9:$A$12,$B$9:$B$12) -> 0.1 | F37: =IF(E37>187000,187000,E37) -> 0 | G37: =12*H37 -> 0 | I37: =$E37*H37 -> 0 | J37: =I37*D37 -> 0 | K37: =I37+J37 -> 0 | L37: =F37 -> 0 | M37: =12*N37 -> 0 | O37: =$E37*N37 -> 0 | P37: =O37*D37 -> 0 | Q37: =O37+P37 -> 0 | R37: =L37 -> 0 | S37: =12*T37 -> 0 | U37: =$E37*T37 -> 0 | V37: =U37*D37 -> 0 | W37: =U37+V37 -> 0 | X37: =R37 -> 0 | Y37: =12*Z37 -> 0 | AA37: =$E37*Z37 -> 0 | AB37: =AA37*D37 -> 0 | AC37: =AA37+AB37 -> 0 | AD37: =X37 -> 0 | AE37: =12*AF37 -> 0 | AG37: =$E37*AF37 -> 0 | AH37: =AG37*D37 -> 0 | AI37: =AG37+AH37 -> 0 | AJ37: =K37+Q37+W37+AC37+AI37 -> 0
C38: Staff | D38: =LOOKUP(C38,$A$9:$A$12,$B$9:$B$12) -> 0.1 | F38: =IF(E38>187000,187000,E38) -> 0 | G38: =12*H38 -> 0 | I38: =$E38*H38 -> 0 | J38: =I38*D38 -> 0 | K38: =I38+J38 -> 0 | L38: =F38 -> 0 | M38: =12*N38 -> 0 | O38: =$E38*N38 -> 0 | P38: =O38*D38 -> 0 | Q38: =O38+P38 -> 0 | R38: =L38 -> 0 | S38: =12*T38 -> 0 | U38: =$E38*T38 -> 0 | V38: =U38*D38 -> 0 | W38: =U38+V38 -> 0 | X38: =R38 -> 0 | Y38: =12*Z38 -> 0 | AA38: =$E38*Z38 -> 0 | AB38: =AA38*D38 -> 0 | AC38: =AA38+AB38 -> 0 | AD38: =X38 -> 0 | AE38: =12*AF38 -> 0 | AG38: =$E38*AF38 -> 0 | AH38: =AG38*D38 -> 0 | AI38: =AG38+AH38 -> 0 | AJ38: =K38+Q38+W38+AC38+AI38 -> 0
C39: Staff | D39: =LOOKUP(C39,$A$9:$A$12,$B$9:$B$12) -> 0.1 | F39: =IF(E39>187000,187000,E39) -> 0 | G39: =12*H39 -> 0 | I39: =$E39*H39 -> 0 | J39: =I39*D39 -> 0 | K39: =I39+J39 -> 0 | L39: =F39 -> 0 | M39: =12*N39 -> 0 | O39: =$E39*N39 -> 0 | P39: =O39*D39 -> 0 | Q39: =O39+P39 -> 0 | R39: =L39 -> 0 | S39: =12*T39 -> 0 | U39: =$E39*T39 -> 0 | V39: =U39*D39 -> 0 | W39: =U39+V39 -> 0 | X39: =R39 -> 0 | Y39: =12*Z39 -> 0 | AA39: =$E39*Z39 -> 0 | AB39: =AA39*D39 -> 0 | AC39: =AA39+AB39 -> 0 | AD39: =X39 -> 0 | AE39: =12*AF39 -> 0 | AG39: =$E39*AF39 -> 0 | AH39: =AG39*D39 -> 0 | AI39: =AG39+AH39 -> 0 | AJ39: =K39+Q39+W39+AC39+AI39 -> 0
C40: Staff | D40: =LOOKUP(C40,$A$9:$A$12,$B$9:$B$12) -> 0.1 | F40: =IF(E40>187000,187000,E40) -> 0 | G40: =12*H40 -> 0 | I40: =$E40*H40 -> 0 | J40: =I40*D40 -> 0 | K40: =I40+J40 -> 0 | L40: =F40 -> 0 | M40: =12*N40 -> 0 | O40: =$E40*N40 -> 0 | P40: =O40*D40 -> 0 | Q40: =O40+P40 -> 0 | R40: =L40 -> 0 | S40: =12*T40 -> 0 | U40: =$E40*T40 -> 0 | V40: =U40*D40 -> 0 | W40: =U40+V40 -> 0 | X40: =R40 -> 0 | Y40: =12*Z40 -> 0 | AA40: =$E40*Z40 -> 0 | AB40: =AA40*D40 -> 0 | AC40: =AA40+AB40 -> 0 | AD40: =X40 -> 0 | AE40: =12*AF40 -> 0 | AG40: =$E40*AF40 -> 0 | AH40: =AG40*D40 -> 0 | AI40: =AG40+AH40 -> 0 | AJ40: =K40+Q40+W40+AC40+AI40 -> 0
C41: Staff | D41: =LOOKUP(C41,$A$9:$A$12,$B$9:$B$12) -> 0.1 | F41: =IF(E41>187000,187000,E41) -> 0 | G41: =12*H41 -> 0 | I41: =$E41*H41 -> 0 | J41: =I41*D41 -> 0 | K41: =I41+J41 -> 0 | L41: =F41 -> 0 | M41: =12*N41 -> 0 | O41: =$E41*N41 -> 0 | P41: =O41*D41 -> 0 | Q41: =O41+P41 -> 0 | R41: =L41 -> 0 | S41: =12*T41 -> 0 | U41: =$E41*T41 -> 0 | V41: =U41*D41 -> 0 | W41: =U41+V41 -> 0 | X41: =R41 -> 0 | Y41: =12*Z41 -> 0 | AA41: =$E41*Z41 -> 0 | AB41: =AA41*D41 -> 0 | AC41: =AA41+AB41 -> 0 | AD41: =X41 -> 0 | AE41: =12*AF41 -> 0 | AG41: =$E41*AF41 -> 0 | AH41: =AG41*D41 -> 0 | AI41: =AG41+AH41 -> 0 | AJ41: =K41+Q41+W41+AC41+AI41 -> 0
C42: Staff | D42: =LOOKUP(C42,$A$9:$A$12,$B$9:$B$12) -> 0.1 | F42: =IF(E42>187000,187000,E42) -> 0 | G42: =12*H42 -> 0 | I42: =$E42*H42 -> 0 | J42: =I42*D42 -> 0 | K42: =I42+J42 -> 0 | L42: =F42 -> 0 | M42: =12*N42 -> 0 | O42: =$E42*N42 -> 0 | P42: =O42*D42 -> 0 | Q42: =O42+P42 -> 0 | R42: =L42 -> 0 | S42: =12*T42 -> 0 | U42: =$E42*T42 -> 0 | V42: =U42*D42 -> 0 | W42: =U42+V42 -> 0 | X42: =R42 -> 0 | Y42: =12*Z42 -> 0 | AA42: =$E42*Z42 -> 0 | AB42: =AA42*D42 -> 0 | AC42: =AA42+AB42 -> 0 | AD42: =X42 -> 0 | AE42: =12*AF42 -> 0 | AG42: =$E42*AF42 -> 0 | AH42: =AG42*D42 -> 0 | AI42: =AG42+AH42 -> 0 | AJ42: =K42+Q42+W42+AC42+AI42 -> 0
A43: Total Salary, Wages and Fringe Benefits | I43: =SUM(I21:I42) -> 4656.36 | J43: =SUM(J21:J42) -> 1396.908 | K43: =SUM(K21:K42) -> 6053.268 | O43: =SUM(O21:O42) -> 11873.718 | P43: =SUM(P21:P42) -> 3562.1154 | Q43: =SUM(Q21:Q42) -> 15435.833 | U43: =SUM(U21:U42) -> 12111.192 | V43: =SUM(V21:V42) -> 3633.3577 | W43: =SUM(W21:W42) -> 15744.55 | AA43: =SUM(AA21:AA42) -> 12353.416 | AB43: =SUM(AB21:AB42) -> 3706.0249 | AC43: =SUM(AC21:AC42) -> 16059.441 | AG43: =SUM(AG21:AG42) -> 0 | AH43: =SUM(AH21:AH42) -> 0 | AI43: =SUM(AI21:AI42) -> 0 | AJ43: =K43+Q43+W43+AC43+AI43 -> 53293.093
A44: Equipment Description ($5,000 or more)
A45: Research Specific Equipment | AJ45: =K45+Q45+W45+AC45+AI45 -> 0
AJ46: =K46+Q46+W46+AC46+AI46 -> 0
A47: Total Equipment | K47: =SUM(K45:K46) -> 0 | Q47: =SUM(Q45:Q46) -> 0 | W47: =SUM(W45:W46) -> 0 | AC47: =SUM(AC45:AC46) -> 0 | AI47: =SUM(AI45:AI46) -> 0 | AJ47: =K47+Q47+W47+AC47+AI47 -> 0
A48: Travel
A49: 1. Domestic Travel Costs (incl. Canada, Mexico, and U.S. Possessions | K49: 0 | Q49: 0 | AC49: 0 | AJ49: =K49+Q49+W49+AC49+AI49 -> 0
A50: 2. Foreign Travel Costs | AJ50: =K50+Q50+W50+AC50+AI50 -> 0
A51: Total Travel | K51: =SUM(K49:K50) -> 0 | Q51: =SUM(Q49:Q50) -> 0 | W51: =SUM(W49:W50) -> 0 | AC51: =SUM(AC49:AC50) -> 0 | AI51: =SUM(AI49:AI50) -> 0 | AJ51: =K51+Q51+W51+AC51+AI51 -> 0
A52: Participant/Trainee Support Costs
A53: 1. Tuition/Fees/Health Insurance | AJ53: =K53+Q53+W53+AC53+AI53 -> 0
A54: 2. Stipends | AJ54: =K54+Q54+W54+AC54+AI54 -> 0
A55: 3. Travel | AJ55: =K55+Q55+W55+AC55+AI55 -> 0
A56: 4. Subsistence | AJ56: =K56+Q56+W56+AC56+AI56 -> 0
A57: 5. Other | AJ57: =K57+Q57+W57+AC57+AI57 -> 0
A58: 6. Scholarships | AJ58: =K58+Q58+W58+AC58+AI58 -> 0
A59: Total Participant/Trainee Support Costs | K59: =SUM(K53:K58) -> 0 | Q59: =SUM(Q53:Q58) -> 0 | W59: =SUM(W53:W58) -> 0 | AC59: =SUM(AC53:AC58) -> 0 | AI59: =SUM(AI53:AI58) -> 0 | AJ59: =K59+Q59+W59+AC59+AI59 -> 0
A60: Other Direct Costs
A61: 1. Materials and Supplies (list by type) | AJ61: =K61+Q61+W61+AC61+AI61 -> 0
A62: Research Supplies | Q62: 0 | W62: 0 | AC62: 0 | AJ62: =K62+Q62+W62+AC62+AI62 -> 0
AJ63: =K63+Q63+W63+AC63+AI63 -> 0
AJ64: =K64+Q64+W64+AC64+AI64 -> 0
AJ65: =K65+Q65+W65+AC65+AI65 -> 0
A66: Total Materials and Supplies | K66: =SUM(K62:K65) -> 0 | Q66: =SUM(Q62:Q65) -> 0 | W66: =SUM(W62:W65) -> 0 | AC66: =SUM(AC62:AC65) -> 0 | AI66: =SUM(AI62:AI65) -> 0 | AJ66: =K66+Q66+W66+AC66+AI66 -> 0
A67: 2. Publication Costs | AJ67: =K67+Q67+W67+AC67+AI67 -> 0
A68: 3. Consultant Services | AJ68: =K68+Q68+W68+AC68+AI68 -> 0
A69: 4. ADP/Computer Services | AJ69: =K69+Q69+W69+AC69+AI69 -> 0
A70: 5. Subawards/Consortium/Contractual Costs
A71: Direct Costs | AJ71: =K71+Q71+W71+AC71+AI71 -> 0
A72: Indirect Costs | AJ72: =K72+Q72+W72+AC72+AI72 -> 0
A73: Total Subawards/Consortium/Contractual Costs | K73: =SUM(K71:K72) -> 0 | Q73: =SUM(Q71:Q72) -> 0 | W73: =SUM(W71:W72) -> 0 | AC73: =SUM(AC71:AC72) -> 0 | AI73: =SUM(AI71:AI72) -> 0 | AJ73: =K73+Q73+W73+AC73+AI73 -> 0
A74: 6. Equipment of Facility Rental/User Fees | AJ74: =K74+Q74+W74+AC74+AI74 -> 0
A75: 7. Alterations and Renovations | AJ75: =K75+Q75+W75+AC75+AI75 -> 0
A76: 8. Patient Care Costs
A77: 1. Inpatient | AJ77: =K77+Q77+W77+AC77+AI77 -> 0
A78: 2. Outpatient | AJ78: =K78+Q78+W78+AC78+AI78 -> 0
A79: Total Patient Care Costs | K79: =SUM(K77:K78) -> 0 | Q79: =SUM(Q77:Q78) -> 0 | W79: =SUM(W77:W78) -> 0 | AC79: =SUM(AC77:AC78) -> 0 | AI79: =SUM(AI77:AI78) -> 0 | AJ79: =K79+Q79+W79+AC79+AI79 -> 0
A80: Total Other Direct Costs | K80: =K66+K67+K68+K69+K73+K74+K75+K79 -> 0 | Q80: =Q66+Q67+Q68+Q69+Q73+Q74+Q75+Q79 -> 0 | W80: =W66+W67+W68+W69+W73+W74+W75+W79 -> 0 | AC80: =AC66+AC67+AC68+AC69+AC73+AC74+AC75+AC79 -> 0 | AI80: =AI66+AI67+AI68+AI69+AI73+AI74+AI75+AI79 -> 0 | AJ80: =K80+Q80+W80+AC80+AI80 -> 0
A81: Total Direct Costs | K81: =K43+K47+K51+K59+K80 -> 6053.268 | Q81: =Q43+Q47+Q51+Q59+Q80 -> 15435.833 | W81: =W43+W47+W51+W59+W80 -> 15744.55 | AC81: =AC43+AC47+AC51+AC59+AC80 -> 16059.441 | AI81: =AI43+AI47+AI51+AI59+AI80 -> 0 | AJ81: =K81+Q81+W81+AC81+AI81 -> 53293.093
A82: Modified Total Direct Costs | K82: =K81-K79-K53-K47 -> 6053.268 | Q82: =Q81-Q79-Q53-Q47 -> 15435.833 | W82: =W81-W79-W53-W47 -> 15744.55 | AC82: =AC81-AC79-AC53-AC47 -> 16059.441 | AI82: =AI81-AI79-AI53-AI47 -> 0 | AJ82: =K82+Q82+W82+AC82+AI82 -> 53293.093
A83: F&A | K83: =K82*$E$11 -> 3026.634 | Q83: =Q82*$E$12 -> 7717.9167 | W83: =W82*$E$12 -> 7872.275 | AC83: =AC82*$E$14 -> 8029.7205 | AI83: =AI82*$E$15 -> 0 | AJ83: =K83+Q83+W83+AC83+AI83 -> 26646.546
A84: Total Costs | K84: =K81+K83 -> 9079.902 | Q84: =Q81+Q83 -> 23153.75 | W84: =W81+W83 -> 23616.825 | AC84: =AC81+AC83 -> 24089.162 | AI84: =AI81+AI83 -> 0 | AJ84: =AJ81+AJ83 -> 79939.639
A86: Included in U of U IDC Base | AI86: =IF(K86+Q86+W86+AC86=25000,0,IF(K84+Q84+W84+AC84+AI84<25000,AI84,25000-K86-Q86-W86-AC86)) -> 25000

Sheet Penn
A1: Type of Grant: | B1: ='Primary Site'!$B$1 -> DoD CDMRP Epilepsy Research Program Research Partnership Award
A2: Title: | B2: ='Primary Site'!$B$2 -> MINUTE
A3: Consortium PI: | B3: Diaz-Arrastia
A4: Consortium Institution: | B4: U Penn
A5: Start Date: | B5: 44105
A6: # of Years: | B6: 4
A7: Sponsor: | B7: ='Primary Site'!$B$6 -> DoD
A8: Salary Cap: | B8: ='Primary Site'!$B$7 -> None
A9: Due Date: | B9: ='Primary Site'!$B$8 -> 44033
A10: Benefit Rates | D10: F&A | F10: Period | G10: Start Date | H10: End Date
A11: Faculty | C11: 0.32 | D11: Year 1 | E11: 0.6 | F11: =IF($B$6>=1,1,"") -> 1 | G11: =IF(NOT(ISBLANK(B5)), B5, "") -> 44105 | H11: =IF(F11<>"",DATE(YEAR(G11)+1,MONTH(G11),DAY(G11)-1),"") -> 44469
A12: Grad Student | D12: Year 2 | E12: 0.6 | F12: =IF($B$6>=2,2,"") -> 2 | G12: =IF(F12<>"",DATE(YEAR(G11)+1,MONTH(G11), DAY(G11)),"") -> 44470 | H12: =IF(F12<>"",DATE(YEAR(G12)+1,MONTH(G12),DAY(G12)-1),"") -> 44834
A13: Undergrad | C13: 0.1 | D13: Year 3 | E13: 0.6 | F13: =IF($B$6>=3,3,"") -> 3 | G13: =IF(F13<>"",DATE(YEAR(G12)+1,MONTH(G12), DAY(G12)),"") -> 44835 | H13: =IF(F13<>"",DATE(YEAR(G13)+1,MONTH(G13),DAY(G13)-1),"") -> 45199
A14: Post-Doc | D14: Year 4 | E14: 0.6 | F14: =IF($B$6>=4,4,"") -> 4 | G14: =IF(F14<>"",DATE(YEAR(G13)+1,MONTH(G13), DAY(G13)),"") -> 45200 | H14: =IF(F14<>"",DATE(YEAR(G14)+1,MONTH(G14),DAY(G14)-1),"") -> 45565
A15: Staff | D15: Year 5 | F15: =IF($B$6>=5,5,"") | G15: =IF(F15<>"",DATE(YEAR(G14)+1,MONTH(G14), DAY(G14)),"") | H15: =IF(F15<>"",DATE(YEAR(G15)+1,MONTH(G15),DAY(G15)-1),"")
A17: Budget per year | F17: Year 1 | L17: Year 2 | R17: Year 3 | X17: Year 4 | AD17: Year 5 | AJ17: Total All Years
F18: =CONCATENATE(TEXT($G11,"mm/dd/yyy")," - ",TEXT($H11,"mm/dd/yyyy")) -> 10/01/2020 - 09/30/2021 | L18: =CONCATENATE(TEXT($G12,"mm/dd/yyy")," - ",TEXT($H12,"mm/dd/yyyy")) -> 10/01/2021 - 09/30/2022 | R18: =CONCATENATE(TEXT($G13,"mm/dd/yyy")," - ",TEXT($H13,"mm/dd/yyyy")) -> 10/01/2022 - 09/30/2023 | X18: =CONCATENATE(TEXT($G14,"mm/dd/yyy")," - ",TEXT($H14,"mm/dd/yyyy")) -> 10/01/2023 - 09/30/2024 | AD18: =CONCATENATE(TEXT($G15,"mm/dd/yyy")," - ",TEXT($H15,"mm/dd/yyyy")) -> -
A19: Name | B19: Project Role | C19: Benefit Rate Category | D19: Benefit Rate | E19: Salary | F19: Salary or NIH salary cap | G19: Calendar Months | H19: Effort | I19: Requested support | J19: Benefits | K19: Total salary + benefits | L19: Salary or NIH salary cap | M19: Calendar Months | N19: Effort | O19: Requested support | P19: Benefits | Q19: Total salary + benefits | R19: Salary or NIH salary cap | S19: Calendar Months | T19: Effort | U19: Requested support | V19: Benefits | W19: Total salary + benefits | X19: Salary or NIH salary cap | Y19: Calendar Months | Z19: Effort | AA19: Requested support | AB19: Benefits | AC19: Total salary + benefits | AD19: Salary or NIH salary cap | AE19: Calendar Months | AF19: Effort | AG19: Requested support | AH19: Benefits | AI19: Total salary + benefits
A20: Key Personnel
A21: Ramon Diaz-Arrastia | B21: Partnering PI | C21: Faculty | D21: 0.32 | E21: 400000 | F21: =IF(AND($E$8="DHHS",E21>'Stipends & Salary Caps'!$B$22),'Stipends & Salary Caps'!$B$22,IF(AND($F$9="PCORI",E21>'Stipends & Salary Caps'!$B$23),'Stipends & Salary Caps'!$B$23,E21)) -> 400000 | G21: =12*H21 -> 0 | H21: 0 | I21: =H21* F21 -> 0 | J21: =I21*0.32 -> 0 | K21: =I21+J21 -> 0 | L21: 0 | M21: =12*N21 -> 0 | N21: 0 | O21: 22828 | P21: =O21*0.32 -> 7304.96 | Q21: 0 | R21: =L21*1.02 -> 0 | S21: =12*T21 -> 0 | T21: 0 | U21: =R21*T21 -> 0 | V21: =U21*0.32 -> 0 | W21: =U21+V21 -> 0 | X21: =R21*1.02 -> 0 | Y21: =12*Z21 -> 0 | Z21: 0 | AA21: bl | AB21: =AA21*0.32 -> #VALUE! | AC21: 0 | AD21: =X21 -> 0 | AE21: =12*AF21 -> 0 | AG21: =$E$21*AF21 -> 0 | AH21: =AG21*D21 -> 0 | AI21: =AG21+AH21 -> 0 | AJ21: =K21+Q21+W21+AC21+AI21 -> 0
C22: Faculty | D22: =LOOKUP(C22,$A$9:$A$12,$B$9:$B$12) -> 0 | F22: =IF(AND($E$8="DHHS",E22>'Stipends & Salary Caps'!$B$22),'Stipends & Salary Caps'!$B$22,IF(AND($F$9="PCORI",E22>'Stipends & Salary Caps'!$B$23),'Stipends & Salary Caps'!$B$23,E22)) -> 0 | G22: =12*H22 -> 0 | I22: =$E22*H22 -> 0 | J22: =I22*D22 -> 0 | K22: =I22+J22 -> 0 | L22: =F22 -> 0 | M22: =12*N22 -> 0 | O22: =$L22*N22 -> 0 | P22: =O22*D22 -> 0 | Q22: =O22+P22 -> 0 | R22: =L22 -> 0 | S22: =12*T22 -> 0 | U22: =$E22*T22 -> 0 | V22: =U22*D22 -> 0 | W22: =U22+V22 -> 0 | X22: =R22 -> 0 | Y22: =12*Z22 -> 0 | AA22: =$E22*Z22 -> 0 | AB22: =AA22*D22 -> 0 | AC22: =AA22+AB22 -> 0 | AD22: =X22 -> 0 | AE22: =12*AF22 -> 0 | AG22: =$E22*AF22 -> 0 | AH22: =AG22*D22 -> 0 | AI22: =AG22+AH22 -> 0 | AJ22: =K22+Q22+W22+AC22+AI22 -> 0
C23: Faculty | D23: =LOOKUP(C23,$A$9:$A$12,$B$9:$B$12) -> 0 | F23: =IF(AND($E$8="DHHS",E23>'Stipends & Salary Caps'!$B$22),'Stipends & Salary Caps'!$B$22,IF(AND($F$9="PCORI",E23>'Stipends & Salary Caps'!$B$23),'Stipends & Salary Caps'!$B$23,E23)) -> 0 | G23: =12*H23 -> 0 | I23: =$E23*H23 -> 0 | J23: =I23*D23 -> 0 | K23: =I23+J23 -> 0 | L23: =F23 -> 0 | M23: =12*N23 -> 0 | O23: =$E23*N23 -> 0 | P23: =O23*D23 -> 0 | Q23: =O23+P23 -> 0 | R23: =L23 -> 0 | S23: =12*T23 -> 0 | U23: =$E23*T23 -> 0 | V23: =U23*D23 -> 0 | W23: =U23+V23 -> 0 | X23: =R23 -> 0 | Y23: =12*Z23 -> 0 | AA23: =$E23*Z23 -> 0 | AB23: =AA23*D23 -> 0 | AC23: =AA23+AB23 -> 0 | AD23: =X23 -> 0 | AE23: =12*AF23 -> 0 | AG23: =$E23*AF23 -> 0 | AH23: =AG23*D23 -> 0 | AI23: =AG23+AH23 -> 0 | AJ23: =K23+Q23+W23+AC23+AI23 -> 0
C24: Faculty | D24: =LOOKUP(C24,$A$9:$A$12,$B$9:$B$12) -> 0 | F24: =IF(AND($E$8="DHHS",E24>'Stipends & Salary Caps'!$B$22),'Stipends & Salary Caps'!$B$22,IF(AND($F$9="PCORI",E24>'Stipends & Salary Caps'!$B$23),'Stipends & Salary Caps'!$B$23,E24)) -> 0 | G24: =12*H24 -> 0 | I24: =$E24*H24 -> 0 | J24: =I24*D24 -> 0 | K24: =I24+J24 -> 0 | L24: =F24 -> 0 | M24: =12*N24 -> 0 | O24: =$E24*N24 -> 0 | P24: =O24*D24 -> 0 | Q24: =O24+P24 -> 0 | R24: =L24 -> 0 | S24: =12*T24 -> 0 | U24: =$E24*T24 -> 0 | V24: =U24*D24 -> 0 | W24: =U24+V24 -> 0 | X24: =R24 -> 0 | Y24: =12*Z24 -> 0 | AA24: =$E24*Z24 -> 0 | AB24: =AA24*D24 -> 0 | AC24: =AA24+AB24 -> 0 | AD24: =X24 -> 0 | AE24: =12*AF24 -> 0 | AG24: =$E24*AF24 -> 0 | AH24: =AG24*D24 -> 0 | AI24: =AG24+AH24 -> 0 | AJ24: =K24+Q24+W24+AC24+AI24 -> 0
C25: Faculty | D25: =LOOKUP(C25,$A$9:$A$12,$B$9:$B$12) -> 0 | F25: =IF(AND($E$8="DHHS",E25>'Stipends & Salary Caps'!$B$22),'Stipends & Salary Caps'!$B$22,IF(AND($F$9="PCORI",E25>'Stipends & Salary Caps'!$B$23),'Stipends & Salary Caps'!$B$23,E25)) -> 0 | G25: =12*H25 -> 0 | I25: =$E25*H25 -> 0 | J25: =I25*D25 -> 0 | K25: =I25+J25 -> 0 | L25: =F25 -> 0 | M25: =12*N25 -> 0 | O25: =$E25*N25 -> 0 | P25: =O25*D25 -> 0 | Q25: =O25+P25 -> 0 | R25: =L25 -> 0 | S25: =12*T25 -> 0 | U25: =$E25*T25 -> 0 | V25: =U25*D25 -> 0 | W25: =U25+V25 -> 0 | X25: =R25 -> 0 | Y25: =12*Z25 -> 0 | AA25: =$E25*Z25 -> 0 | AB25: =AA25*D25 -> 0 | AC25: =AA25+AB25 -> 0 | AD25: =X25 -> 0 | AE25: =12*AF25 -> 0 | AG25: =$E25*AF25 -> 0 | AH25: =AG25*D25 -> 0 | AI25: =AG25+AH25 -> 0 | AJ25: =K25+Q25+W25+AC25+AI25 -> 0
C26: Faculty | D26: =LOOKUP(C26,$A$9:$A$12,$B$9:$B$12) -> 0 | F26: =IF(AND($E$8="DHHS",E26>'Stipends & Salary Caps'!$B$22),'Stipends & Salary Caps'!$B$22,IF(AND($F$9="PCORI",E26>'Stipends & Salary Caps'!$B$23),'Stipends & Salary Caps'!$B$23,E26)) -> 0 | G26: =12*H26 -> 0 | I26: =$E26*H26 -> 0 | J26: =I26*D26 -> 0 | K26: =I26+J26 -> 0 | L26: =F26 -> 0 | M26: =12*N26 -> 0 | O26: =$E26*N26 -> 0 | P26: =O26*D26 -> 0 | Q26: =O26+P26 -> 0 | R26: =L26 -> 0 | S26: =12*T26 -> 0 | U26: =$E26*T26 -> 0 | V26: =U26*D26 -> 0 | W26: =U26+V26 -> 0 | X26: =R26 -> 0 | Y26: =12*Z26 -> 0 | AA26: =$E26*Z26 -> 0 | AB26: =AA26*D26 -> 0 | AC26: =AA26+AB26 -> 0 | AD26: =X26 -> 0 | AE26: =12*AF26 -> 0 | AG26: =$E26*AF26 -> 0 | AH26: =AG26*D26 -> 0 | AI26: =AG26+AH26 -> 0 | AJ26: =K26+Q26+W26+AC26+AI26 -> 0
C27: Faculty | D27: =LOOKUP(C27,$A$9:$A$12,$B$9:$B$12) -> 0 | F27: =IF(AND($E$8="DHHS",E27>'Stipends & Salary Caps'!$B$22),'Stipends & Salary Caps'!$B$22,IF(AND($F$9="PCORI",E27>'Stipends & Salary Caps'!$B$23),'Stipends & Salary Caps'!$B$23,E27)) -> 0 | G27: =12*H27 -> 0 | I27: =$E27*H27 -> 0 | J27: =I27*D27 -> 0 | K27: =I27+J27 -> 0 | L27: =F27 -> 0 | M27: =12*N27 -> 0 | O27: =$E27*N27 -> 0 | P27: =O27*D27 -> 0 | Q27: =O27+P27 -> 0 | R27: =L27 -> 0 | S27: =12*T27 -> 0 | U27: =$E27*T27 -> 0 | V27: =U27*D27 -> 0 | W27: =U27+V27 -> 0 | X27: =R27 -> 0 | Y27: =12*Z27 -> 0 | AA27: =$E27*Z27 -> 0 | AB27: =AA27*D27 -> 0 | AC27: =AA27+AB27 -> 0 | AD27: =X27 -> 0 | AE27: =12*AF27 -> 0 | AG27: =$E27*AF27 -> 0 | AH27: =AG27*D27 -> 0 | AI27: =AG27+AH27 -> 0 | AJ27: =K27+Q27+W27+AC27+AI27 -> 0
C28: Faculty | D28: =LOOKUP(C28,$A$9:$A$12,$B$9:$B$12) -> 0 | F28: =IF(AND($E$8="DHHS",E28>'Stipends & Salary Caps'!$B$22),'Stipends & Salary Caps'!$B$22,IF(AND($F$9="PCORI",E28>'Stipends & Salary Caps'!$B$23),'Stipends & Salary Caps'!$B$23,E28)) -> 0 | G28: =12*H28 -> 0 | I28: =$E28*H28 -> 0 | J28: =I28*D28 -> 0 | K28: =I28+J28 -> 0 | L28: =F28 -> 0 | M28: =12*N28 -> 0 | O28: =$E28*N28 -> 0 | P28: =O28*D28 -> 0 | Q28: =O28+P28 -> 0 | R28: =L28 -> 0 | S28: =12*T28 -> 0 | U28: =$E28*T28 -> 0 | V28: =U28*D28 -> 0 | W28: =U28+V28 -> 0 | X28: =R28 -> 0 | Y28: =12*Z28 -> 0 | AA28: =$E28*Z28 -> 0 | AB28: =AA28*D28 -> 0 | AC28: =AA28+AB28 -> 0 | AD28: =X28 -> 0 | AE28: =12*AF28 -> 0 | AG28: =$E28*AF28 -> 0 | AH28: =AG28*D28 -> 0 | AI28: =AG28+AH28 -> 0 | AJ28: =K28+Q28+W28+AC28+AI28 -> 0
C29: Faculty | D29: =LOOKUP(C29,$A$9:$A$12,$B$9:$B$12) -> 0 | F29: =IF(AND($E$8="DHHS",E29>'Stipends & Salary Caps'!$B$22),'Stipends & Salary Caps'!$B$22,IF(AND($F$9="PCORI",E29>'Stipends & Salary Caps'!$B$23),'Stipends & Salary Caps'!$B$23,E29)) -> 0 | G29: =12*H29 -> 0 | I29: =$E29*H29 -> 0 | J29: =I29*D29 -> 0 | K29: =I29+J29 -> 0 | L29: =F29 -> 0 | M29: =12*N29 -> 0 | O29: =$E29*N29 -> 0 | P29: =O29*D29 -> 0 | Q29: =O29+P29 -> 0 | R29: =L29 -> 0 | S29: =12*T29 -> 0 | U29: =$E29*T29 -> 0 | V29: =U29*D29 -> 0 | W29: =U29+V29 -> 0 | X29: =R29 -> 0 | Y29: =12*Z29 -> 0 | AA29: =$E29*Z29 -> 0 | AB29: =AA29*D29 -> 0 | AC29: =AA29+AB29 -> 0 | AD29: =X29 -> 0 | AE29: =12*AF29 -> 0 | AG29: =$E29*AF29 -> 0 | AH29: =AG29*D29 -> 0 | AI29: =AG29+AH29 -> 0 | AJ29: =K29+Q29+W29+AC29+AI29 -> 0
C30: Faculty | D30: =LOOKUP(C30,$A$9:$A$12,$B$9:$B$12) -> 0 | F30: =IF(AND($E$8="DHHS",E30>'Stipends & Salary Caps'!$B$22),'Stipends & Salary Caps'!$B$22,IF(AND($F$9="PCORI",E30>'Stipends & Salary Caps'!$B$23),'Stipends & Salary Caps'!$B$23,E30)) -> 0 | G30: =12*H30 -> 0 | I30: =$E30*H30 -> 0 | J30: =I30*D30 -> 0 | K30: =I30+J30 -> 0 | L30: =F30 -> 0 | M30: =12*N30 -> 0 | O30: =$E30*N30 -> 0 | P30: =O30*D30 -> 0 | Q30: =O30+P30 -> 0 | R30: =L30 -> 0 | S30: =12*T30 -> 0 | U30: =$E30*T30 -> 0 | V30: =U30*D30 -> 0 | W30: =U30+V30 -> 0 | X30: =R30 -> 0 | Y30: =12*Z30 -> 0 | AA30: =$E30*Z30 -> 0 | AB30: =AA30*D30 -> 0 | AC30: =AA30+AB30 -> 0 | AD30: =X30 -> 0 | AE30: =12*AF30 -> 0 | AG30: =$E30*AF30 -> 0 | AH30: =AG30*D30 -> 0 | AI30: =AG30+AH30 -> 0 | AJ30: =K30+Q30+W30+AC30+AI30 -> 0
C31: Faculty | D31: =LOOKUP(C31,$A$9:$A$12,$B$9:$B$12) -> 0 | F31: =IF(AND($E$8="DHHS",E31>'Stipends & Salary Caps'!$B$22),'Stipends & Salary Caps'!$B$22,IF(AND($F$9="PCORI",E31>'Stipends & Salary Caps'!$B$23),'Stipends & Salary Caps'!$B$23,E31)) -> 0 | G31: =12*H31 -> 0 | I31: =$E31*H31 -> 0 | J31: =I31*D31 -> 0 | K31: =I31+J31 -> 0 | L31: =F31 -> 0 | M31: =12*N31 -> 0 | O31: =$E31*N31 -> 0 | P31: =O31*D31 -> 0 | Q31: =O31+P31 -> 0 | R31: =L31 -> 0 | S31: =12*T31 -> 0 | U31: =$E31*T31 -> 0 | V31: =U31*D31 -> 0 | W31: =U31+V31 -> 0 | X31: =R31 -> 0 | Y31: =12*Z31 -> 0 | AA31: =$E31*Z31 -> 0 | AB31: =AA31*D31 -> 0 | AC31: =AA31+AB31 -> 0 | AD31: =X31 -> 0 | AE31: =12*AF31 -> 0 | AG31: =$E31*AF31 -> 0 | AH31: =AG31*D31 -> 0 | AI31: =AG31+AH31 -> 0 | AJ31: =K31+Q31+W31+AC31+AI31 -> 0
A32: Other Personnel
A33: Undergraduate Research Assistant | C33: Staff | D33: 0.1 | E33: 0 | F33: =IF(E33>187000,187000,E33) -> 0 | G33: =12*H33 -> 0 | I33: =$E33*H33 -> 0 | J33: 0 | K33: 0 | L33: =F33 -> 0 | M33: =12*N33 -> 0 | O33: =$E33*N33 -> 0 | P33: 0 | Q33: =O33+P33 -> 0 | R33: =L33 -> 0 | S33: =12*T33 -> 0 | U33: =$E33*T33 -> 0 | W33: 0 | X33: =R33 -> 0 | Y33: =12*Z33 -> 0 | AA33: =$E33*Z33 -> 0 | AC33: =AA33+AB33 -> 0 | AD33: =X33 -> 0 | AE33: =12*AF33 -> 0 | AG33: =$E33*AF33 -> 0 | AH33: =AG33*D33 -> 0 | AI33: =AG33+AH33 -> 0 | AJ33: =K33+Q33+W33+AC33+AI33 -> 0
C34: Staff | D34: =LOOKUP(C34,$A$9:$A$12,$B$9:$B$12) -> 0 | F34: =IF(E34>187000,187000,E34) -> 0 | G34: =12*H34 -> 0 | I34: =$E34*H34 -> 0 | J34: =I34*D34 -> 0 | K34: =I34+J34 -> 0 | L34: =F34 -> 0 | M34: =12*N34 -> 0 | O34: =$E34*N34 -> 0 | P34: =O34*D34 -> 0 | Q34: =O34+P34 -> 0 | R34: =L34 -> 0 | S34: =12*T34 -> 0 | U34: =$E34*T34 -> 0 | V34: =U34*D34 -> 0 | W34: =U34+V34 -> 0 | X34: =R34 -> 0 | Y34: =12*Z34 -> 0 | AA34: =$E34*Z34 -> 0 | AB34: =AA34*D34 -> 0 | AC34: =AA34+AB34 -> 0 | AD34: =X34 -> 0 | AE34: =12*AF34 -> 0 | AG34: =$E34*AF34 -> 0 | AH34: =AG34*D34 -> 0 | AI34: =AG34+AH34 -> 0 | AJ34: =K34+Q34+W34+AC34+AI34 -> 0
C35: Staff | D35: =LOOKUP(C35,$A$9:$A$12,$B$9:$B$12) -> 0 | F35: =IF(E35>187000,187000,E35) -> 0 | G35: =12*H35 -> 0 | I35: =$E35*H35 -> 0 | J35: =I35*D35 -> 0 | K35: =I35+J35 -> 0 | L35: =F35 -> 0 | M35: =12*N35 -> 0 | O35: =$E35*N35 -> 0 | P35: =O35*D35 -> 0 | Q35: =O35+P35 -> 0 | R35: =L35 -> 0 | S35: =12*T35 -> 0 | U35: =$E35*T35 -> 0 | V35: =U35*D35 -> 0 | W35: =U35+V35 -> 0 | X35: =R35 -> 0 | Y35: =12*Z35 -> 0 | AA35: =$E35*Z35 -> 0 | AB35: =AA35*D35 -> 0 | AC35: =AA35+AB35 -> 0 | AD35: =X35 -> 0 | AE35: =12*AF35 -> 0 | AG35: =$E35*AF35 -> 0 | AH35: =AG35*D35 -> 0 | AI35: =AG35+AH35 -> 0 | AJ35: =K35+Q35+W35+AC35+AI35 -> 0
C36: Staff | D36: =LOOKUP(C36,$A$9:$A$12,$B$9:$B$12) -> 0 | F36: =IF(E36>187000,187000,E36) -> 0 | G36: =12*H36 -> 0 | I36: =$E36*H36 -> 0 | J36: =I36*D36 -> 0 | K36: =I36+J36 -> 0 | L36: =F36 -> 0 | M36: =12*N36 -> 0 | O36: =$E36*N36 -> 0 | P36: =O36*D36 -> 0 | Q36: =O36+P36 -> 0 | R36: =L36 -> 0 | S36: =12*T36 -> 0 | U36: =$E36*T36 -> 0 | V36: =U36*D36 -> 0 | W36: =U36+V36 -> 0 | X36: =R36 -> 0 | Y36: =12*Z36 -> 0 | AA36: =$E36*Z36 -> 0 | AB36: =AA36*D36 -> 0 | AC36: =AA36+AB36 -> 0 | AD36: =X36 -> 0 | AE36: =12*AF36 -> 0 | AG36: =$E36*AF36 -> 0 | AH36: =AG36*D36 -> 0 | AI36: =AG36+AH36 -> 0 | AJ36: =K36+Q36+W36+AC36+AI36 -> 0
C37: Staff | D37: =LOOKUP(C37,$A$9:$A$12,$B$9:$B$12) -> 0 | F37: =IF(E37>187000,187000,E37) -> 0 | G37: =12*H37 -> 0 | I37: =$E37*H37 -> 0 | J37: =I37*D37 -> 0 | K37: =I37+J37 -> 0 | L37: =F37 -> 0 | M37: =12*N37 -> 0 | O37: =$E37*N37 -> 0 | P37: =O37*D37 -> 0 | Q37: =O37+P37 -> 0 | R37: =L37 -> 0 | S37: =12*T37 -> 0 | U37: =$E37*T37 -> 0 | V37: =U37*D37 -> 0 | W37: =U37+V37 -> 0 | X37: =R37 -> 0 | Y37: =12*Z37 -> 0 | AA37: =$E37*Z37 -> 0 | AB37: =AA37*D37 -> 0 | AC37: =AA37+AB37 -> 0 | AD37: =X37 -> 0 | AE37: =12*AF37 -> 0 | AG37: =$E37*AF37 -> 0 | AH37: =AG37*D37 -> 0 | AI37: =AG37+AH37 -> 0 | AJ37: =K37+Q37+W37+AC37+AI37 -> 0
C38: Staff | D38: =LOOKUP(C38,$A$9:$A$12,$B$9:$B$12) -> 0 | F38: =IF(E38>187000,187000,E38) -> 0 | G38: =12*H38 -> 0 | I38: =$E38*H38 -> 0 | J38: =I38*D38 -> 0 | K38: =I38+J38 -> 0 | L38: =F38 -> 0 | M38: =12*N38 -> 0 | O38: =$E38*N38 -> 0 | P38: =O38*D38 -> 0 | Q38: =O38+P38 -> 0 | R38: =L38 -> 0 | S38: =12*T38 -> 0 | U38: =$E38*T38 -> 0 | V38: =U38*D38 -> 0 | W38: =U38+V38 -> 0 | X38: =R38 -> 0 | Y38: =12*Z38 -> 0 | AA38: =$E38*Z38 -> 0 | AB38: =AA38*D38 -> 0 | AC38: =AA38+AB38 -> 0 | AD38: =X38 -> 0 | AE38: =12*AF38 -> 0 | AG38: =$E38*AF38 -> 0 | AH38: =AG38*D38 -> 0 | AI38: =AG38+AH38 -> 0 | AJ38: =K38+Q38+W38+AC38+AI38 -> 0
C39: Staff | D39: =LOOKUP(C39,$A$9:$A$12,$B$9:$B$12) -> 0 | F39: =IF(E39>187000,187000,E39) -> 0 | G39: =12*H39 -> 0 | I39: =$E39*H39 -> 0 | J39: =I39*D39 -> 0 | K39: =I39+J39 -> 0 | L39: =F39 -> 0 | M39: =12*N39 -> 0 | O39: =$E39*N39 -> 0 | P39: =O39*D39 -> 0 | Q39: =O39+P39 -> 0 | R39: =L39 -> 0 | S39: =12*T39 -> 0 | U39: =$E39*T39 -> 0 | V39: =U39*D39 -> 0 | W39: =U39+V39 -> 0 | X39: =R39 -> 0 | Y39: =12*Z39 -> 0 | AA39: =$E39*Z39 -> 0 | AB39: =AA39*D39 -> 0 | AC39: =AA39+AB39 -> 0 | AD39: =X39 -> 0 | AE39: =12*AF39 -> 0 | AG39: =$E39*AF39 -> 0 | AH39: =AG39*D39 -> 0 | AI39: =AG39+AH39 -> 0 | AJ39: =K39+Q39+W39+AC39+AI39 -> 0
C40: Staff | D40: =LOOKUP(C40,$A$9:$A$12,$B$9:$B$12) -> 0 | F40: =IF(E40>187000,187000,E40) -> 0 | G40: =12*H40 -> 0 | I40: =$E40*H40 -> 0 | J40: =I40*D40 -> 0 | K40: =I40+J40 -> 0 | L40: =F40 -> 0 | M40: =12*N40 -> 0 | O40: =$E40*N40 -> 0 | P40: =O40*D40 -> 0 | Q40: =O40+P40 -> 0 | R40: =L40 -> 0 | S40: =12*T40 -> 0 | U40: =$E40*T40 -> 0 | V40: =U40*D40 -> 0 | W40: =U40+V40 -> 0 | X40: =R40 -> 0 | Y40: =12*Z40 -> 0 | AA40: =$E40*Z40 -> 0 | AB40: =AA40*D40 -> 0 | AC40: =AA40+AB40 -> 0 | AD40: =X40 -> 0 | AE40: =12*AF40 -> 0 | AG40: =$E40*AF40 -> 0 | AH40: =AG40*D40 -> 0 | AI40: =AG40+AH40 -> 0 | AJ40: =K40+Q40+W40+AC40+AI40 -> 0
C41: Staff | D41: =LOOKUP(C41,$A$9:$A$12,$B$9:$B$12) -> 0 | F41: =IF(E41>187000,187000,E41) -> 0 | G41: =12*H41 -> 0 | I41: =$E41*H41 -> 0 | J41: =I41*D41 -> 0 | K41: =I41+J41 -> 0 | L41: =F41 -> 0 | M41: =12*N41 -> 0 | O41: =$E41*N41 -> 0 | P41: =O41*D41 -> 0 | Q41: =O41+P41 -> 0 | R41: =L41 -> 0 | S41: =12*T41 -> 0 | U41: =$E41*T41 -> 0 | V41: =U41*D41 -> 0 | W41: =U41+V41 -> 0 | X41: =R41 -> 0 | Y41: =12*Z41 -> 0 | AA41: =$E41*Z41 -> 0 | AB41: =AA41*D41 -> 0 | AC41: =AA41+AB41 -> 0 | AD41: =X41 -> 0 | AE41: =12*AF41 -> 0 | AG41: =$E41*AF41 -> 0 | AH41: =AG41*D41 -> 0 | AI41: =AG41+AH41 -> 0 | AJ41: =K41+Q41+W41+AC41+AI41 -> 0
C42: Staff | D42: =LOOKUP(C42,$A$9:$A$12,$B$9:$B$12) -> 0 | F42: =IF(E42>187000,187000,E42) -> 0 | G42: =12*H42 -> 0 | I42: =$E42*H42 -> 0 | J42: =I42*D42 -> 0 | K42: =I42+J42 -> 0 | L42: =F42 -> 0 | M42: =12*N42 -> 0 | O42: =$E42*N42 -> 0 | P42: =O42*D42 -> 0 | Q42: =O42+P42 -> 0 | R42: =L42 -> 0 | S42: =12*T42 -> 0 | U42: =$E42*T42 -> 0 | V42: =U42*D42 -> 0 | W42: =U42+V42 -> 0 | X42: =R42 -> 0 | Y42: =12*Z42 -> 0 | AA42: =$E42*Z42 -> 0 | AB42: =AA42*D42 -> 0 | AC42: =AA42+AB42 -> 0 | AD42: =X42 -> 0 | AE42: =12*AF42 -> 0 | AG42: =$E42*AF42 -> 0 | AH42: =AG42*D42 -> 0 | AI42: =AG42+AH42 -> 0 | AJ42: =K42+Q42+W42+AC42+AI42 -> 0
A43: Total Salary, Wages and Fringe Benefits | I43: =SUM(I21:I42) -> 0 | J43: =SUM(J21:J42) -> 0 | K43: =SUM(K21:K42) -> 0 | O43: =SUM(O21:O42) -> 22828 | P43: =SUM(P21:P42) -> 7304.96 | Q43: 0 | U43: =SUM(U21:U42) -> 0 | V43: =SUM(V21:V42) -> 0 | W43: 0 | AA43: =SUM(AA21:AA42) -> 0 | AB43: =SUM(AB21:AB42) -> #VALUE! | AC43: 0 | AG43: =SUM(AG21:AG42) -> 0 | AH43: =SUM(AH21:AH42) -> 0 | AI43: =SUM(AI21:AI42) -> 0 | AJ43: =K43+Q43+W43+AC43+AI43 -> 0
A44: Equipment Description ($5,000 or more)
A45: Research Specific Equipment | AJ45: =K45+Q45+W45+AC45+AI45 -> 0
AJ46: =K46+Q46+W46+AC46+AI46 -> 0
A47: Total Equipment | K47: =SUM(K45:K46) -> 0 | Q47: =SUM(Q45:Q46) -> 0 | W47: =SUM(W45:W46) -> 0 | AC47: =SUM(AC45:AC46) -> 0 | AI47: =SUM(AI45:AI46) -> 0 | AJ47: =K47+Q47+W47+AC47+AI47 -> 0
A48: Travel
A49: 1. Domestic Travel Costs (incl. Canada, Mexico, and U.S. Possessions | F49: TO SLC | L49: To Meeting | AJ49: =K49+Q49+W49+AC49+AI49 -> 0
A50: 2. Foreign Travel Costs | AJ50: =K50+Q50+W50+AC50+AI50 -> 0
A51: Total Travel | K51: =SUM(K49:K50) -> 0 | Q51: =SUM(Q49:Q50) -> 0 | W51: =SUM(W49:W50) -> 0 | AC51: =SUM(AC49:AC50) -> 0 | AI51: =SUM(AI49:AI50) -> 0 | AJ51: =K51+Q51+W51+AC51+AI51 -> 0
A52: Participant/Trainee Support Costs
A53: 1. Tuition/Fees/Health Insurance | AJ53: =K53+Q53+W53+AC53+AI53 -> 0
A54: 2. Stipends | AJ54: =K54+Q54+W54+AC54+AI54 -> 0
A55: 3. Travel | AJ55: =K55+Q55+W55+AC55+AI55 -> 0
A56: 4. Subsistence | AJ56: =K56+Q56+W56+AC56+AI56 -> 0
A57: 5. Other | AJ57: =K57+Q57+W57+AC57+AI57 -> 0
A58: 6. Scholarships | AJ58: =K58+Q58+W58+AC58+AI58 -> 0
A59: Total Participant/Trainee Support Costs | K59: =SUM(K53:K58) -> 0 | Q59: =SUM(Q53:Q58) -> 0 | W59: =SUM(W53:W58) -> 0 | AC59: =SUM(AC53:AC58) -> 0 | AI59: =SUM(AI53:AI58) -> 0 | AJ59: =K59+Q59+W59+AC59+AI59 -> 0
A60: Other Direct Costs
A61: 1. Materials and Supplies (list by type) | AJ61: =K61+Q61+W61+AC61+AI61 -> 0
A62: Research Supplies | AJ62: =K62+Q62+W62+AC62+AI62 -> 0
A63: Laptop for PI | F63: Laptop + peripheral+monitor | AJ63: =K63+Q63+W63+AC63+AI63 -> 0
A64: consumable supplies | AJ64: =K64+Q64+W64+AC64+AI64 -> 0
AJ65: =K65+Q65+W65+AC65+AI65 -> 0
A66: Total Materials and Supplies | K66: =SUM(K62:K65) -> 0 | Q66: =SUM(Q62:Q65) -> 0 | W66: =SUM(W62:W65) -> 0 | AC66: =SUM(AC62:AC65) -> 0 | AI66: =SUM(AI62:AI65) -> 0 | AJ66: =K66+Q66+W66+AC66+AI66 -> 0
A67: 2. Publication Costs | AJ67: =K67+Q67+W67+AC67+AI67 -> 0
A68: 3. Consultant Services | AJ68: =K68+Q68+W68+AC68+AI68 -> 0
A69: 4. ADP/Computer Services | AJ69: =K69+Q69+W69+AC69+AI69 -> 0
A70: 5. Subawards/Consortium/Contractual Costs
A71: Direct Costs | AJ71: =K71+Q71+W71+AC71+AI71 -> 0
A72: Indirect Costs | AJ72: =K72+Q72+W72+AC72+AI72 -> 0
A73: Total Subawards/Consortium/Contractual Costs | K73: =SUM(K71:K72) -> 0 | Q73: =SUM(Q71:Q72) -> 0 | W73: =SUM(W71:W72) -> 0 | AC73: =SUM(AC71:AC72) -> 0 | AI73: =SUM(AI71:AI72) -> 0 | AJ73: =K73+Q73+W73+AC73+AI73 -> 0
A74: 6. Equipment of Facility Rental/User Fees | AJ74: =K74+Q74+W74+AC74+AI74 -> 0
A75: 7. Alterations and Renovations | AJ75: =K75+Q75+W75+AC75+AI75 -> 0
A76: 8. Patient Care Costs
A77: 1. Inpatient | AJ77: =K77+Q77+W77+AC77+AI77 -> 0
A78: 2. Outpatient | AJ78: =K78+Q78+W78+AC78+AI78 -> 0
A79: Total Patient Care Costs | K79: =SUM(K77:K78) -> 0 | Q79: =SUM(Q77:Q78) -> 0 | W79: =SUM(W77:W78) -> 0 | AC79: =SUM(AC77:AC78) -> 0 | AI79: =SUM(AI77:AI78) -> 0 | AJ79: =K79+Q79+W79+AC79+AI79 -> 0
A80: Total Other Direct Costs | K80: =K66+K67+K68+K69+K73+K74+K75+K79 -> 0 | Q80: =Q66+Q67+Q68+Q69+Q73+Q74+Q75+Q79 -> 0 | W80: =W66+W67+W68+W69+W73+W74+W75+W79 -> 0 | AC80: =AC66+AC67+AC68+AC69+AC73+AC74+AC75+AC79 -> 0 | AI80: =AI66+AI67+AI68+AI69+AI73+AI74+AI75+AI79 -> 0 | AJ80: =K80+Q80+W80+AC80+AI80 -> 0
A81: Total Direct Costs | K81: =K43+K47+K51+K59+K80 -> 0 | Q81: =Q43+Q47+Q51+Q59+Q80 -> 0 | W81: =W43+W47+W51+W59+W80 -> 0 | AC81: =AC43+AC47+AC51+AC59+AC80 -> 0 | AI81: =AI43+AI47+AI51+AI59+AI80 -> 0 | AJ81: 0
A82: Modified Total Direct Costs | K82: =K81-K79-K53-K47 -> 0 | Q82: =Q81-Q79-Q53-Q47 -> 0 | W82: =W81-W79-W53-W47 -> 0 | AC82: =AC81-AC79-AC53-AC47 -> 0 | AI82: =AI81-AI79-AI53-AI47 -> 0 | AJ82: 0
A83: F&A | K83: =K82*$E$11 -> 0 | Q83: =Q82*$E$12 -> 0 | W83: =W82*$E$13 -> 0 | AC83: =AC82*$E$14 -> 0 | AI83: =AI82*$E$15 -> 0 | AJ83: 0
A84: Total Costs | K84: =K81+K83 -> 0 | Q84: =Q81+Q83 -> 0 | W84: =W81+W83 -> 0 | AC84: =AC81+AC83 -> 0 | AI84: =AI81+AI83 -> 0 | AJ84: 0
A86: Included in U of U IDC Base | K86: =IF(K84<25000,K84,25000) -> 0 | Q86: =IF(+K86=25000,0,IF(+K84+Q84<25000,Q84,25000-K86)) -> 0 | W86: =IF(K86+Q86=25000,0,IF(K84+Q84+W84<25000,W84,25000-K86-Q86)) -> 0 | AC86: =IF(K86+Q86+W86=25000,0,IF(K84+Q84+W84+AC84<25000,AC84,25000-K86-Q86-W86)) -> 0 | AI86: =IF(K86+Q86+W86+AC86=25000,0,IF(K84+Q84+W84+AC84+AI84<25000,AI84,25000-K86-Q86-W86-AC86)) -> 0

Sheet Stipends & Salary Caps
A1: Post Doc Stipends FY18 | D1: NOT-OD-18-175
A2: Years of Experience | B2: Stipend for FY18
A3: 0 | B3: 48432
A4: 1 | B4: 48804
A5: 2 | B5: 49188
A6: 3 | B6: 51324
A7: 4 | B7: 53184
A8: 5 | B8: 55308
A9: 6 | B9: 57528
A10: 7 | B10: 59736
A11: Post Doc Stipends FY17
A12: Years of Experience | B12: Stipend for FY17
A13: 0 | B13: 47484
A14: 1 | B14: 47844
A15: 2 | B15: 48216
A16: 3 | B16: 50316
A17: 4 | B17: 52140
A18: 5 | B18: 54228
A19: 6 | B19: 56400
A20: 7 | B20: 58560
A21: Salary Caps
A22: DHHS | B22: 197300 | C22: *New cap as of 02/01/2020 | F22: DHHS applies to CDC, HRSA, AHRQ and a few more: https://www.hhs.gov/about/agencies/orgchart/index.html?language=es
A23: PCORI | B23: 200000 | F23: 3/7/18 NOT-OD-18-137 - new NIH Cap Notice
A24: None
A26: Post Doc Stipends FY16 (reference only - do not use!)
A27: Years of Experience | B27: Stipend for FY16
A28: 0 | B28: 43692
A29: 1 | B29: 45444
A30: 2 | B30: 47268
A31: 3 | B31: 49152
A32: 4 | B32: 51120
A33: 5 | B33: 53160
A34: 6 | B34: 55296
A35: 7 | B35: 57504
A38: Graduate Students
B39: 54000 | C39: as of 7/1/16
B40: 56000 | C40: as of 7/1/17
